Workbook
Name 경력구분: 작성요령!$F$456:$F$458
Name 동반투자자유형: 작성요령!$C$455:$C$460
Name 법인유형: 작성요령!$F$444:$F$447
Name 손상차손_인식여부: 작성요령!$C$461:$C$463
Name ㅇ: [1]작성요령!$C$336:$C$337
Name 여부: 작성요령!$F$411:$F$412
Name 운용사유형: 작성요령!$C$441:$C$449
Name 운용인력직무구분: 작성요령!$F$413:$F$414
Name 일반인력_경력: '3.4.2.일반운용인력 경력'!$E$11:$O$500
Name 일반인력_투자현황: '3.2.3.일반운용인력 투자현황'!$E$11:$AN$500
Name 재직회사법인유형: 작성요령!$F$452:$F$455
Name 제안사_투자현황: '2.4.2.제안사 시스템반도체설계 투자현황'!$D$11:$AL$993
Name 제안사_투자현황: '2.4.1.제안사 투자현황'!$D$11:$AG$1000
Name 제안사_펀드현황: '2.3.제안사 펀드현황'!$D$11:$BQ$199
Name 제안서작성기준일: '1.1.제안펀드'!$F$11
Name 주식및주식연계채권: 작성요령!$F$415:$F$419
Name 참여인력_개요: '3.1.참여인력 개요'!$D$11:$AC$200
Name 참여인력구분: 작성요령!$F$407:$F$409
Name 참여인력투자법인유형: 작성요령!$F$448:$F$451
Name 출자예상내역: '1.2.출자예상내역'!$D$11:$P$50
Name 출자자유형: 작성요령!$C$423:$C$436
Name 출자자확정구분: 작성요령!$C$437:$C$440
Name 투자계정구분: 작성요령!$F$442:$F$443
Name 투자유형: 작성요령!$F$415:$F$421
Name 펀드_거래: '4.1.펀드 거래'!$A$2:$D$2000
Name 펀드_인력변경이력: '4.2.펀드 인력변경 이력'!$A$2:$E$165
Name 펀드거래유형: 작성요령!$F$437:$F$441
Name 펀드법적유형: 작성요령!$C$407:$C$420
Name 펀드상태: 작성요령!$C$450:$C$454
Name 펀드유형: 작성요령!$C$421:$C$422
Name 펀드투자유형: 작성요령!$F$422:$F$423
Name 핀테크기업_초기기업_여부: 작성요령!#REF!
Name 핀테크기업_초기기업_여부: 작성요령!#REF!
Name 핀테크기업_초기기업_여부: 작성요령!#REF!
Name 핵심인력_경력: '3.4.1.핵심운용인력 경력'!$E$11:$O$500
Name 핵심인력_재기지원_투자현황: #REF!
Name 핵심인력_재기지원_투자현황: #REF!
Name 핵심인력_재기지원_투자현황: #REF!
Name 핵심인력_투자현황: '3.2.2.핵심운용인력 시스템반도체설계 투자현황'!$E$11:$AP$498
Name 핵심인력_투자현황: '3.2.1.핵심운용인력 투자현황'!$E$11:$AP$500
Name 회수구분: 작성요령!$F$424:$F$426
Name 회수유형: 작성요령!$F$427:$F$436

Sheet 작성요령
A1: Ⅰ. 작성요령
A3: [공통사항]
A4: 1. 별첨(1.1~4.2) 자료 작성전 하기 사항을 반드시 숙지하여 작성 (별첨번호는 Sheet명에서 확인 가능)
A5: 2. 일자는 yyyy-mm-dd, 사업자등록번호는 000-00-00000, 법인등록번호는 000000-0000000 형식으로 입력
A6: 3. Drop down 목록이 있는 셀은 목록에서 선택
A7: 4. 'Alt+Enter'나 연이은 공백은 입력하지 말 것
A8: 5. 연록색으로 음영처리된 셀은 자동 반영되거나 고정된 값이므로 별도의 입력은 하지 말 것
A9: - 당사의 사전 허락 없이 수식을 편집한 경우는 허위사실 기재로 간주될 수 있음
A10: - 셀 서식을 수정하지 말것
A11: 6. 펀드명, 회사명 등은 정식명칭을 기입하기 바람
A12: 7. 11행부터 자료를 입력하고 1행~10행은 절대 삭제 및 수정 금지("4.1. 펀드거래", "4.2. 펀드 인력변경이력" 제외), Sheet 삭제 및 명칭변경 금지
A13: 8. 단위 : 백만원("4.1. 펀드거래"는 단위를 "원"으로 함), 천USD, %, 건
... A64: Ⅱ. 용어의 정의 등
A66: 제안서작성기준일 | C66: 44347
A67: 설립일 | C67: 제안사 법인등기부등본 상의 설립일
A68: 펀드운용업무시작일 | C68: 제안사가 펀드법적유형중 하나에 해당하는 자격을 가지고 있는 경우 해당 자격 취득일
C69: 자격이 필요 없는 경우는 조직개편일 등
C70: ※ M&A 또는 회사분할 등이 있었던 경우 변경전의 펀드운용업무시작일을 기재
A71: 운용펀드최초결성일 | C71: 펀드 투자규약(정관, 신탁계약서 등) 상에 제안사가 운용사로 기재된 펀드로서
C72: 결성일이 가장 빠른 펀드의 펀드결성일
C73: ※ M&A이전 운용 펀드와 회사분할 후 운용한 펀드는 고려하되
C74: 회사분할 이전에 청산한 펀드는 고려하지 말 것
A75: 펀드 | C75: ⅰ) 부동산 또는 부실채권 이외 자산의 주식 또는 주식연계채권 등(프로젝트 투자 제외)에 주로 투자하는
C76: - 「벤처투자촉진에관한법률」제2조 제11호에 따른 벤처투자조합
C77: - 「여신전문금융업법」제41조 제3항에 따른 신기술사업투자조합
C78: - 「중소기업창업 지원법」제2조 제5호에 따른 중소기업창업투자조합
C79: - 「벤처기업육성에 관한 특별조치법」제4조의3에 따른 한국벤처투자조합
C80: - 「부품·소재전문기업 등의 육성에 관한 특별조치법」제6조에 따른 부품·소재전문투자조합
C81: - 「산업발전법」(법률 제9584호 산업발전법 전부개정법률로 개정되기 전의 것을 말함) 제15조에 따라 등록된 기업구조조정조합 및 「산업발전법」제20조에 따른 기업구조개선 사모투자전문회사
C82: - 「자본시장과 금융투자업에 관한 법률」제9조 제19항에 따른 사모집합투자기구 등 사모펀드(또는 이와 유사한 외국집합투자기구)
C83: ⅱ) 투자 규약(정관, 신탁계약서 등) 상에 펀드결성 목적이 벤처, 중소, 중견기업 투자 목적이거나, 펀드 누적 투자금액 중 60%이상이 벤처, 중소 중견기업 투자금액인 경우
C84: iii) 단, 펀드 결성부터 해산까지 기간이 1년 이내인 펀드는 제외
A85: 펀드운용 | C85: 투자대상 발굴, 투자검토, 투자실행, 사후관리, 회수 등
A86: 약정총액 | C86: 펀드 투자규약(정관, 신탁계약서 등)에 따라 각 출자자가 출자이행을 확약한 총액
C87: 헤지펀드 등 펀드 투자규약(정관, 신탁계약서 등) 상에 약정총액이 정해지지 않은 경우에는 제안사가 펀드운용 목적 달성을 위해 판단하고 있는 펀드설정원본
A88: 납입총액 | C88: 약정총액(또는 펀드설정원본) 한도 내에서 출자자가 펀드에 실제 납입한 금액
A89: 펀드결성(예정)일 | C89: 관련 법령에 따라 감독기관에 등록한 날 또는 그 예정일.
C90: 등록이 필요없는 경우 결성총회일, 창립총회일 또는 계약체결일
A91: 투자기간종료(예정)일 | C91: 펀드 투자규약(정관, 신탁계약서 등) 상에 기재된 투자기간 종료(예정)일.
C92: 프로젝트 펀드 등 펀드 투자규약(정관, 신탁계약서 등) 상에 투자기간이 정해지지 않은 경우에는 제안사가 펀드운용 목적 달성을 위해 판단하고 있는 투자기간의 종료(예정)일
A93: 펀드해산(예정)일 | C93: 출자자총회에서 의결된 해산일. 또는 투자규약(정관, 신탁계약서 등) 상의 해산 예정일
A94: 펀드 유형 | B94: 블라인드펀드 | C94: 투자대상이 확정되지 않은 펀드
B95: 프로젝트펀드 | C95: 투자대상이 확정되어 있는 펀드
A96: 펀드 상태 | B96: 결성예정 | C96: 제3자로부터 Contest 방식에 의해 펀드운용사로 선정되어 출자자를 모집하고 있는 경우 (예시 : 한국성장금융, 한국산업기술진흥원, 한국벤처투자, 국민연금, 한국산업은행, 군인공제회, 사학연금, 우정사업본부 등 출자회사(기관)의 공모방식 사업 등에 선정되었을 경우)
B97: 운용예정 | C97: 출자자 구성을 완료하고 투자규약(정관, 신탁계약서 등)은 체결되었으나 출자금 납입이 없는 경우
B98: 운용중 | C98: 펀드결성일의 기준에 따라 펀드를 결성한 경우로서 납입출자금이 있는 경우
B99: 청산중 | C99: 해산 후 청산절차를 진행중인 경우
B100: 청산료 | C100: 청산 절차를 완료한 경우
A101: 법인 유형 | B101: 국내설립법인 | C101: 본점 소재지가 국내인 법인 및 국내에 법인 등기한 외국법인의 국내 지사
B102: 해외현지법인 | C102: 국내설립법인의 사업과 관련하여 동 국내설립법인이 출자한 외국법인
C103: ※ 펀드 및 고유계정 또는 운용인력이 국내설립법인과 공동 투자하여 해외출자법인이 된 경우 포함
B104: 프로젝트투자시 특수목적법인 | C104: 프로젝트 투자시의 피투자기업(SPC, 사업시행법인 등)으로써, 프로젝트 사업 수행을 주목적으로 설립되거나, 운영되는 법인
B105: 외국법인 | C105: 본점 소재지가 국외인 법인으로서 해외현지법인을 제외한 법인
B106: 기타 | C106: 법인이 아닌 경우(프로젝트 투자 등 포함)
A107: 펀드 순자산 | C107: 운용중 또는 청산중 펀드에 대해 다음 식으로 계산된 금액
C108: 「(미회수투자자산 가치총액) + (예금 등 투자자산 이외 자산총액) - (미지급 등 부채총액)」
A109: 펀드추가투자 예상금액 | C109: ⅰ) 제안서작성기준일이 펀드의 투자기간종료(예정)일 이전인 경우로서
C110: ⅱ) 펀드 투자규약(정관, 신탁계약서 등)상의 투자의무비율준수 또는 펀드운용목적 달성을 위해
C111: ⅲ) 해당 펀드를 통해 추가로 투자할 계획인 금액
A112: 참여 인력 | B112: 핵심운용인력 | C112: ⅰ) 제안서작성기준일 현재 제안사에 재직중이면서
C113: ⅱ) 금번 제안펀드를 책임지고 운용할 인력으로서
C114: ⅲ) 제안펀드의 투자규약(정관, 신탁계약서 등)에 기재될 예정인 인력
C115: iv) 자격요건, 참여가능 펀드 수 등 주요출자자가 제시한 조건을 반영
C116: iv) 핵심운용인력 총 3인 이상 참여
C117: - 자격요건 : 투자경력 3년 이상 경력자 2인 이상이 핵심운용인력으로 참여하며, 핵심운용인력의 투자경력 평균이 4년 이상일 것
C118: (투자경력 산정은 별첨 3.1 중 R열 참고)
C119: - 핵심운용인력 중 1인은 투자기간 만료 또는 약정총액의 70% 이상이 투자되기 전에는 신규 타펀드의 핵심운용인력 겸임 제한(Co-GP인 경우 각 GP별 적용)
C120: - 핵심운용인력 중 1인 이상은 반도체 산업 및 투자에 대한 전문지식을 보유하고 있을 것
C121: ※ 단, 기준일 이후 접수일까지 채용이 확정된 인력은 반영 가능
C122: ※ 당사가 공고 등을 통해 핵심운용인력 전체에 대해 겸임금지 조항 적용을 요구할 경우 그에 따름
B123: 일반운용인력 | C123: ⅰ) 제안서작성기준일 현재 제안사에 재직중이면서
C124: ⅱ) 핵심운용인력과 관리인력이 아닌자로서
C125: ⅲ) 당사앞 제안하는 펀드에서 투자대상기업 발굴, 투자검토, 투자실행, 사후관리, 회수 등 펀드운용 실무를 담당할 인력
B126: 관리인력 | C126: ⅰ) 제안서작성기준일 현재 제안사에 재직중이면서
C127: ⅱ) 제안펀드의 운용에는 참여하지 않으나 제안펀드를 관리(회계관리, 리스크관리 등)하는 인력
C128: ※ 참여인력별 경력요건 및 인력수는 당사가 공고등을 통해 별도로 지정한 경우 그에 따름
A129: 펀드 거래 유형 | B129: 납입 | C129: 출자자가 납입한 출자금
B130: 현금분배 | C130: 펀드 운용중 또는 청산시 출자자에게 현금으로 분배한 경우 그 금액 (원천징수 후 금액을 분배한 경우 원천징수 후 금액)
B131: 현물분배 | C131: 펀드 청산시 출자자에게 현물로 분배한 경우 그 가치
B132: 성과보수 | C132: 펀드 운용중 또는 청산시 운용사에게 지급한 성과보수
B133: 가상분배 | C133: 운용중 또는 청산중인 펀드의 수익률 산출을 위한 가상의 거래로 펀드 순자산을 출자자 앞 분배하는 것으로 가정한 금액이며, 가상분배일자는 제안서작성기준일을 입력
A134: 주목적 투자 대상 분야 | B134: 대상 | C134: 국내 중소·중견 시스템반도체 및 파워반도체 설계기업
B135: 유형 | C135: ⅰ) IP기업 : 반도체 설계에 필요한 지식재산(IP), 개발 및 IDM/팹리스에 개발 IP 제공
C136: ⅱ) 팹리스 : 반도체 제조시설 없이 설계/개발만을 수행하는 업체로, 팹리스에서 설계한 회로는 생산전문업체(파운드리)를 통해 위탁생산
C137: ⅲ) 디자인하우스 : 팹리스가 설계한 회로데이터를 파운드리에서 쉽게 생산할 수 있도록 추가적인 설계 서비스를 제공하는 업체
C138: ⅳ) 파워반도체 : 파워반도체 소자(IGBT, Sic, GaN 등 기반) 등 관련 설계‧개발 업체
A141: [작성 대상]
A142: 펀드 (별첨 2.3) | C142: ⅰ) 펀드 투자규약(정관, 신탁계약서 등) 상에 제안사가 운용사로 기재된 펀드로서
C143: ⅱ) ① 2016년 1월 1일 이후 청산완료된 모든 펀드
C144: ② 제안서 작성기준일 현재 결성예정, 운용예정, 운용중, 청산중인 모든 펀드
C145: ※ M&A가 있었던 경우 M&A 이전에 청산한 펀드는 포함
C146: ※ 회사분할이 있었던 경우 분할 이전에 청산한 펀드는 제외
A147: 펀드계정투자 (별첨 2.4.1) | C147: ⅰ) 부동산 또는 부실채권 이외 자산의 주식 또는 주식연계채권 등(프로젝트 투자 제외)에 대한 투자로서
C148: ⅱ) 펀드계정 투자
C149: iii) 단, 단기 수익 획득 목적 투자와 주관사 업무·인수업무로 인한 투자 제외
C150: iv) 별첨2.3 펀드에서 투자한 내역은 전부 기재
C151: ※ 성공, 실패 사례 모두 포함
A152: 고유계정 투자 (별첨 2.4.1) | C152: ⅰ) 부동산 또는 부실채권 이외 자산의 주식 또는 주식연계채권 등(프로젝트 투자 제외)에 대한 투자로서
C153: ⅱ) 고유계정 투자
C154: iii) 단, 단기 수익 획득 목적 투자와 주관사 업무·인수업무로 인한 투자 제외
...

Sheet 1.1.제안펀드
A1: RFPID | B1: PropFundID | C1: PropGPID1 | D1: PropGPID2 | E1: PropGPID3 | F1: PropGPReportYMD | G1: FundName | H1: QualificationSelect | I1: InvestAreaSelect | J1: FundPlanContractAmt | L1: MLPReqContractAmt | M1: PropFundUsefulYears | N1: PropFundInvestYears | O1: PayInMethodSelect | P1: TargetIRR | Q1: HurdleRate | R1: PlanContingentFeeDesc | S1: PlanManagingFeeDesc | T1: PropGPName1 | U1: PropGPNo1 | V1: PropGPPlanContractAmt1 | W1: PropGPLossCoverRate1 | X1: PropGPCoreFundMgrHC1 | Y1: PropGPOrdiFundMgrHC1 | Z1: PropGPName2 | AA1: PropGPNo2 | AB1: PropGPPlanContractAmt2 | AC1: PropGPLossCoverRate2 | AD1: PropGPCoreFundMgrHC2 | AE1: PropGPOrdiFundMgrHC2 | AF1: PropGPName3 | AG1: PropGPNo3 | AH1: PropGPPlanContractAmt3 | AI1: PropGPLossCoverRate3 | AJ1: PropGPCoreFundMgrHC3 | AK1: PropGPOrdiFundMgrHC3 | AL1: PropFundMgrName | AM1: PropFundMgrCompany | AN1: PropFundMgrTelNo
F3: 제안서 작성 기준일 | G3: 제안펀드 | Q3: 보수 | T3: 제안사1 | Z3: 제안사2 | AF3: 제안사3 | AL3: 제안펀드 담당자
A4: 모집단위ID | B4: 제안펀드ID | C4: 제안사1_ID | D4: 제안사2_ID | E4: 제안사3_ID | G4: 펀드명 | H4: 투자기구 | I4: 지원분야 | J4: 펀드결성예정규모 | K4: 최소결성규모 | L4: 한국성장금융 앞 출자요청액 | M4: 존속기간 | N4: 투자기간 | O4: 납입방식 | P4: 목표 수익률 (IRR) | Q4: 기준 수익률 | R4: 성과보수제안 | S4: 관리보수제안 | T4: 회사명 | U4: 법인등록번호 | V4: 출자약정예상액 | W4: 후순위 출자 비율 | X4: 참여 핵심 운용 인력수 | Y4: 참여 일반 운용 인력수 | Z4: 회사명 | AA4: 법인등록번호 | AB4: 출자약정예상액 | AC4: 후순위 출자 비율 | AD4: 참여 핵심 운용 인력수 | AE4: 참여 일반 운용 인력수 | AF4: 회사명 | AG4: 법인등록번호 | AH4: 출자약정예상액 | AI4: 후순위 출자 비율 | AJ4: 참여 핵심 운용 인력수 | AK4: 참여 일반 운용 인력수 | AL4: 성명 | AM4: 소속 | AN4: 연락처
F11: =작성요령!$C$66 -> 44347 | G11: 000 펀드 | H11: 벤처투자조합 | I11: 시스템반도체상생펀드 (2차/블라인드펀드) | J11: 30000 | K11: 25000 | L11: 25000 | M11: 10 | N11: 4 | O11: 수시납 | P11: oo% | T11: 가인베스트먼트 | U11: 000000-0000000 | V11: 300 | X11: 2 | Y11: 2 | Z11: 나인베스트먼트 | AA11: 000000-0000000 | AB11: 1000 | AD11: 2 | AE11: 2 | AL11: 홍길동 | AM11: 가인베스트먼트 | AN11: 070-2222-2222

Sheet 1.2.출자예상내역
A1: RFPID | B1: PropFundID | C1: LineNum | D1: FundMemberType | E1: FundMemberName | F1: CommitStatus | G1: FundingAmt | H1: 1stRate | I1: 1stAmt | J1: 2ndRate | K1: 2ndAmt | L1: 3rdRate | M1: 3rdAmt | N1: LossCoverRate | O1: LossCoverAmt | P1: Remark
A4: 모집단위ID | B4: 제안펀드ID | C4: 순번 | D4: 출자자유형 | E4: 출자자명 | F4: 출자확정구분 | G4: 출자약정예상액 | H4: 출자예상액 형태 | N4: 우선손실충당비율 (약정총액 대비) | O4: 우선손실충당예상액 | P4: 비고 | Q4: 민간출자자 여부 | R4: 후순위 한도 초과시 배분비율 | S4: 후순위 보강 비율 | T4: 민간제안 비율
H5: 선순위 | J5: 중순위 | L5: 후순위
H6: 비율 | I6: 금액 | J6: 비율 | K6: 금액 | L6: 비율 | M6: 금액
D11: 한국성장금융 | E11: 한국성장금융 | F11: 미정 | G11: ='1.1.제안펀드'!L11 -> 25000 | I11: =IF(OR(ISBLANK(H11),0),"",$G$51*H11) | K11: =IF(OR(ISBLANK(J11),0),"",$G$51*J11) | M11: =IF(OR(ISBLANK(L11),0),"",$G$51*L11) | O11: =IF(OR(ISBLANK(N11),0),"",$G$51*N11) | Q11: =IF(OR($D11="일반기업",$D11="연기금",$D11="공제회",$D11="은행",$D11="보험사"),1,0) -> 0 | R11: =IF('1.1.제안펀드'!#REF!="후순위 보강", IF(SUMPRODUCT(OFFSET(출자예상내역,0,14,ROWS(출자예상내역),1)*1,OFFSET(출자예상내역,0,3,ROWS(출자예상내역),1))*0.08>$Q$51,$Q11*$G11/SUMPRODUCT(OFFSET(출자예상내역,0,14,ROWS(출자예상내역),1)*1,OFFSET(출자예상내역,0,3,ROWS(출자예상내역),1)),""), "") -> #REF! | S11: =IFERROR(#REF!/$G11,"") | T11: =IF('1.1.제안펀드'!#REF!="민간 제안",IF(OR($D11="제안사(회사)",$D11="제안사계열사/특수관계인"),$G11,""),"") -> #REF!
D12: 제안사(회사) | E12: 가인베스트먼트 | F12: 운용사 | G12: ='1.1.제안펀드'!V11 -> 300 | I12: =IF(OR(ISBLANK(H12),0),"",$G$51*H12) | K12: =IF(OR(ISBLANK(J12),0),"",$G$51*J12) | M12: =IF(OR(ISBLANK(L12),0),"",$G$51*L12) | O12: =IF(OR(ISBLANK(N12),0),"",$G$51*N12) | Q12: =IF(OR($D12="일반기업",$D12="연기금",$D12="공제회",$D12="은행",$D12="보험사"),1,0) -> 0 | R12: =IF('1.1.제안펀드'!#REF!="후순위 보강", IF(SUMPRODUCT(OFFSET(출자예상내역,0,14,ROWS(출자예상내역),1)*1,OFFSET(출자예상내역,0,3,ROWS(출자예상내역),1))*0.08>$Q$51,$Q12*$G12/SUMPRODUCT(OFFSET(출자예상내역,0,14,ROWS(출자예상내역),1)*1,OFFSET(출자예상내역,0,3,ROWS(출자예상내역),1)),""), "") -> #REF! | S12: =IFERROR(#REF!/$G12,"") | T12: =IF('1.1.제안펀드'!#REF!="민간 제안",IF(OR($D12="제안사(회사)",$D12="제안사계열사/특수관계인"),$G12,""),"") -> #REF!
D13: 제안사(회사) | E13: 나인베스트먼트 | F13: 운용사 | G13: ='1.1.제안펀드'!AB11 -> 1000 | I13: =IF(OR(ISBLANK(H13),0),"",$G$51*H13) | K13: =IF(OR(ISBLANK(J13),0),"",$G$51*J13) | M13: =IF(OR(ISBLANK(L13),0),"",$G$51*L13) | O13: =IF(OR(ISBLANK(N13),0),"",$G$51*N13) | Q13: =IF(OR($D13="일반기업",$D13="연기금",$D13="공제회",$D13="은행",$D13="보험사"),1,0) -> 0 | R13: =IF('1.1.제안펀드'!#REF!="후순위 보강", IF(SUMPRODUCT(OFFSET(출자예상내역,0,14,ROWS(출자예상내역),1)*1,OFFSET(출자예상내역,0,3,ROWS(출자예상내역),1))*0.08>$Q$51,$Q13*$G13/SUMPRODUCT(OFFSET(출자예상내역,0,14,ROWS(출자예상내역),1)*1,OFFSET(출자예상내역,0,3,ROWS(출자예상내역),1)),""), "") -> #REF! | S13: =IFERROR(#REF!/$G13,"") | T13: =IF('1.1.제안펀드'!#REF!="민간 제안",IF(OR($D13="제안사(회사)",$D13="제안사계열사/특수관계인"),$G13,""),"") -> #REF!
D14: 일반기업 | E14: 나기업 | F14: 미정 | G14: 1000 | I14: =IF(OR(ISBLANK(H14),0),"",$G$51*H14) | K14: =IF(OR(ISBLANK(J14),0),"",$G$51*J14) | M14: =IF(OR(ISBLANK(L14),0),"",$G$51*L14) | O14: =IF(OR(ISBLANK(N14),0),"",$G$51*N14) | Q14: =IF(OR($D14="일반기업",$D14="연기금",$D14="공제회",$D14="은행",$D14="보험사"),1,0) -> 1 | R14: =IF('1.1.제안펀드'!#REF!="후순위 보강", IF(SUMPRODUCT(OFFSET(출자예상내역,0,14,ROWS(출자예상내역),1)*1,OFFSET(출자예상내역,0,3,ROWS(출자예상내역),1))*0.08>$Q$51,$Q14*$G14/SUMPRODUCT(OFFSET(출자예상내역,0,14,ROWS(출자예상내역),1)*1,OFFSET(출자예상내역,0,3,ROWS(출자예상내역),1)),""), "") -> #REF! | S14: =IFERROR(#REF!/$G14,"") | T14: =IF('1.1.제안펀드'!#REF!="민간 제안",IF(OR($D14="제안사(회사)",$D14="제안사계열사/특수관계인"),$G14,""),"") -> #REF!
D15: 일반기업 | E15: 다기업 | F15: 미정 | G15: 1000 | I15: =IF(OR(ISBLANK(H15),0),"",$G$51*H15) | K15: =IF(OR(ISBLANK(J15),0),"",$G$51*J15) | M15: =IF(OR(ISBLANK(L15),0),"",$G$51*L15) | O15: =IF(OR(ISBLANK(N15),0),"",$G$51*N15) | Q15: =IF(OR($D15="일반기업",$D15="연기금",$D15="공제회",$D15="은행",$D15="보험사"),1,0) -> 1 | R15: =IF('1.1.제안펀드'!#REF!="후순위 보강", IF(SUMPRODUCT(OFFSET(출자예상내역,0,14,ROWS(출자예상내역),1)*1,OFFSET(출자예상내역,0,3,ROWS(출자예상내역),1))*0.08>$Q$51,$Q15*$G15/SUMPRODUCT(OFFSET(출자예상내역,0,14,ROWS(출자예상내역),1)*1,OFFSET(출자예상내역,0,3,ROWS(출자예상내역),1)),""), "") -> #REF! | S15: =IFERROR(#REF!/$G15,"") | T15: =IF('1.1.제안펀드'!#REF!="민간 제안",IF(OR($D15="제안사(회사)",$D15="제안사계열사/특수관계인"),$G15,""),"") -> #REF!
D16: 연기금 | E16: 라연금 | F16: 미정 | G16: 5500 | I16: =IF(OR(ISBLANK(H16),0),"",$G$51*H16) | K16: =IF(OR(ISBLANK(J16),0),"",$G$51*J16) | M16: =IF(OR(ISBLANK(L16),0),"",$G$51*L16) | O16: =IF(OR(ISBLANK(N16),0),"",$G$51*N16) | Q16: =IF(OR($D16="일반기업",$D16="연기금",$D16="공제회",$D16="은행",$D16="보험사"),1,0) -> 1 | R16: =IF('1.1.제안펀드'!#REF!="후순위 보강", IF(SUMPRODUCT(OFFSET(출자예상내역,0,14,ROWS(출자예상내역),1)*1,OFFSET(출자예상내역,0,3,ROWS(출자예상내역),1))*0.08>$Q$51,$Q16*$G16/SUMPRODUCT(OFFSET(출자예상내역,0,14,ROWS(출자예상내역),1)*1,OFFSET(출자예상내역,0,3,ROWS(출자예상내역),1)),""), "") -> #REF! | S16: =IFERROR(#REF!/$G16,"") | T16: =IF('1.1.제안펀드'!#REF!="민간 제안",IF(OR($D16="제안사(회사)",$D16="제안사계열사/특수관계인"),$G16,""),"") -> #REF!
D17: 공제회 | E17: 마공제회 | F17: 미정 | G17: 5000 | I17: =IF(OR(ISBLANK(H17),0),"",$G$51*H17) | K17: =IF(OR(ISBLANK(J17),0),"",$G$51*J17) | M17: =IF(OR(ISBLANK(L17),0),"",$G$51*L17) | O17: =IF(OR(ISBLANK(N17),0),"",$G$51*N17) | Q17: =IF(OR($D17="일반기업",$D17="연기금",$D17="공제회",$D17="은행",$D17="보험사"),1,0) -> 1 | R17: =IF('1.1.제안펀드'!#REF!="후순위 보강", IF(SUMPRODUCT(OFFSET(출자예상내역,0,14,ROWS(출자예상내역),1)*1,OFFSET(출자예상내역,0,3,ROWS(출자예상내역),1))*0.08>$Q$51,$Q17*$G17/SUMPRODUCT(OFFSET(출자예상내역,0,14,ROWS(출자예상내역),1)*1,OFFSET(출자예상내역,0,3,ROWS(출자예상내역),1)),""), "") -> #REF! | S17: =IFERROR(#REF!/$G17,"") | T17: =IF('1.1.제안펀드'!#REF!="민간 제안",IF(OR($D17="제안사(회사)",$D17="제안사계열사/특수관계인"),$G17,""),"") -> #REF!
K18: =IF(OR(ISBLANK(J18),0),"",$G$51*J18) | M18: =IF(OR(ISBLANK(L18),0),"",$G$51*L18) | O18: =IF(OR(ISBLANK(N18),0),"",$G$51*N18) | Q18: =IF(OR($D18="일반기업",$D18="연기금",$D18="공제회",$D18="은행",$D18="보험사"),1,0) -> 0 | R18: =IF('1.1.제안펀드'!#REF!="후순위 보강", IF(SUMPRODUCT(OFFSET(출자예상내역,0,14,ROWS(출자예상내역),1)*1,OFFSET(출자예상내역,0,3,ROWS(출자예상내역),1))*0.08>$Q$51,$Q18*$G18/SUMPRODUCT(OFFSET(출자예상내역,0,14,ROWS(출자예상내역),1)*1,OFFSET(출자예상내역,0,3,ROWS(출자예상내역),1)),""), "") -> #REF! | S18: =IFERROR(#REF!/$G18,"") | T18: =IF('1.1.제안펀드'!#REF!="민간 제안",IF(OR($D18="제안사(회사)",$D18="제안사계열사/특수관계인"),$G18,""),"") -> #REF!
K19: =IF(OR(ISBLANK(J19),0),"",$G$51*J19) | M19: =IF(OR(ISBLANK(L19),0),"",$G$51*L19) | O19: =IF(OR(ISBLANK(N19),0),"",$G$51*N19) | Q19: =IF(OR($D19="일반기업",$D19="연기금",$D19="공제회",$D19="은행",$D19="보험사"),1,0) -> 0 | R19: =IF('1.1.제안펀드'!#REF!="후순위 보강", IF(SUMPRODUCT(OFFSET(출자예상내역,0,14,ROWS(출자예상내역),1)*1,OFFSET(출자예상내역,0,3,ROWS(출자예상내역),1))*0.08>$Q$51,$Q19*$G19/SUMPRODUCT(OFFSET(출자예상내역,0,14,ROWS(출자예상내역),1)*1,OFFSET(출자예상내역,0,3,ROWS(출자예상내역),1)),""), "") -> #REF! | S19: =IFERROR(#REF!/$G19,"") | T19: =IF('1.1.제안펀드'!#REF!="민간 제안",IF(OR($D19="제안사(회사)",$D19="제안사계열사/특수관계인"),$G19,""),"") -> #REF!
K20: =IF(OR(ISBLANK(J20),0),"",$G$51*J20) | M20: =IF(OR(ISBLANK(L20),0),"",$G$51*L20) | O20: =IF(OR(ISBLANK(N20),0),"",$G$51*N20) | Q20: =IF(OR($D20="일반기업",$D20="연기금",$D20="공제회",$D20="은행",$D20="보험사"),1,0) -> 0 | R20: =IF('1.1.제안펀드'!#REF!="후순위 보강", IF(SUMPRODUCT(OFFSET(출자예상내역,0,14,ROWS(출자예상내역),1)*1,OFFSET(출자예상내역,0,3,ROWS(출자예상내역),1))*0.08>$Q$51,$Q20*$G20/SUMPRODUCT(OFFSET(출자예상내역,0,14,ROWS(출자예상내역),1)*1,OFFSET(출자예상내역,0,3,ROWS(출자예상내역),1)),""), "") -> #REF! | S20: =IFERROR(#REF!/$G20,"") | T20: =IF('1.1.제안펀드'!#REF!="민간 제안",IF(OR($D20="제안사(회사)",$D20="제안사계열사/특수관계인"),$G20,""),"") -> #REF!
I21: =IF(OR(ISBLANK(H21),0),"",$G$51*H21) | K21: =IF(OR(ISBLANK(J21),0),"",$G$51*J21) | M21: =IF(OR(ISBLANK(L21),0),"",$G$51*L21) | O21: =IF(OR(ISBLANK(N21),0),"",$G$51*N21) | Q21: =IF(OR($D21="일반기업",$D21="연기금",$D21="공제회",$D21="은행",$D21="보험사"),1,0) -> 0 | R21: =IF('1.1.제안펀드'!#REF!="후순위 보강", IF(SUMPRODUCT(OFFSET(출자예상내역,0,14,ROWS(출자예상내역),1)*1,OFFSET(출자예상내역,0,3,ROWS(출자예상내역),1))*0.08>$Q$51,$Q21*$G21/SUMPRODUCT(OFFSET(출자예상내역,0,14,ROWS(출자예상내역),1)*1,OFFSET(출자예상내역,0,3,ROWS(출자예상내역),1)),""), "") -> #REF! | S21: =IFERROR(#REF!/$G21,"") | T21: =IF('1.1.제안펀드'!#REF!="민간 제안",IF(OR($D21="제안사(회사)",$D21="제안사계열사/특수관계인"),$G21,""),"") -> #REF!
I22: =IF(OR(ISBLANK(H22),0),"",$G$51*H22) | K22: =IF(OR(ISBLANK(J22),0),"",$G$51*J22) | M22: =IF(OR(ISBLANK(L22),0),"",$G$51*L22) | O22: =IF(OR(ISBLANK(N22),0),"",$G$51*N22) | Q22: =IF(OR($D22="일반기업",$D22="연기금",$D22="공제회",$D22="은행",$D22="보험사"),1,0) -> 0 | R22: =IF('1.1.제안펀드'!#REF!="후순위 보강", IF(SUMPRODUCT(OFFSET(출자예상내역,0,14,ROWS(출자예상내역),1)*1,OFFSET(출자예상내역,0,3,ROWS(출자예상내역),1))*0.08>$Q$51,$Q22*$G22/SUMPRODUCT(OFFSET(출자예상내역,0,14,ROWS(출자예상내역),1)*1,OFFSET(출자예상내역,0,3,ROWS(출자예상내역),1)),""), "") -> #REF! | S22: =IFERROR(#REF!/$G22,"") | T22: =IF('1.1.제안펀드'!#REF!="민간 제안",IF(OR($D22="제안사(회사)",$D22="제안사계열사/특수관계인"),$G22,""),"") -> #REF!
I23: =IF(OR(ISBLANK(H23),0),"",$G$51*H23) | K23: =IF(OR(ISBLANK(J23),0),"",$G$51*J23) | M23: =IF(OR(ISBLANK(L23),0),"",$G$51*L23) | O23: =IF(OR(ISBLANK(N23),0),"",$G$51*N23) | Q23: =IF(OR($D23="일반기업",$D23="연기금",$D23="공제회",$D23="은행",$D23="보험사"),1,0) -> 0 | R23: =IF('1.1.제안펀드'!#REF!="후순위 보강", IF(SUMPRODUCT(OFFSET(출자예상내역,0,14,ROWS(출자예상내역),1)*1,OFFSET(출자예상내역,0,3,ROWS(출자예상내역),1))*0.08>$Q$51,$Q23*$G23/SUMPRODUCT(OFFSET(출자예상내역,0,14,ROWS(출자예상내역),1)*1,OFFSET(출자예상내역,0,3,ROWS(출자예상내역),1)),""), "") -> #REF! | S23: =IFERROR(#REF!/$G23,"") | T23: =IF('1.1.제안펀드'!#REF!="민간 제안",IF(OR($D23="제안사(회사)",$D23="제안사계열사/특수관계인"),$G23,""),"") -> #REF!
I24: =IF(OR(ISBLANK(H24),0),"",$G$51*H24) | K24: =IF(OR(ISBLANK(J24),0),"",$G$51*J24) | M24: =IF(OR(ISBLANK(L24),0),"",$G$51*L24) | O24: =IF(OR(ISBLANK(N24),0),"",$G$51*N24) | Q24: =IF(OR($D24="일반기업",$D24="연기금",$D24="공제회",$D24="은행",$D24="보험사"),1,0) -> 0 | R24: =IF('1.1.제안펀드'!#REF!="후순위 보강", IF(SUMPRODUCT(OFFSET(출자예상내역,0,14,ROWS(출자예상내역),1)*1,OFFSET(출자예상내역,0,3,ROWS(출자예상내역),1))*0.08>$Q$51,$Q24*$G24/SUMPRODUCT(OFFSET(출자예상내역,0,14,ROWS(출자예상내역),1)*1,OFFSET(출자예상내역,0,3,ROWS(출자예상내역),1)),""), "") -> #REF! | S24: =IFERROR(#REF!/$G24,"") | T24: =IF('1.1.제안펀드'!#REF!="민간 제안",IF(OR($D24="제안사(회사)",$D24="제안사계열사/특수관계인"),$G24,""),"") -> #REF!
I25: =IF(OR(ISBLANK(H25),0),"",$G$51*H25) | K25: =IF(OR(ISBLANK(J25),0),"",$G$51*J25) | M25: =IF(OR(ISBLANK(L25),0),"",$G$51*L25) | O25: =IF(OR(ISBLANK(N25),0),"",$G$51*N25) | Q25: =IF(OR($D25="일반기업",$D25="연기금",$D25="공제회",$D25="은행",$D25="보험사"),1,0) -> 0 | R25: =IF('1.1.제안펀드'!#REF!="후순위 보강", IF(SUMPRODUCT(OFFSET(출자예상내역,0,14,ROWS(출자예상내역),1)*1,OFFSET(출자예상내역,0,3,ROWS(출자예상내역),1))*0.08>$Q$51,$Q25*$G25/SUMPRODUCT(OFFSET(출자예상내역,0,14,ROWS(출자예상내역),1)*1,OFFSET(출자예상내역,0,3,ROWS(출자예상내역),1)),""), "") -> #REF! | S25: =IFERROR(#REF!/$G25,"") | T25: =IF('1.1.제안펀드'!#REF!="민간 제안",IF(OR($D25="제안사(회사)",$D25="제안사계열사/특수관계인"),$G25,""),"") -> #REF!
I26: =IF(OR(ISBLANK(H26),0),"",$G$51*H26) | K26: =IF(OR(ISBLANK(J26),0),"",$G$51*J26) | M26: =IF(OR(ISBLANK(L26),0),"",$G$51*L26) | O26: =IF(OR(ISBLANK(N26),0),"",$G$51*N26) | Q26: =IF(OR($D26="일반기업",$D26="연기금",$D26="공제회",$D26="은행",$D26="보험사"),1,0) -> 0 | R26: =IF('1.1.제안펀드'!#REF!="후순위 보강", IF(SUMPRODUCT(OFFSET(출자예상내역,0,14,ROWS(출자예상내역),1)*1,OFFSET(출자예상내역,0,3,ROWS(출자예상내역),1))*0.08>$Q$51,$Q26*$G26/SUMPRODUCT(OFFSET(출자예상내역,0,14,ROWS(출자예상내역),1)*1,OFFSET(출자예상내역,0,3,ROWS(출자예상내역),1)),""), "") -> #REF! | S26: =IFERROR(#REF!/$G26,"") | T26: =IF('1.1.제안펀드'!#REF!="민간 제안",IF(OR($D26="제안사(회사)",$D26="제안사계열사/특수관계인"),$G26,""),"") -> #REF!
I27: =IF(OR(ISBLANK(H27),0),"",$G$51*H27) | K27: =IF(OR(ISBLANK(J27),0),"",$G$51*J27) | M27: =IF(OR(ISBLANK(L27),0),"",$G$51*L27) | O27: =IF(OR(ISBLANK(N27),0),"",$G$51*N27) | Q27: =IF(OR($D27="일반기업",$D27="연기금",$D27="공제회",$D27="은행",$D27="보험사"),1,0) -> 0 | R27: =IF('1.1.제안펀드'!#REF!="후순위 보강", IF(SUMPRODUCT(OFFSET(출자예상내역,0,14,ROWS(출자예상내역),1)*1,OFFSET(출자예상내역,0,3,ROWS(출자예상내역),1))*0.08>$Q$51,$Q27*$G27/SUMPRODUCT(OFFSET(출자예상내역,0,14,ROWS(출자예상내역),1)*1,OFFSET(출자예상내역,0,3,ROWS(출자예상내역),1)),""), "") -> #REF! | S27: =IFERROR(#REF!/$G27,"") | T27: =IF('1.1.제안펀드'!#REF!="민간 제안",IF(OR($D27="제안사(회사)",$D27="제안사계열사/특수관계인"),$G27,""),"") -> #REF!
I28: =IF(OR(ISBLANK(H28),0),"",$G$51*H28) | K28: =IF(OR(ISBLANK(J28),0),"",$G$51*J28) | M28: =IF(OR(ISBLANK(L28),0),"",$G$51*L28) | O28: =IF(OR(ISBLANK(N28),0),"",$G$51*N28) | Q28: =IF(OR($D28="일반기업",$D28="연기금",$D28="공제회",$D28="은행",$D28="보험사"),1,0) -> 0 | R28: =IF('1.1.제안펀드'!#REF!="후순위 보강", IF(SUMPRODUCT(OFFSET(출자예상내역,0,14,ROWS(출자예상내역),1)*1,OFFSET(출자예상내역,0,3,ROWS(출자예상내역),1))*0.08>$Q$51,$Q28*$G28/SUMPRODUCT(OFFSET(출자예상내역,0,14,ROWS(출자예상내역),1)*1,OFFSET(출자예상내역,0,3,ROWS(출자예상내역),1)),""), "") -> #REF! | S28: =IFERROR(#REF!/$G28,"") | T28: =IF('1.1.제안펀드'!#REF!="민간 제안",IF(OR($D28="제안사(회사)",$D28="제안사계열사/특수관계인"),$G28,""),"") -> #REF!
I29: =IF(OR(ISBLANK(H29),0),"",$G$51*H29) | K29: =IF(OR(ISBLANK(J29),0),"",$G$51*J29) | M29: =IF(OR(ISBLANK(L29),0),"",$G$51*L29) | O29: =IF(OR(ISBLANK(N29),0),"",$G$51*N29) | Q29: =IF(OR($D29="일반기업",$D29="연기금",$D29="공제회",$D29="은행",$D29="보험사"),1,0) -> 0 | R29: =IF('1.1.제안펀드'!#REF!="후순위 보강", IF(SUMPRODUCT(OFFSET(출자예상내역,0,14,ROWS(출자예상내역),1)*1,OFFSET(출자예상내역,0,3,ROWS(출자예상내역),1))*0.08>$Q$51,$Q29*$G29/SUMPRODUCT(OFFSET(출자예상내역,0,14,ROWS(출자예상내역),1)*1,OFFSET(출자예상내역,0,3,ROWS(출자예상내역),1)),""), "") -> #REF! | S29: =IFERROR(#REF!/$G29,"") | T29: =IF('1.1.제안펀드'!#REF!="민간 제안",IF(OR($D29="제안사(회사)",$D29="제안사계열사/특수관계인"),$G29,""),"") -> #REF!
I30: =IF(OR(ISBLANK(H30),0),"",$G$51*H30) | K30: =IF(OR(ISBLANK(J30),0),"",$G$51*J30) | M30: =IF(OR(ISBLANK(L30),0),"",$G$51*L30) | O30: =IF(OR(ISBLANK(N30),0),"",$G$51*N30) | Q30: =IF(OR($D30="일반기업",$D30="연기금",$D30="공제회",$D30="은행",$D30="보험사"),1,0) -> 0 | R30: =IF('1.1.제안펀드'!#REF!="후순위 보강", IF(SUMPRODUCT(OFFSET(출자예상내역,0,14,ROWS(출자예상내역),1)*1,OFFSET(출자예상내역,0,3,ROWS(출자예상내역),1))*0.08>$Q$51,$Q30*$G30/SUMPRODUCT(OFFSET(출자예상내역,0,14,ROWS(출자예상내역),1)*1,OFFSET(출자예상내역,0,3,ROWS(출자예상내역),1)),""), "") -> #REF! | S30: =IFERROR(#REF!/$G30,"") | T30: =IF('1.1.제안펀드'!#REF!="민간 제안",IF(OR($D30="제안사(회사)",$D30="제안사계열사/특수관계인"),$G30,""),"") -> #REF!
I31: =IF(OR(ISBLANK(H31),0),"",$G$51*H31) | K31: =IF(OR(ISBLANK(J31),0),"",$G$51*J31) | M31: =IF(OR(ISBLANK(L31),0),"",$G$51*L31) | O31: =IF(OR(ISBLANK(N31),0),"",$G$51*N31) | Q31: =IF(OR($D31="일반기업",$D31="연기금",$D31="공제회",$D31="은행",$D31="보험사"),1,0) -> 0 | R31: =IF('1.1.제안펀드'!#REF!="후순위 보강", IF(SUMPRODUCT(OFFSET(출자예상내역,0,14,ROWS(출자예상내역),1)*1,OFFSET(출자예상내역,0,3,ROWS(출자예상내역),1))*0.08>$Q$51,$Q31*$G31/SUMPRODUCT(OFFSET(출자예상내역,0,14,ROWS(출자예상내역),1)*1,OFFSET(출자예상내역,0,3,ROWS(출자예상내역),1)),""), "") -> #REF! | S31: =IFERROR(#REF!/$G31,"") | T31: =IF('1.1.제안펀드'!#REF!="민간 제안",IF(OR($D31="제안사(회사)",$D31="제안사계열사/특수관계인"),$G31,""),"") -> #REF!
I32: =IF(OR(ISBLANK(H32),0),"",$G$51*H32) | K32: =IF(OR(ISBLANK(J32),0),"",$G$51*J32) | M32: =IF(OR(ISBLANK(L32),0),"",$G$51*L32) | O32: =IF(OR(ISBLANK(N32),0),"",$G$51*N32) | Q32: =IF(OR($D32="일반기업",$D32="연기금",$D32="공제회",$D32="은행",$D32="보험사"),1,0) -> 0 | R32: =IF('1.1.제안펀드'!#REF!="후순위 보강", IF(SUMPRODUCT(OFFSET(출자예상내역,0,14,ROWS(출자예상내역),1)*1,OFFSET(출자예상내역,0,3,ROWS(출자예상내역),1))*0.08>$Q$51,$Q32*$G32/SUMPRODUCT(OFFSET(출자예상내역,0,14,ROWS(출자예상내역),1)*1,OFFSET(출자예상내역,0,3,ROWS(출자예상내역),1)),""), "") -> #REF! | S32: =IFERROR(#REF!/$G32,"") | T32: =IF('1.1.제안펀드'!#REF!="민간 제안",IF(OR($D32="제안사(회사)",$D32="제안사계열사/특수관계인"),$G32,""),"") -> #REF!
... I50: =IF(OR(ISBLANK(H50),0),"",$G$51*H50) | K50: =IF(OR(ISBLANK(J50),0),"",$G$51*J50) | M50: =IF(OR(ISBLANK(L50),0),"",$G$51*L50) | O50: =IF(OR(ISBLANK(N50),0),"",$G$51*N50) | Q50: =IF(OR($D50="일반기업",$D50="연기금",$D50="공제회",$D50="은행",$D50="보험사"),1,0) -> 0 | R50: =IF('1.1.제안펀드'!#REF!="후순위 보강", IF(SUMPRODUCT(OFFSET(출자예상내역,0,14,ROWS(출자예상내역),1)*1,OFFSET(출자예상내역,0,3,ROWS(출자예상내역),1))*0.08>$Q$51,$Q50*$G50/SUMPRODUCT(OFFSET(출자예상내역,0,14,ROWS(출자예상내역),1)*1,OFFSET(출자예상내역,0,3,ROWS(출자예상내역),1)),""), "") -> #REF! | S50: =IFERROR(#REF!/$G50,"") | T50: =IF('1.1.제안펀드'!#REF!="민간 제안",IF(OR($D50="제안사(회사)",$D50="제안사계열사/특수관계인"),$G50,""),"") -> #REF!
D51: 계 | G51: =SUM(G11:G50) -> 38800 | H51: =SUM(H11:H50) -> 0 | I51: =SUM(I11:I50) -> 0 | J51: =SUM(J11:J50) -> 0 | K51: =SUM(K11:K50) -> 0 | L51: =SUM(L11:L50) -> 0 | M51: =SUM(M11:M50) -> 0 | N51: =SUM(N11:N50) -> 0 | O51: =SUM(O11:O50) -> 0 | P51: =IF(G51='1.1.제안펀드'!J11,"","차이 확인필요") -> 차이 확인필요 | Q51: =IF('1.1.제안펀드'!#REF!="후순위 보강", IF('1.1.제안펀드'!$L$11=20000,2800,IF('1.1.제안펀드'!$L$11=30000,4000,4600)), "") -> #REF! | R51: =IF('1.1.제안펀드'!#REF!="후순위 보강", IF(SUMPRODUCT(OFFSET(출자예상내역,0,14,ROWS(출자예상내역),1)*1,OFFSET(출자예상내역,0,3,ROWS(출자예상내역),1))*0.08>$Q$51,"후순위 한도 초과",""), "") -> #REF! | T51: =IF('1.1.제안펀드'!#REF!="민간 제안",(SUMIF(F11:F50,"LOC",G11:G50)+SUMIF(F11:F50,"운용사",G11:G50)-SUM(T11:T50)+MIN(SUM(T11:T50),CHOOSE(IF(G11=20000,1,IF(G11=30000,2,3)),50000,75000,87500)*20%))/CHOOSE(IF(G11=20000,1,IF(G11=30000,2,3)),50000,75000,87500),"") -> #REF!
O52: =IF(OR(ISBLANK(N52),0),"",G52*N52)
O53: =IF(OR(ISBLANK(N53),0),"",G53*N53)
O54: =IF(OR(ISBLANK(N54),0),"",G54*N54)
O55: =IF(OR(ISBLANK(N55),0),"",G55*N55)
O56: =IF(OR(ISBLANK(N56),0),"",G56*N56)
O57: =IF(OR(ISBLANK(N57),0),"",G57*N57)
O58: =IF(OR(ISBLANK(N58),0),"",G58*N58)
O59: =IF(OR(ISBLANK(N59),0),"",G59*N59)
O60: =IF(OR(ISBLANK(N60),0),"",G60*N60)
O61: =IF(OR(ISBLANK(N61),0),"",G61*N61)
O62: =IF(OR(ISBLANK(N62),0),"",G62*N62)
O63: =IF(OR(ISBLANK(N63),0),"",G63*N63)
... O955: =IF(OR(ISBLANK(N955),0),"",G955*N955)

Sheet 2.1.제안사 개요
A1: RFPID | B1: GPID | C1: GPNAME | D1: CompanyNo | E1: CompanySSN | F1: CEO | G1: GPType | H1: FoundationYMD | I1: FundMngBegYMD | J1: FundBegRegisterYMD | K1: ZipCode | L1: Addr | M1: Addr2 | N1: HeadCount | O1: FundFundMgrHC | P1: ComFundMgrHC | Q1: ContactPersonName | R1: ContactPersonBuName | S1: ContactPersonJobTitle | T1: ContactPersonTelNo | U1: ContactPersonFaxNo | V1: ContactPersonMBTLTelNo | W1: ContactPersonEmail
C3: 기본정보 | H3: 업력 | K3: 주소 | N3: 인원 | Q3: 담당자
A4: 모집단위ID | B4: 운용사ID | C4: 제안사명 | D4: 법인등록번호 | E4: 사업자등록번호 | F4: 대표자명 | G4: 제안사유형 | H4: 설립일 | I4: 펀드운용업무 시작일 | J4: 운용펀드 최초결성일 | K4: 우편번호 | L4: 주소 | M4: 주소상세 | N4: 전체 인원수 | O4: 펀드운용 담당 인력수 | P4: 고유계정투자담당인력수 | Q4: 성명 | R4: 부서 | S4: 직위 | T4: 전화 | U4: 팩스 | V4: 휴대전화번호 | W4: Email
C11: 가인베스트먼트㈜ | D11: 000000-0000000 | E11: 000-00-00000 | F11: 홍길동 | G11: 중소기업창업투자회사 | H11: 36892 | I11: 40178 | J11: 40207 | K11: 000-000 | L11: 서울 영등포구 여의도동 | M11: 여의나루로 76 XXXX투자운용 | N11: 50 | O11: 25 | P11: 20 | Q11: 홍길동 | R11: 관리부 | S11: 부장 | T11: 000-0000-0000 | U11: 000-0000-0000 | V11: 000-0000-0000 | W11: 000@0000.oo.oo
C14: 청산완료 펀드 (전체펀드건) | L14: 운용(결성)예정/운용중/청산중 펀드 (전체펀드건) | U14: 고유계정 투자 (전체투자건) | AC14: 펀드계정 투자 (전체투자건)
C15: 펀드수 | D15: 약정총액 | E15: 납입총액 | F15: 투자총액 | G15: 회수총액 | H15: 출자자앞 분배총액 | I15: 성과보수 지급총액 | J15: 납입총액 가중평균 펀드 수익률 (IRR) | K15: 펀드 수익률 (Multiple) | L15: 펀드수 | M15: 약정총액 | N15: 납입총액 | O15: 투자총액 | P15: 회수총액 | Q15: 출자자앞분배총액 | R15: 성과보수 지급총액 | S15: 펀드 순자산 | T15: 추가투자 예상금액 | U15: 투자건수 | V15: 투자건수 (회수료) | W15: 투자총액 | X15: 회수총액 | Y15: 미회수 투자자산투자원금 총액 | Z15: 미회수 투자자산 가치총액 | AA15: 투자금액 가중평균 수익률 | AB15: 투자금액 가중평균수익률 (회수료) | AC15: 투자건수 | AD15: 투자건수 (회수료) | AE15: 투자총액 | AF15: 회수총액 | AG15: 미회수 투자자산투자원금 총액 | AH15: 미회수 투자자산가치총액 | AI15: 투자금액 가중수익률 | AJ15: 투자금액 가중평균 수익률 (회수료)
C16: =SUMPRODUCT( (OFFSET(제안사_펀드현황,0,2,ROWS(제안사_펀드현황),1)="청산료")*1 ) -> 2 | D16: =SUMPRODUCT( (OFFSET(제안사_펀드현황,0,2,ROWS(제안사_펀드현황),1)="청산료")*1, OFFSET(제안사_펀드현황,0,10,ROWS(제안사_펀드현황),1) ) -> 13000 | E16: =SUMPRODUCT( (OFFSET(제안사_펀드현황,0,2,ROWS(제안사_펀드현황),1)="청산료")*1, OFFSET(제안사_펀드현황,0,11,ROWS(제안사_펀드현황),1) ) -> 13000 | F16: =SUMPRODUCT( (OFFSET(제안사_펀드현황,0,2,ROWS(제안사_펀드현황),1)="청산료")*1, OFFSET(제안사_펀드현황,0,23,ROWS(제안사_펀드현황),1) ) -> 14999.991 | G16: =SUMPRODUCT( (OFFSET(제안사_펀드현황,0,2,ROWS(제안사_펀드현황),1)="청산료")*1, OFFSET(제안사_펀드현황,0,24,ROWS(제안사_펀드현황),1) ) -> 6450 | H16: =SUMPRODUCT( (OFFSET(제안사_펀드현황,0,2,ROWS(제안사_펀드현황),1)="청산료")*1, OFFSET(제안사_펀드현황,0,27,ROWS(제안사_펀드현황),1) ) -> 20290 | I16: =SUMPRODUCT( (OFFSET(제안사_펀드현황,0,2,ROWS(제안사_펀드현황),1)="청산료")*1, OFFSET(제안사_펀드현황,0,28,ROWS(제안사_펀드현황),1) ) -> 0 | J16: =SUMPRODUCT( (OFFSET(제안사_펀드현황,0,2,ROWS(제안사_펀드현황),1)="청산료")*1, OFFSET(제안사_펀드현황,0,11,ROWS(제안사_펀드현황),1), OFFSET(제안사_펀드현황,0,20,ROWS(제안사_펀드현황),1) )/E16 -> 0.10959221 | K16: =(H16+I16)/E16 -> 1.5607692 | L16: =SUMPRODUCT( (OFFSET(제안사_펀드현황,0,2,ROWS(제안사_펀드현황),1)<>"청산료")*1, (OFFSET(제안사_펀드현황,0,2,ROWS(제안사_펀드현황),1)<>"")*1 ) -> 1 | M16: =SUMPRODUCT( (OFFSET(제안사_펀드현황,0,2,ROWS(제안사_펀드현황),1)<>"청산료")*1, (OFFSET(제안사_펀드현황,0,2,ROWS(제안사_펀드현황),1)<>"")*1, OFFSET(제안사_펀드현황,0,10,ROWS(제안사_펀드현황),1) ) -> 10000 | N16: =SUMPRODUCT( (OFFSET(제안사_펀드현황,0,2,ROWS(제안사_펀드현황),1)<>"청산료")*1, (OFFSET(제안사_펀드현황,0,2,ROWS(제안사_펀드현황),1)<>"")*1, OFFSET(제안사_펀드현황,0,11,ROWS(제안사_펀드현황),1) ) -> 10000 | O16: =SUMPRODUCT( (OFFSET(제안사_펀드현황,0,2,ROWS(제안사_펀드현황),1)<>"청산료")*1, (OFFSET(제안사_펀드현황,0,2,ROWS(제안사_펀드현황),1)<>"")*1, OFFSET(제안사_펀드현황,0,23,ROWS(제안사_펀드현황),1) ) -> 4000 | P16: =SUMPRODUCT( (OFFSET(제안사_펀드현황,0,2,ROWS(제안사_펀드현황),1)<>"청산료")*1, (OFFSET(제안사_펀드현황,0,2,ROWS(제안사_펀드현황),1)<>"")*1, OFFSET(제안사_펀드현황,0,24,ROWS(제안사_펀드현황),1) ) -> 0 | Q16: =SUMPRODUCT( (OFFSET(제안사_펀드현황,0,2,ROWS(제안사_펀드현황),1)<>"청산료")*1, (OFFSET(제안사_펀드현황,0,2,ROWS(제안사_펀드현황),1)<>"")*1, OFFSET(제안사_펀드현황,0,27,ROWS(제안사_펀드현황),1) ) -> 9600 | R16: =SUMPRODUCT( (OFFSET(제안사_펀드현황,0,2,ROWS(제안사_펀드현황),1)<>"청산료")*1, (OFFSET(제안사_펀드현황,0,2,ROWS(제안사_펀드현황),1)<>"")*1, OFFSET(제안사_펀드현황,0,28,ROWS(제안사_펀드현황),1) ) -> 0 | S16: =SUMPRODUCT( (OFFSET(제안사_펀드현황,0,2,ROWS(제안사_펀드현황),1)<>"청산료")*1, (OFFSET(제안사_펀드현황,0,2,ROWS(제안사_펀드현황),1)<>"")*1, OFFSET(제안사_펀드현황,0,33,ROWS(제안사_펀드현황),1) ) -> 2020 | T16: =SUMPRODUCT( (OFFSET(제안사_펀드현황,0,2,ROWS(제안사_펀드현황),1)<>"청산료")*1, (OFFSET(제안사_펀드현황,0,2,ROWS(제안사_펀드현황),1)<>"")*1, OFFSET(제안사_펀드현황,0,34,ROWS(제안사_펀드현황),1) ) -> 0 | U16: =SUMPRODUCT( (OFFSET(제안사_투자현황,0,0,ROWS(제안사_투자현황),1)="고유계정")*1 ) -> 2 | V16: =SUMPRODUCT( (OFFSET(제안사_투자현황,0,0,ROWS(제안사_투자현황),1)="고유계정")*1, (OFFSET(제안사_투자현황,0,10,ROWS(제안사_투자현황),1)="회수료")*1 ) -> 2 | W16: =SUMPRODUCT( (OFFSET(제안사_투자현황,0,0,ROWS(제안사_투자현황),1)="고유계정")*1, OFFSET(제안사_투자현황,0,9,ROWS(제안사_투자현황),1) ) -> 2000 | X16: =SUMPRODUCT( (OFFSET(제안사_투자현황,0,0,ROWS(제안사_투자현황),1)="고유계정")*1, OFFSET(제안사_투자현황,0,14,ROWS(제안사_투자현황),1) ) -> 0 | Y16: =SUMPRODUCT( (OFFSET(제안사_투자현황,0,0,ROWS(제안사_투자현황),1)="고유계정")*1, OFFSET(제안사_투자현황,0,19,ROWS(제안사_투자현황),1) ) -> 0 | Z16: =SUMPRODUCT( (OFFSET(제안사_투자현황,0,0,ROWS(제안사_투자현황),1)="고유계정")*1, OFFSET(제안사_투자현황,0,20,ROWS(제안사_투자현황),1) ) -> 0 | AA16: =IF(W16=0,"N/A", SUMPRODUCT( (OFFSET(제안사_투자현황,0,0,ROWS(제안사_투자현황),1)="고유계정")*1, OFFSET(제안사_투자현황,0,9,ROWS(제안사_투자현황),1), OFFSET(제안사_투자현황,0,11,ROWS(제안사_투자현황),1) ) / W16) -> -0.5 | AB16: =IF( SUMPRODUCT( (OFFSET(제안사_투자현황,0,0,ROWS(제안사_투자현황),1)="고유계정")*1, OFFSET(제안사_투자현황,0,9,ROWS(제안사_투자현황),1), (OFFSET(제안사_투자현황,0,10,ROWS(제안사_투자현황),1)="회수료")*1) = 0, "N/A", SUMPRODUCT( (OFFSET(제안사_투자현황,0,0,ROWS(제안사_투자현황),1)="고유계정")*1, OFFSET(제안사_투자현황,0,9,ROWS(제안사_투자현황),1), (OFFSET(제안사_투자현황,0,10,ROWS(제안사_투자현황),1)="회수료")*1, OFFSET(제안사_투자현황,0,11,ROWS(제안사_투자현황),1) ) / SUMPRODUCT( (OFFSET(제안사_투자현황,0,0,ROWS(제안사_투자현황),1)="고유계정")*1, OFFSET(제안사_투자현황,0,9,ROWS(제안사_투자현황),1), (OFFSET(제안사_투자현황,0,10,ROWS(제안사_투자현황),1)="회수료")*1) ) -> -0.5 | AC16: =SUMPRODUCT( (OFFSET(제안사_투자현황,0,0,ROWS(제안사_투자현황),1)="펀드계정")*1 ) -> 8 | AD16: =SUMPRODUCT( (OFFSET(제안사_투자현황,0,0,ROWS(제안사_투자현황),1)="펀드계정")*1, (OFFSET(제안사_투자현황,0,10,ROWS(제안사_투자현황),1)="회수료")*1 ) -> 2 | AE16: =SUMPRODUCT( (OFFSET(제안사_투자현황,0,0,ROWS(제안사_투자현황),1)="펀드계정")*1, OFFSET(제안사_투자현황,0,9,ROWS(제안사_투자현황),1) ) -> 18999.991 | AF16: =SUMPRODUCT( (OFFSET(제안사_투자현황,0,0,ROWS(제안사_투자현황),1)="펀드계정")*1, OFFSET(제안사_투자현황,0,14,ROWS(제안사_투자현황),1) ) -> 6450 | AG16: =SUMPRODUCT( (OFFSET(제안사_투자현황,0,0,ROWS(제안사_투자현황),1)="펀드계정")*1, OFFSET(제안사_투자현황,0,19,ROWS(제안사_투자현황),1) ) -> 13899.992 | AH16: =SUMPRODUCT( (OFFSET(제안사_투자현황,0,0,ROWS(제안사_투자현황),1)="펀드계정")*1, OFFSET(제안사_투자현황,0,20,ROWS(제안사_투자현황),1) ) -> 13439.569 | AI16: =IF(AE16=0,"N/A", SUMPRODUCT( (OFFSET(제안사_투자현황,0,0,ROWS(제안사_투자현황),1)="펀드계정")*1, OFFSET(제안사_투자현황,0,9,ROWS(제안사_투자현황),1), OFFSET(제안사_투자현황,0,11,ROWS(제안사_투자현황),1) ) / AE16) -> 0.0063157893 | AJ16: =IF( SUMPRODUCT( (OFFSET(제안사_투자현황,0,0,ROWS(제안사_투자현황),1)="펀드계정")*1, OFFSET(제안사_투자현황,0,9,ROWS(제안사_투자현황),1), (OFFSET(제안사_투자현황,0,10,ROWS(제안사_투자현황),1)="회수료")*1) = 0, "N/A", SUMPRODUCT( (OFFSET(제안사_투자현황,0,0,ROWS(제안사_투자현황),1)="펀드계정")*1, OFFSET(제안사_투자현황,0,9,ROWS(제안사_투자현황),1), (OFFSET(제안사_투자현황,0,10,ROWS(제안사_투자현황),1)="회수료")*1, OFFSET(제안사_투자현황,0,11,ROWS(제안사_투자현황),1) ) / SUMPRODUCT( (OFFSET(제안사_투자현황,0,0,ROWS(제안사_투자현황),1)="펀드계정")*1, OFFSET(제안사_투자현황,0,9,ROWS(제안사_투자현황),1), (OFFSET(제안사_투자현황,0,10,ROWS(제안사_투자현황),1)="회수료")*1) ) -> 0.029999992
C19: 최초결성운용펀드명칭 | E19: 최초결성운용펀드개요 | K19: 최초결성운용펀드규모 | M19: 최초결성운용펀드 존속기간
C20: 최초결성 운용펀드명 | D20: 펀드 사업자 등록번호 | E20: 펀드 상태 | F20: 펀드법적유형 | G20: 펀드유형 (투자대상확정여부) | H20: 펀드결성목적 또는 주요투자대상 | I20: 투자기업의 주된 법인유형 | J20: 펀드의 주된 투자유형 | K20: 약정 총액 | L20: 납입 총액 | M20: 결성(예정)일 | N20: 투자기간 종료(예정)일 | O20: 해산(예정)일 | P20: 기간(연)
C21: 펀드1호 | D21: 000-00-00000 | E21: 청산료 | F21: 벤처투자조합 | G21: 블라인드펀드 | H21: 벤처/중소/중견기업에 대한 투자 | I21: 국내설립법인 또는 해외현지법인 | J21: 주식 또는 주식연계채권 | K21: 2000 | L21: 2000 | M21: =J11 -> 40207 | N21: 40572 | O21: 40937 | P21: =IF(ISBLANK(M21),"",DATEDIF(M21,O21,"d")/365) -> 2
C24: 주요주주 현황
C25: 주주명 | D25: 지분율(%) | E25: 최대주주와의 관계 | H25: 비고
C36: 합계 | D36: 1

Sheet 2.2.제안사 재무현황
A1: RFPID | B1: GPID | C1: FYearEndYMD | D1: Assets | E1: CurrentAssets | F1: Liabilities | G1: CurrentLiabilities | H1: Equity | I1: CapitalStock | J1: Sales | K1: COS | L1: NetIncome | M1: CurrentRatio | N1: DebtRatio | O1: CapitalDeficitRatio | P1: OperatingProfitRatio | Q1: ReturnOnEquity
A4: 모집단위ID | B4: 운용사ID | C4: (가)결산일자 | D4: 총자산 | E4: 유동자산 | F4: 총부채 | G4: 유동부채 | H4: 자기자본(자본총계) | I4: 자본금+자본잉여금 | J4: 영업수익 | K4: 영업비용 | L4: 당기순이익 | M4: 유동비율 | N4: 부채비율 | O4: 자본충실률 | P4: 영업수지율 | Q4: 자기자본순이익률
C11: 44196 | M11: =E11/G11 -> #DIV/0! | N11: =F11/H11 -> #DIV/0! | O11: =H11/I11 -> #DIV/0! | P11: =J11/K11 -> #DIV/0! | Q11: =L11/H11 -> #DIV/0!
C12: 43830 | M12: =E12/G12 -> #DIV/0! | N12: =F12/H12 -> #DIV/0! | O12: =H12/I12 -> #DIV/0! | P12: =J12/K12 -> #DIV/0! | Q12: =L12/H12 -> #DIV/0!
C13: 43465 | M13: =E13/G13 -> #DIV/0! | N13: =F13/H13 -> #DIV/0! | O13: =H13/I13 -> #DIV/0! | P13: =J13/K13 -> #DIV/0! | Q13: =L13/H13 -> #DIV/0!

Sheet 2.3.제안사 펀드현황
A1: RFPID | B1: GPID | C1: Seq | D1: FundName | E1: FundCompanySSN | F1: FundStatusDesc | G1: FundTypeDesc | H1: IsInvtComFixedDesc | L1: MainInvestTargetDesc | N1: FundContractAmt | O1: FundPayInAmt | P1: RegisterYMD | Q1: InvestEndYMD | R1: PropFundSettleYMD | T1: PropFundUsefulYears | U1: HurdleRate | V1: RFPContingentFeeDesc | W1: RFPManagingFeeDesc | X1: FundIRR | Y1: FundMultiple | Z1: InvtComCount | AA1: InvestAmt | AB1: CollectAmt | AC1: InvestBalBV | AD1: InvestBalEvalAmt | AE1: PayOutAmt | AF1: ContingentFeeAmt | AG1: PropManagingFeeAmt | AH1: OtherExpenseAmt | AI1: OtherAssetAmt | AJ1: OtherDebtAmt | AK1: FundNetAmt | AL1: AddInvestPlanAmt | AM1: CoreFundMgrName1 | AN1: CoreFundMgrBegYMD1 | AO1: CoreFundMgrEndYMD1 | AP1: IsCoreFundMgrWorking1 | AQ1: CoreFundMgrName2 | AR1: CoreFundMgrBegYMD2 | AS1: CoreFundMgrEndYMD2 | AT1: IsCoreFundMgrWorking2 | AU1: CoreFundMgrName3 | AV1: CoreFundMgrBegYMD3 | AW1: CoreFundMgrEndYMD3 | AX1: IsCoreFundMgrWorking3 | AY1: CoreFundMgrChangeNo | BB1: GPName | BC1: GPContractAmt | BD1: PropGPLossCoverAmt | BE1: JointGPName1 | BF1: JointGPPayInAmt1 | BG1: JointGPLossCoverAmt1 | BH1: JointGPName2 | BI1: JointGPPayInAmt2 | BJ1: JointGPLossCoverAmt2 | BK1: LPName1 | BL1: LPPayInAmt1 | BM1: LPName2 | BN1: LPPayInAmt2 | BO1: LPName3 | BP1: LPPayInAmt3 | BQ1: OtherLPPayInAmt
D3: 펀드명칭 | F3: 펀드개요 | N3: 펀드규모 | P3: 펀드 존속기간 | U3: 보수 | X3: 펀드수익률 | Z3: 투자 및 회수 | AC3: 미회수투자자산 | AE3: 분배 및 비용 | AI3: 예금 등 투자자산 이외 자산총액 | AJ3: 미지급등 부채총액 | AK3: 펀드 순자산 | AL3: 추가투자 예상금액 | AM3: 핵심운용인력1 | AQ3: 핵심운용인력2 | AU3: 핵심운용인력3 | AY3: 핵심운용인력 유지율 | BB3: 제안사출자 | BE3: 공동운용사1출자 | BH3: 공동운용사2출자 | BK3: 투자자1 출자 | BM3: 투자자2 출자 | BO3: 투자자3 출자 | BQ3: 기타투자자 출자 약정액
A4: 모집단위ID | B4: 운용사ID | C4: 일련번호 | D4: 펀드명 | E4: 펀드 사업자 등록번호 | F4: 펀드 상태 | G4: 펀드법적유형 | H4: 펀드유형(투자대상확정여부) | I4: 펀드결성목적 또는 주요투자대상 | J4: 펀드결성목적 또는 주요투자대상 간략한 설명 | K4: 투자기업의 주된 법인유형 | L4: 펀드의 주된 투자유형 | M4: 성장금융 위탁펀드 여부 | N4: 약정 총액 | O4: 납입 총액 | P4: 결성(예정)일 | Q4: 투자기간 종료(예정)일 | R4: 해산(예정)일 | S4: 청산(예정)일 | T4: 기간(연) | U4: 기준 수익률 | V4: 성과보수 | W4: 관리보수 | X4: IRR | Y4: Multiple | Z4: 투자건수 | AA4: 투자 총액 | AB4: 회수 총액 | AC4: 투자 원금 총액 | AD4: 가치 총액 | AE4: 출자자앞 분배총액 | AF4: 성과보수지급총액 | AG4: 관리보수 지급총액 | AH4: 기타비용 지급총액 | AM4: 성명 | AN4: 시작일 | AO4: 종료일 | AP4: 재직여부 | AQ4: 성명 | AR4: 시작일 | AS4: 종료일 | AT4: 재직여부 | AU4: 성명 | AV4: 시작일 | AW4: 종료일 | AX4: 재직여부 | AY4: 펀드설립시 핵심운용인력수 | AZ4: 핵심운용인력 유출횟수 | BA4: 유지율 | BB4: 제안사명 | BC4: 약정액 | BD4: 우선손실 충당액 | BE4: 운용사명 | BF4: 약정액 | BG4: 우선손실 충당액 | BH4: 운용사명 | BI4: 약정액 | BJ4: 우선손실 충당액 | BK4: 출자자명 | BL4: 약정액 | BM4: 출자자명 | BN4: 약정액 | BO4: 출자자명 | BP4: 약정액
D5: 0 | E5: 1 | F5: 2 | G5: 3 | H5: 4 | I5: 5 | J5: 6 | K5: 7 | L5: 8 | M5: 9 | N5: 10 | O5: 11 | P5: 12 | Q5: 13 | R5: 14 | S5: 15 | T5: 16 | U5: 17 | V5: 18 | W5: 19 | X5: 20 | Y5: 21 | Z5: 22 | AA5: 23 | AB5: 24 | AC5: 25 | AD5: 26 | AE5: 27 | AF5: 28 | AG5: 29 | AH5: 30 | AI5: 31 | AJ5: 32 | AK5: 33 | AL5: 34 | AM5: 35 | AN5: 36 | AO5: 37 | AP5: 38 | AQ5: 39 | AR5: 40 | AS5: 41 | AT5: 42 | AU5: 43 | AV5: 44 | AW5: 45 | AX5: 46 | AY5: 47 | AZ5: 48 | BA5: 49 | BB5: 50 | BC5: 51 | BD5: 52 | BE5: 53 | BF5: 54 | BG5: 55 | BH5: 56 | BI5: 57 | BJ5: 58 | BK5: 59 | BL5: 60 | BM5: 61 | BN5: 62 | BO5: 63 | BP5: 64 | BQ5: 65
D11: 펀드1호 | E11: 000-00-00000 | F11: 청산료 | G11: 중소기업창업투자조합 | H11: 블라인드펀드 | I11: 벤처/중소/중견기업에 대한 투자 | J11: 국내 소재부품장비 중소중견기업 투자 | K11: 국내설립법인 또는 해외현지법인 | L11: 주식 또는 주식연계채권 | M11: YES | N11: 3000 | O11: 3000 | P11: 39448 | Q11: 40909 | R11: 41640 | S11: 42005 | T11: =IF(ISBLANK(P11),"",DATEDIF(P11,R11,"d")/365) -> 6.0054795 | U11: 0.1 | V11: 초과수익의 20% | W11: 초기3년 약정액의 3.0%, 잔여기간 투자잔액의 3.0% | X11: =IF(ISBLANK($D11), "", IF( ISERROR( XIRR( OFFSET(펀드_거래,MATCH($D11,OFFSET(펀드_거래,0,0,ROWS(펀드_거래),1),0)-1,2,COUNTIF(펀드_거래,$D11),1), OFFSET(펀드_거래,MATCH($D11,OFFSET(펀드_거래,0,0,ROWS(펀드_거래),1),0)-1,3,COUNTIF(펀드_거래,$D11),1) ) ), "N/A", XIRR( OFFSET(펀드_거래,MATCH($D11,OFFSET(펀드_거래,0,0,ROWS(펀드_거래),1),0)-1,2,COUNTIF(펀드_거래,$D11),1), OFFSET(펀드_거래,MATCH($D11,OFFSET(펀드_거래,0,0,ROWS(펀드_거래),1),0)-1,3,COUNTIF(펀드_거래,$D11),1), IF(SUM(OFFSET(펀드_거래,MATCH($D11,OFFSET(펀드_거래,0,0,ROWS(펀드_거래),1),0)-1,2,COUNTIF(펀드_거래,$D11),1))>0, 1%, -1%) ) ) ) -> 0.19785229 | Y11: =IF( ISBLANK($D11), "", IF(ISNUMBER(O11), (AD11+AE11+AF11+AI11-AJ11)/O11, "N/A") ) -> 6.5916811 | Z11: =IF( ISBLANK($D11), "", SUMPRODUCT( (OFFSET(제안사_투자현황,0,1,ROWS(제안사_투자현황),1)=$D11)*1, ISTEXT(OFFSET(제안사_투자현황,0,3,ROWS(제안사_투자현황),1))*1 ) ) -> 3 | AA11: =IF( ISBLANK($D11), "0", SUMPRODUCT( (OFFSET(제안사_투자현황,0,1,ROWS(제안사_투자현황),1)=$D11)*1, OFFSET(제안사_투자현황,0,9,ROWS(제안사_투자현황),1)) ) -> 5999.9919 | AB11: =IF( ISBLANK($D11), "", SUMPRODUCT( (OFFSET(제안사_투자현황,0,1,ROWS(제안사_투자현황),1)=$D11)*1, OFFSET(제안사_투자현황,0,14,ROWS(제안사_투자현황),1)) ) -> 4000 | AC11: =IF( ISBLANK($D11), "", SUMPRODUCT( (OFFSET(제안사_투자현황,0,1,ROWS(제안사_투자현황),1)=$D11)*1, OFFSET(제안사_투자현황,0,19,ROWS(제안사_투자현황),1)) ) -> 2999.9919 | AD11: =IF( ISBLANK($D11), "", SUMPRODUCT( (OFFSET(제안사_투자현황,0,1,ROWS(제안사_투자현황),1)=$D11)*1, OFFSET(제안사_투자현황,0,20,ROWS(제안사_투자현황),1)) ) -> 3075.0434 | AE11: =IF( ISBLANK($D11), "", SUMPRODUCT( (OFFSET(펀드_거래,0,0,ROWS(펀드_거래),1)=$D11)*1, (OFFSET(펀드_거래,0,1,ROWS(펀드_거래),1)="현금분배")*1, OFFSET(펀드_거래,0,2,ROWS(펀드_거래),1)/1000000 ) + SUMPRODUCT( (OFFSET(펀드_거래,0,0,ROWS(펀드_거래),1)=$D11)*1, (OFFSET(펀드_거래,0,1,ROWS(펀드_거래),1)="현물분배")*1, OFFSET(펀드_거래,0,2,ROWS(펀드_거래),1)/1000000 ) ) -> 16700 | AF11: =IF( ISBLANK($D11), "", SUMPRODUCT( (OFFSET(펀드_거래,0,0,ROWS(펀드_거래),1)=$D11)*1, (OFFSET(펀드_거래,0,1,ROWS(펀드_거래),1)="성과보수")*1, OFFSET(펀드_거래,0,2,ROWS(펀드_거래),1)/1000000) ) -> 0 | AK11: =IF( ISERROR(AD11+AI11-AJ11), "", AD11+AI11-AJ11 ) -> 3075.0434 | AY11: =SUMIF('4.2.펀드 인력변경 이력'!A:A,D11,'4.2.펀드 인력변경 이력'!F:F) -> 3 | AZ11: 3 | BA11: =IF(D11="","",IF(AZ11=0,3,IF(AY11/AZ11>3,3,AY11/AZ11))) -> 1
D12: 펀드2호 | E12: 000-00-00001 | F12: 청산료 | G12: 기업구조조정조합 | H12: 블라인드펀드 | I12: 해외기업에 대한 투자 | J12: 아시아 지역 투자 | K12: 외국법인 | L12: 주식 또는 주식연계채권 | M12: NO | N12: 10000 | O12: 10000 | P12: 39448 | Q12: 41275 | R12: 42005 | S12: 42370 | T12: =IF(ISBLANK(P12),"",DATEDIF(P12,R12,"d")/365) -> 7.0054795 | U12: 0.1 | V12: 초과수익의 20% | W12: 투자잔액의 3.0% | X12: =IF(ISBLANK($D12), "", IF( ISERROR( XIRR( OFFSET(펀드_거래,MATCH($D12,OFFSET(펀드_거래,0,0,ROWS(펀드_거래),1),0)-1,2,COUNTIF(펀드_거래,$D12),1), OFFSET(펀드_거래,MATCH($D12,OFFSET(펀드_거래,0,0,ROWS(펀드_거래),1),0)-1,3,COUNTIF(펀드_거래,$D12),1) ) ), "N/A", XIRR( OFFSET(펀드_거래,MATCH($D12,OFFSET(펀드_거래,0,0,ROWS(펀드_거래),1),0)-1,2,COUNTIF(펀드_거래,$D12),1), OFFSET(펀드_거래,MATCH($D12,OFFSET(펀드_거래,0,0,ROWS(펀드_거래),1),0)-1,3,COUNTIF(펀드_거래,$D12),1), IF(SUM(OFFSET(펀드_거래,MATCH($D12,OFFSET(펀드_거래,0,0,ROWS(펀드_거래),1),0)-1,2,COUNTIF(펀드_거래,$D12),1))>0, 1%, -1%) ) ) ) -> 0.083114181 | Y12: =IF( ISBLANK($D12), "", IF(ISNUMBER(O12), (AD12+AE12+AF12+AI12-AJ12)/O12, "N/A") ) -> 1.1934526 | Z12: =IF( ISBLANK($D12), "", SUMPRODUCT( (OFFSET(제안사_투자현황,0,1,ROWS(제안사_투자현황),1)=$D12)*1, ISTEXT(OFFSET(제안사_투자현황,0,3,ROWS(제안사_투자현황),1))*1 ) ) -> 3 | AA12: =IF( ISBLANK($D12), "0", SUMPRODUCT( (OFFSET(제안사_투자현황,0,1,ROWS(제안사_투자현황),1)=$D12)*1, OFFSET(제안사_투자현황,0,9,ROWS(제안사_투자현황),1)) ) -> 8999.999 | AB12: =IF( ISBLANK($D12), "", SUMPRODUCT( (OFFSET(제안사_투자현황,0,1,ROWS(제안사_투자현황),1)=$D12)*1, OFFSET(제안사_투자현황,0,14,ROWS(제안사_투자현황),1)) ) -> 2450 | AC12: =IF( ISBLANK($D12), "", SUMPRODUCT( (OFFSET(제안사_투자현황,0,1,ROWS(제안사_투자현황),1)=$D12)*1, OFFSET(제안사_투자현황,0,19,ROWS(제안사_투자현황),1)) ) -> 6900 | AD12: =IF( ISBLANK($D12), "", SUMPRODUCT( (OFFSET(제안사_투자현황,0,1,ROWS(제안사_투자현황),1)=$D12)*1, OFFSET(제안사_투자현황,0,20,ROWS(제안사_투자현황),1)) ) -> 8344.5257 | AE12: =IF( ISBLANK($D12), "", SUMPRODUCT( (OFFSET(펀드_거래,0,0,ROWS(펀드_거래),1)=$D12)*1, (OFFSET(펀드_거래,0,1,ROWS(펀드_거래),1)="현금분배")*1, OFFSET(펀드_거래,0,2,ROWS(펀드_거래),1)/1000000 ) + SUMPRODUCT( (OFFSET(펀드_거래,0,0,ROWS(펀드_거래),1)=$D12)*1, (OFFSET(펀드_거래,0,1,ROWS(펀드_거래),1)="현물분배")*1, OFFSET(펀드_거래,0,2,ROWS(펀드_거래),1)/1000000 ) ) -> 3590 | AF12: =IF( ISBLANK($D12), "", SUMPRODUCT( (OFFSET(펀드_거래,0,0,ROWS(펀드_거래),1)=$D12)*1, (OFFSET(펀드_거래,0,1,ROWS(펀드_거래),1)="성과보수")*1, OFFSET(펀드_거래,0,2,ROWS(펀드_거래),1)/1000000) ) -> 0 | AK12: =IF( ISERROR(AD12+AI12-AJ12), "", AD12+AI12-AJ12 ) -> 8344.5257 | AY12: =SUMIF('4.2.펀드 인력변경 이력'!A:A,D12,'4.2.펀드 인력변경 이력'!F:F) -> 3 | AZ12: 0 | BA12: =IF(D12="","",IF(AZ12=0,3,IF(AY12/AZ12>3,3,AY12/AZ12))) -> 3
D13: 펀드3호 | E13: 000-00-00002 | F13: 운용중 | G13: 중소기업창업투자조합 | H13: 블라인드펀드 | I13: 벤처/중소/중견기업에 대한 투자 | J13: LP지분 인수 | K13: 국내설립법인 또는 해외현지법인 | L13: 기타 | M13: NO | N13: 10000 | O13: 10000 | P13: 40179 | Q13: 41640 | R13: 43831 | S13: 44197 | T13: =IF(ISBLANK(P13),"",DATEDIF(P13,R13,"d")/365) -> 10.005479 | U13: 0.1 | V13: 초과수익의 20% | W13: 투자잔액의 2.5% | X13: =IF(ISBLANK($D13), "", IF( ISERROR( XIRR( OFFSET(펀드_거래,MATCH($D13,OFFSET(펀드_거래,0,0,ROWS(펀드_거래),1),0)-1,2,COUNTIF(펀드_거래,$D13),1), OFFSET(펀드_거래,MATCH($D13,OFFSET(펀드_거래,0,0,ROWS(펀드_거래),1),0)-1,3,COUNTIF(펀드_거래,$D13),1) ) ), "N/A", XIRR( OFFSET(펀드_거래,MATCH($D13,OFFSET(펀드_거래,0,0,ROWS(펀드_거래),1),0)-1,2,COUNTIF(펀드_거래,$D13),1), OFFSET(펀드_거래,MATCH($D13,OFFSET(펀드_거래,0,0,ROWS(펀드_거래),1),0)-1,3,COUNTIF(펀드_거래,$D13),1), IF(SUM(OFFSET(펀드_거래,MATCH($D13,OFFSET(펀드_거래,0,0,ROWS(펀드_거래),1),0)-1,2,COUNTIF(펀드_거래,$D13),1))>0, 1%, -1%) ) ) ) -> 0.063119569 | Y13: =IF( ISBLANK($D13), "", IF(ISNUMBER(O13), (AD13+AE13+AF13+AI13-AJ13)/O13, "N/A") ) -> 1.162 | Z13: =IF( ISBLANK($D13), "", SUMPRODUCT( (OFFSET(제안사_투자현황,0,1,ROWS(제안사_투자현황),1)=$D13)*1, ISTEXT(OFFSET(제안사_투자현황,0,3,ROWS(제안사_투자현황),1))*1 ) ) -> 2 | AA13: =IF( ISBLANK($D13), "0", SUMPRODUCT( (OFFSET(제안사_투자현황,0,1,ROWS(제안사_투자현황),1)=$D13)*1, OFFSET(제안사_투자현황,0,9,ROWS(제안사_투자현황),1)) ) -> 4000 | AB13: =IF( ISBLANK($D13), "", SUMPRODUCT( (OFFSET(제안사_투자현황,0,1,ROWS(제안사_투자현황),1)=$D13)*1, OFFSET(제안사_투자현황,0,14,ROWS(제안사_투자현황),1)) ) -> 0 | AC13: =IF( ISBLANK($D13), "", SUMPRODUCT( (OFFSET(제안사_투자현황,0,1,ROWS(제안사_투자현황),1)=$D13)*1, OFFSET(제안사_투자현황,0,19,ROWS(제안사_투자현황),1)) ) -> 4000 | AD13: =IF( ISBLANK($D13), "", SUMPRODUCT( (OFFSET(제안사_투자현황,0,1,ROWS(제안사_투자현황),1)=$D13)*1, OFFSET(제안사_투자현황,0,20,ROWS(제안사_투자현황),1)) ) -> 2020 | AE13: =IF( ISBLANK($D13), "", SUMPRODUCT( (OFFSET(펀드_거래,0,0,ROWS(펀드_거래),1)=$D13)*1, (OFFSET(펀드_거래,0,1,ROWS(펀드_거래),1)="현금분배")*1, OFFSET(펀드_거래,0,2,ROWS(펀드_거래),1)/1000000 ) + SUMPRODUCT( (OFFSET(펀드_거래,0,0,ROWS(펀드_거래),1)=$D13)*1, (OFFSET(펀드_거래,0,1,ROWS(펀드_거래),1)="현물분배")*1, OFFSET(펀드_거래,0,2,ROWS(펀드_거래),1)/1000000 ) ) -> 9600 | AF13: =IF( ISBLANK($D13), "", SUMPRODUCT( (OFFSET(펀드_거래,0,0,ROWS(펀드_거래),1)=$D13)*1, (OFFSET(펀드_거래,0,1,ROWS(펀드_거래),1)="성과보수")*1, OFFSET(펀드_거래,0,2,ROWS(펀드_거래),1)/1000000) ) -> 0 | AK13: =IF( ISERROR(AD13+AI13-AJ13), "", AD13+AI13-AJ13 ) -> 2020 | AY13: =SUMIF('4.2.펀드 인력변경 이력'!A:A,D13,'4.2.펀드 인력변경 이력'!F:F) -> 3 | AZ13: =SUMIF('4.2.펀드 인력변경 이력'!A:A,D13,'4.2.펀드 인력변경 이력'!G:G) -> 1 | BA13: =IF(D13="","",IF(AZ13=0,3,IF(AY13/AZ13>3,3,AY13/AZ13))) -> 3
T14: =IF(ISBLANK(P14),"",DATEDIF(P14,R14,"d")/365) | X14: =IF(ISBLANK($D14), "", IF( ISERROR( XIRR( OFFSET(펀드_거래,MATCH($D14,OFFSET(펀드_거래,0,0,ROWS(펀드_거래),1),0)-1,2,COUNTIF(펀드_거래,$D14),1), OFFSET(펀드_거래,MATCH($D14,OFFSET(펀드_거래,0,0,ROWS(펀드_거래),1),0)-1,3,COUNTIF(펀드_거래,$D14),1) ) ), "N/A", XIRR( OFFSET(펀드_거래,MATCH($D14,OFFSET(펀드_거래,0,0,ROWS(펀드_거래),1),0)-1,2,COUNTIF(펀드_거래,$D14),1), OFFSET(펀드_거래,MATCH($D14,OFFSET(펀드_거래,0,0,ROWS(펀드_거래),1),0)-1,3,COUNTIF(펀드_거래,$D14),1), IF(SUM(OFFSET(펀드_거래,MATCH($D14,OFFSET(펀드_거래,0,0,ROWS(펀드_거래),1),0)-1,2,COUNTIF(펀드_거래,$D14),1))>0, 1%, -1%) ) ) ) | Y14: =IF( ISBLANK($D14), "", IF(ISNUMBER(O14), (AD14+AE14+AF14+AI14-AJ14)/O14, "N/A") ) | Z14: =IF( ISBLANK($D14), "", SUMPRODUCT( (OFFSET(제안사_투자현황,0,1,ROWS(제안사_투자현황),1)=$D14)*1, ISTEXT(OFFSET(제안사_투자현황,0,3,ROWS(제안사_투자현황),1))*1 ) ) | AA14: =IF( ISBLANK($D14), "0", SUMPRODUCT( (OFFSET(제안사_투자현황,0,1,ROWS(제안사_투자현황),1)=$D14)*1, OFFSET(제안사_투자현황,0,9,ROWS(제안사_투자현황),1)) ) -> 0 | AB14: =IF( ISBLANK($D14), "", SUMPRODUCT( (OFFSET(제안사_투자현황,0,1,ROWS(제안사_투자현황),1)=$D14)*1, OFFSET(제안사_투자현황,0,14,ROWS(제안사_투자현황),1)) ) | AC14: =IF( ISBLANK($D14), "", SUMPRODUCT( (OFFSET(제안사_투자현황,0,1,ROWS(제안사_투자현황),1)=$D14)*1, OFFSET(제안사_투자현황,0,19,ROWS(제안사_투자현황),1)) ) | AD14: =IF( ISBLANK($D14), "", SUMPRODUCT( (OFFSET(제안사_투자현황,0,1,ROWS(제안사_투자현황),1)=$D14)*1, OFFSET(제안사_투자현황,0,20,ROWS(제안사_투자현황),1)) ) | AE14: =IF( ISBLANK($D14), "", SUMPRODUCT( (OFFSET(펀드_거래,0,0,ROWS(펀드_거래),1)=$D14)*1, (OFFSET(펀드_거래,0,1,ROWS(펀드_거래),1)="현금분배")*1, OFFSET(펀드_거래,0,2,ROWS(펀드_거래),1)/1000000 ) + SUMPRODUCT( (OFFSET(펀드_거래,0,0,ROWS(펀드_거래),1)=$D14)*1, (OFFSET(펀드_거래,0,1,ROWS(펀드_거래),1)="현물분배")*1, OFFSET(펀드_거래,0,2,ROWS(펀드_거래),1)/1000000 ) ) | AF14: =IF( ISBLANK($D14), "", SUMPRODUCT( (OFFSET(펀드_거래,0,0,ROWS(펀드_거래),1)=$D14)*1, (OFFSET(펀드_거래,0,1,ROWS(펀드_거래),1)="성과보수")*1, OFFSET(펀드_거래,0,2,ROWS(펀드_거래),1)/1000000) ) | AK14: =IF( ISERROR(AD14+AI14-AJ14), "", AD14+AI14-AJ14 ) | AY14: =SUMIF('4.2.펀드 인력변경 이력'!A:A,D14,'4.2.펀드 인력변경 이력'!F:F) -> 0 | AZ14: =SUMIF('4.2.펀드 인력변경 이력'!A:A,D14,'4.2.펀드 인력변경 이력'!G:G) -> 0 | BA14: =IF(D14="","",IF(AZ14=0,3,IF(AY14/AZ14>3,3,AY14/AZ14)))
T15: =IF(ISBLANK(P15),"",DATEDIF(P15,R15,"d")/365) | X15: =IF(ISBLANK($D15), "", IF( ISERROR( XIRR( OFFSET(펀드_거래,MATCH($D15,OFFSET(펀드_거래,0,0,ROWS(펀드_거래),1),0)-1,2,COUNTIF(펀드_거래,$D15),1), OFFSET(펀드_거래,MATCH($D15,OFFSET(펀드_거래,0,0,ROWS(펀드_거래),1),0)-1,3,COUNTIF(펀드_거래,$D15),1) ) ), "N/A", XIRR( OFFSET(펀드_거래,MATCH($D15,OFFSET(펀드_거래,0,0,ROWS(펀드_거래),1),0)-1,2,COUNTIF(펀드_거래,$D15),1), OFFSET(펀드_거래,MATCH($D15,OFFSET(펀드_거래,0,0,ROWS(펀드_거래),1),0)-1,3,COUNTIF(펀드_거래,$D15),1), IF(SUM(OFFSET(펀드_거래,MATCH($D15,OFFSET(펀드_거래,0,0,ROWS(펀드_거래),1),0)-1,2,COUNTIF(펀드_거래,$D15),1))>0, 1%, -1%) ) ) ) | Y15: =IF( ISBLANK($D15), "", IF(ISNUMBER(O15), (AD15+AE15+AF15+AI15-AJ15)/O15, "N/A") ) | Z15: =IF( ISBLANK($D15), "", SUMPRODUCT( (OFFSET(제안사_투자현황,0,1,ROWS(제안사_투자현황),1)=$D15)*1, ISTEXT(OFFSET(제안사_투자현황,0,3,ROWS(제안사_투자현황),1))*1 ) ) | AA15: =IF( ISBLANK($D15), "0", SUMPRODUCT( (OFFSET(제안사_투자현황,0,1,ROWS(제안사_투자현황),1)=$D15)*1, OFFSET(제안사_투자현황,0,9,ROWS(제안사_투자현황),1)) ) -> 0 | AB15: =IF( ISBLANK($D15), "", SUMPRODUCT( (OFFSET(제안사_투자현황,0,1,ROWS(제안사_투자현황),1)=$D15)*1, OFFSET(제안사_투자현황,0,14,ROWS(제안사_투자현황),1)) ) | AC15: =IF( ISBLANK($D15), "", SUMPRODUCT( (OFFSET(제안사_투자현황,0,1,ROWS(제안사_투자현황),1)=$D15)*1, OFFSET(제안사_투자현황,0,19,ROWS(제안사_투자현황),1)) ) | AD15: =IF( ISBLANK($D15), "", SUMPRODUCT( (OFFSET(제안사_투자현황,0,1,ROWS(제안사_투자현황),1)=$D15)*1, OFFSET(제안사_투자현황,0,20,ROWS(제안사_투자현황),1)) ) | AE15: =IF( ISBLANK($D15), "", SUMPRODUCT( (OFFSET(펀드_거래,0,0,ROWS(펀드_거래),1)=$D15)*1, (OFFSET(펀드_거래,0,1,ROWS(펀드_거래),1)="현금분배")*1, OFFSET(펀드_거래,0,2,ROWS(펀드_거래),1)/1000000 ) + SUMPRODUCT( (OFFSET(펀드_거래,0,0,ROWS(펀드_거래),1)=$D15)*1, (OFFSET(펀드_거래,0,1,ROWS(펀드_거래),1)="현물분배")*1, OFFSET(펀드_거래,0,2,ROWS(펀드_거래),1)/1000000 ) ) | AF15: =IF( ISBLANK($D15), "", SUMPRODUCT( (OFFSET(펀드_거래,0,0,ROWS(펀드_거래),1)=$D15)*1, (OFFSET(펀드_거래,0,1,ROWS(펀드_거래),1)="성과보수")*1, OFFSET(펀드_거래,0,2,ROWS(펀드_거래),1)/1000000) ) | AK15: =IF( ISERROR(AD15+AI15-AJ15), "", AD15+AI15-AJ15 ) | AY15: =SUMIF('4.2.펀드 인력변경 이력'!A:A,D15,'4.2.펀드 인력변경 이력'!F:F) -> 0 | AZ15: =SUMIF('4.2.펀드 인력변경 이력'!A:A,D15,'4.2.펀드 인력변경 이력'!G:G) -> 0 | BA15: =IF(D15="","",IF(AZ15=0,3,IF(AY15/AZ15>3,3,AY15/AZ15)))
T16: =IF(ISBLANK(P16),"",DATEDIF(P16,R16,"d")/365) | X16: =IF(ISBLANK($D16), "", IF( ISERROR( XIRR( OFFSET(펀드_거래,MATCH($D16,OFFSET(펀드_거래,0,0,ROWS(펀드_거래),1),0)-1,2,COUNTIF(펀드_거래,$D16),1), OFFSET(펀드_거래,MATCH($D16,OFFSET(펀드_거래,0,0,ROWS(펀드_거래),1),0)-1,3,COUNTIF(펀드_거래,$D16),1) ) ), "N/A", XIRR( OFFSET(펀드_거래,MATCH($D16,OFFSET(펀드_거래,0,0,ROWS(펀드_거래),1),0)-1,2,COUNTIF(펀드_거래,$D16),1), OFFSET(펀드_거래,MATCH($D16,OFFSET(펀드_거래,0,0,ROWS(펀드_거래),1),0)-1,3,COUNTIF(펀드_거래,$D16),1), IF(SUM(OFFSET(펀드_거래,MATCH($D16,OFFSET(펀드_거래,0,0,ROWS(펀드_거래),1),0)-1,2,COUNTIF(펀드_거래,$D16),1))>0, 1%, -1%) ) ) ) | Y16: =IF( ISBLANK($D16), "", IF(ISNUMBER(O16), (AD16+AE16+AF16+AI16-AJ16)/O16, "N/A") ) | Z16: =IF( ISBLANK($D16), "", SUMPRODUCT( (OFFSET(제안사_투자현황,0,1,ROWS(제안사_투자현황),1)=$D16)*1, ISTEXT(OFFSET(제안사_투자현황,0,3,ROWS(제안사_투자현황),1))*1 ) ) | AA16: =IF( ISBLANK($D16), "0", SUMPRODUCT( (OFFSET(제안사_투자현황,0,1,ROWS(제안사_투자현황),1)=$D16)*1, OFFSET(제안사_투자현황,0,9,ROWS(제안사_투자현황),1)) ) -> 0 | AB16: =IF( ISBLANK($D16), "", SUMPRODUCT( (OFFSET(제안사_투자현황,0,1,ROWS(제안사_투자현황),1)=$D16)*1, OFFSET(제안사_투자현황,0,14,ROWS(제안사_투자현황),1)) ) | AC16: =IF( ISBLANK($D16), "", SUMPRODUCT( (OFFSET(제안사_투자현황,0,1,ROWS(제안사_투자현황),1)=$D16)*1, OFFSET(제안사_투자현황,0,19,ROWS(제안사_투자현황),1)) ) | AD16: =IF( ISBLANK($D16), "", SUMPRODUCT( (OFFSET(제안사_투자현황,0,1,ROWS(제안사_투자현황),1)=$D16)*1, OFFSET(제안사_투자현황,0,20,ROWS(제안사_투자현황),1)) ) | AE16: =IF( ISBLANK($D16), "", SUMPRODUCT( (OFFSET(펀드_거래,0,0,ROWS(펀드_거래),1)=$D16)*1, (OFFSET(펀드_거래,0,1,ROWS(펀드_거래),1)="현금분배")*1, OFFSET(펀드_거래,0,2,ROWS(펀드_거래),1)/1000000 ) + SUMPRODUCT( (OFFSET(펀드_거래,0,0,ROWS(펀드_거래),1)=$D16)*1, (OFFSET(펀드_거래,0,1,ROWS(펀드_거래),1)="현물분배")*1, OFFSET(펀드_거래,0,2,ROWS(펀드_거래),1)/1000000 ) ) | AF16: =IF( ISBLANK($D16), "", SUMPRODUCT( (OFFSET(펀드_거래,0,0,ROWS(펀드_거래),1)=$D16)*1, (OFFSET(펀드_거래,0,1,ROWS(펀드_거래),1)="성과보수")*1, OFFSET(펀드_거래,0,2,ROWS(펀드_거래),1)/1000000) ) | AK16: =IF( ISERROR(AD16+AI16-AJ16), "", AD16+AI16-AJ16 ) | AY16: =SUMIF('4.2.펀드 인력변경 이력'!A:A,D16,'4.2.펀드 인력변경 이력'!F:F) -> 0 | AZ16: =SUMIF('4.2.펀드 인력변경 이력'!A:A,D16,'4.2.펀드 인력변경 이력'!G:G) -> 0 | BA16: =IF(D16="","",IF(AZ16=0,3,IF(AY16/AZ16>3,3,AY16/AZ16)))
T17: =IF(ISBLANK(P17),"",DATEDIF(P17,R17,"d")/365) | X17: =IF(ISBLANK($D17), "", IF( ISERROR( XIRR( OFFSET(펀드_거래,MATCH($D17,OFFSET(펀드_거래,0,0,ROWS(펀드_거래),1),0)-1,2,COUNTIF(펀드_거래,$D17),1), OFFSET(펀드_거래,MATCH($D17,OFFSET(펀드_거래,0,0,ROWS(펀드_거래),1),0)-1,3,COUNTIF(펀드_거래,$D17),1) ) ), "N/A", XIRR( OFFSET(펀드_거래,MATCH($D17,OFFSET(펀드_거래,0,0,ROWS(펀드_거래),1),0)-1,2,COUNTIF(펀드_거래,$D17),1), OFFSET(펀드_거래,MATCH($D17,OFFSET(펀드_거래,0,0,ROWS(펀드_거래),1),0)-1,3,COUNTIF(펀드_거래,$D17),1), IF(SUM(OFFSET(펀드_거래,MATCH($D17,OFFSET(펀드_거래,0,0,ROWS(펀드_거래),1),0)-1,2,COUNTIF(펀드_거래,$D17),1))>0, 1%, -1%) ) ) ) | Y17: =IF( ISBLANK($D17), "", IF(ISNUMBER(O17), (AD17+AE17+AF17+AI17-AJ17)/O17, "N/A") ) | Z17: =IF( ISBLANK($D17), "", SUMPRODUCT( (OFFSET(제안사_투자현황,0,1,ROWS(제안사_투자현황),1)=$D17)*1, ISTEXT(OFFSET(제안사_투자현황,0,3,ROWS(제안사_투자현황),1))*1 ) ) | AA17: =IF( ISBLANK($D17), "0", SUMPRODUCT( (OFFSET(제안사_투자현황,0,1,ROWS(제안사_투자현황),1)=$D17)*1, OFFSET(제안사_투자현황,0,9,ROWS(제안사_투자현황),1)) ) -> 0 | AB17: =IF( ISBLANK($D17), "", SUMPRODUCT( (OFFSET(제안사_투자현황,0,1,ROWS(제안사_투자현황),1)=$D17)*1, OFFSET(제안사_투자현황,0,14,ROWS(제안사_투자현황),1)) ) | AC17: =IF( ISBLANK($D17), "", SUMPRODUCT( (OFFSET(제안사_투자현황,0,1,ROWS(제안사_투자현황),1)=$D17)*1, OFFSET(제안사_투자현황,0,19,ROWS(제안사_투자현황),1)) ) | AD17: =IF( ISBLANK($D17), "", SUMPRODUCT( (OFFSET(제안사_투자현황,0,1,ROWS(제안사_투자현황),1)=$D17)*1, OFFSET(제안사_투자현황,0,20,ROWS(제안사_투자현황),1)) ) | AE17: =IF( ISBLANK($D17), "", SUMPRODUCT( (OFFSET(펀드_거래,0,0,ROWS(펀드_거래),1)=$D17)*1, (OFFSET(펀드_거래,0,1,ROWS(펀드_거래),1)="현금분배")*1, OFFSET(펀드_거래,0,2,ROWS(펀드_거래),1)/1000000 ) + SUMPRODUCT( (OFFSET(펀드_거래,0,0,ROWS(펀드_거래),1)=$D17)*1, (OFFSET(펀드_거래,0,1,ROWS(펀드_거래),1)="현물분배")*1, OFFSET(펀드_거래,0,2,ROWS(펀드_거래),1)/1000000 ) ) | AF17: =IF( ISBLANK($D17), "", SUMPRODUCT( (OFFSET(펀드_거래,0,0,ROWS(펀드_거래),1)=$D17)*1, (OFFSET(펀드_거래,0,1,ROWS(펀드_거래),1)="성과보수")*1, OFFSET(펀드_거래,0,2,ROWS(펀드_거래),1)/1000000) ) | AK17: =IF( ISERROR(AD17+AI17-AJ17), "", AD17+AI17-AJ17 ) | AY17: =SUMIF('4.2.펀드 인력변경 이력'!A:A,D17,'4.2.펀드 인력변경 이력'!F:F) -> 0 | AZ17: =SUMIF('4.2.펀드 인력변경 이력'!A:A,D17,'4.2.펀드 인력변경 이력'!G:G) -> 0 | BA17: =IF(D17="","",IF(AZ17=0,3,IF(AY17/AZ17>3,3,AY17/AZ17)))
T18: =IF(ISBLANK(P18),"",DATEDIF(P18,R18,"d")/365) | X18: =IF(ISBLANK($D18), "", IF( ISERROR( XIRR( OFFSET(펀드_거래,MATCH($D18,OFFSET(펀드_거래,0,0,ROWS(펀드_거래),1),0)-1,2,COUNTIF(펀드_거래,$D18),1), OFFSET(펀드_거래,MATCH($D18,OFFSET(펀드_거래,0,0,ROWS(펀드_거래),1),0)-1,3,COUNTIF(펀드_거래,$D18),1) ) ), "N/A", XIRR( OFFSET(펀드_거래,MATCH($D18,OFFSET(펀드_거래,0,0,ROWS(펀드_거래),1),0)-1,2,COUNTIF(펀드_거래,$D18),1), OFFSET(펀드_거래,MATCH($D18,OFFSET(펀드_거래,0,0,ROWS(펀드_거래),1),0)-1,3,COUNTIF(펀드_거래,$D18),1), IF(SUM(OFFSET(펀드_거래,MATCH($D18,OFFSET(펀드_거래,0,0,ROWS(펀드_거래),1),0)-1,2,COUNTIF(펀드_거래,$D18),1))>0, 1%, -1%) ) ) ) | Y18: =IF( ISBLANK($D18), "", IF(ISNUMBER(O18), (AD18+AE18+AF18+AI18-AJ18)/O18, "N/A") ) | Z18: =IF( ISBLANK($D18), "", SUMPRODUCT( (OFFSET(제안사_투자현황,0,1,ROWS(제안사_투자현황),1)=$D18)*1, ISTEXT(OFFSET(제안사_투자현황,0,3,ROWS(제안사_투자현황),1))*1 ) ) | AA18: =IF( ISBLANK($D18), "0", SUMPRODUCT( (OFFSET(제안사_투자현황,0,1,ROWS(제안사_투자현황),1)=$D18)*1, OFFSET(제안사_투자현황,0,9,ROWS(제안사_투자현황),1)) ) -> 0 | AB18: =IF( ISBLANK($D18), "", SUMPRODUCT( (OFFSET(제안사_투자현황,0,1,ROWS(제안사_투자현황),1)=$D18)*1, OFFSET(제안사_투자현황,0,14,ROWS(제안사_투자현황),1)) ) | AC18: =IF( ISBLANK($D18), "", SUMPRODUCT( (OFFSET(제안사_투자현황,0,1,ROWS(제안사_투자현황),1)=$D18)*1, OFFSET(제안사_투자현황,0,19,ROWS(제안사_투자현황),1)) ) | AD18: =IF( ISBLANK($D18), "", SUMPRODUCT( (OFFSET(제안사_투자현황,0,1,ROWS(제안사_투자현황),1)=$D18)*1, OFFSET(제안사_투자현황,0,20,ROWS(제안사_투자현황),1)) ) | AE18: =IF( ISBLANK($D18), "", SUMPRODUCT( (OFFSET(펀드_거래,0,0,ROWS(펀드_거래),1)=$D18)*1, (OFFSET(펀드_거래,0,1,ROWS(펀드_거래),1)="현금분배")*1, OFFSET(펀드_거래,0,2,ROWS(펀드_거래),1)/1000000 ) + SUMPRODUCT( (OFFSET(펀드_거래,0,0,ROWS(펀드_거래),1)=$D18)*1, (OFFSET(펀드_거래,0,1,ROWS(펀드_거래),1)="현물분배")*1, OFFSET(펀드_거래,0,2,ROWS(펀드_거래),1)/1000000 ) ) | AF18: =IF( ISBLANK($D18), "", SUMPRODUCT( (OFFSET(펀드_거래,0,0,ROWS(펀드_거래),1)=$D18)*1, (OFFSET(펀드_거래,0,1,ROWS(펀드_거래),1)="성과보수")*1, OFFSET(펀드_거래,0,2,ROWS(펀드_거래),1)/1000000) ) | AK18: =IF( ISERROR(AD18+AI18-AJ18), "", AD18+AI18-AJ18 ) | AY18: =SUMIF('4.2.펀드 인력변경 이력'!A:A,D18,'4.2.펀드 인력변경 이력'!F:F) -> 0 | AZ18: =SUMIF('4.2.펀드 인력변경 이력'!A:A,D18,'4.2.펀드 인력변경 이력'!G:G) -> 0 | BA18: =IF(D18="","",IF(AZ18=0,3,IF(AY18/AZ18>3,3,AY18/AZ18)))
T19: =IF(ISBLANK(P19),"",DATEDIF(P19,R19,"d")/365) | X19: =IF(ISBLANK($D19), "", IF( ISERROR( XIRR( OFFSET(펀드_거래,MATCH($D19,OFFSET(펀드_거래,0,0,ROWS(펀드_거래),1),0)-1,2,COUNTIF(펀드_거래,$D19),1), OFFSET(펀드_거래,MATCH($D19,OFFSET(펀드_거래,0,0,ROWS(펀드_거래),1),0)-1,3,COUNTIF(펀드_거래,$D19),1) ) ), "N/A", XIRR( OFFSET(펀드_거래,MATCH($D19,OFFSET(펀드_거래,0,0,ROWS(펀드_거래),1),0)-1,2,COUNTIF(펀드_거래,$D19),1), OFFSET(펀드_거래,MATCH($D19,OFFSET(펀드_거래,0,0,ROWS(펀드_거래),1),0)-1,3,COUNTIF(펀드_거래,$D19),1), IF(SUM(OFFSET(펀드_거래,MATCH($D19,OFFSET(펀드_거래,0,0,ROWS(펀드_거래),1),0)-1,2,COUNTIF(펀드_거래,$D19),1))>0, 1%, -1%) ) ) ) | Y19: =IF( ISBLANK($D19), "", IF(ISNUMBER(O19), (AD19+AE19+AF19+AI19-AJ19)/O19, "N/A") ) | Z19: =IF( ISBLANK($D19), "", SUMPRODUCT( (OFFSET(제안사_투자현황,0,1,ROWS(제안사_투자현황),1)=$D19)*1, ISTEXT(OFFSET(제안사_투자현황,0,3,ROWS(제안사_투자현황),1))*1 ) ) | AA19: =IF( ISBLANK($D19), "0", SUMPRODUCT( (OFFSET(제안사_투자현황,0,1,ROWS(제안사_투자현황),1)=$D19)*1, OFFSET(제안사_투자현황,0,9,ROWS(제안사_투자현황),1)) ) -> 0 | AB19: =IF( ISBLANK($D19), "", SUMPRODUCT( (OFFSET(제안사_투자현황,0,1,ROWS(제안사_투자현황),1)=$D19)*1, OFFSET(제안사_투자현황,0,14,ROWS(제안사_투자현황),1)) ) | AC19: =IF( ISBLANK($D19), "", SUMPRODUCT( (OFFSET(제안사_투자현황,0,1,ROWS(제안사_투자현황),1)=$D19)*1, OFFSET(제안사_투자현황,0,19,ROWS(제안사_투자현황),1)) ) | AD19: =IF( ISBLANK($D19), "", SUMPRODUCT( (OFFSET(제안사_투자현황,0,1,ROWS(제안사_투자현황),1)=$D19)*1, OFFSET(제안사_투자현황,0,20,ROWS(제안사_투자현황),1)) ) | AE19: =IF( ISBLANK($D19), "", SUMPRODUCT( (OFFSET(펀드_거래,0,0,ROWS(펀드_거래),1)=$D19)*1, (OFFSET(펀드_거래,0,1,ROWS(펀드_거래),1)="현금분배")*1, OFFSET(펀드_거래,0,2,ROWS(펀드_거래),1)/1000000 ) + SUMPRODUCT( (OFFSET(펀드_거래,0,0,ROWS(펀드_거래),1)=$D19)*1, (OFFSET(펀드_거래,0,1,ROWS(펀드_거래),1)="현물분배")*1, OFFSET(펀드_거래,0,2,ROWS(펀드_거래),1)/1000000 ) ) | AF19: =IF( ISBLANK($D19), "", SUMPRODUCT( (OFFSET(펀드_거래,0,0,ROWS(펀드_거래),1)=$D19)*1, (OFFSET(펀드_거래,0,1,ROWS(펀드_거래),1)="성과보수")*1, OFFSET(펀드_거래,0,2,ROWS(펀드_거래),1)/1000000) ) | AK19: =IF( ISERROR(AD19+AI19-AJ19), "", AD19+AI19-AJ19 ) | AY19: =SUMIF('4.2.펀드 인력변경 이력'!A:A,D19,'4.2.펀드 인력변경 이력'!F:F) -> 0 | AZ19: =SUMIF('4.2.펀드 인력변경 이력'!A:A,D19,'4.2.펀드 인력변경 이력'!G:G) -> 0 | BA19: =IF(D19="","",IF(AZ19=0,3,IF(AY19/AZ19>3,3,AY19/AZ19)))
T20: =IF(ISBLANK(P20),"",DATEDIF(P20,R20,"d")/365) | X20: =IF(ISBLANK($D20), "", IF( ISERROR( XIRR( OFFSET(펀드_거래,MATCH($D20,OFFSET(펀드_거래,0,0,ROWS(펀드_거래),1),0)-1,2,COUNTIF(펀드_거래,$D20),1), OFFSET(펀드_거래,MATCH($D20,OFFSET(펀드_거래,0,0,ROWS(펀드_거래),1),0)-1,3,COUNTIF(펀드_거래,$D20),1) ) ), "N/A", XIRR( OFFSET(펀드_거래,MATCH($D20,OFFSET(펀드_거래,0,0,ROWS(펀드_거래),1),0)-1,2,COUNTIF(펀드_거래,$D20),1), OFFSET(펀드_거래,MATCH($D20,OFFSET(펀드_거래,0,0,ROWS(펀드_거래),1),0)-1,3,COUNTIF(펀드_거래,$D20),1), IF(SUM(OFFSET(펀드_거래,MATCH($D20,OFFSET(펀드_거래,0,0,ROWS(펀드_거래),1),0)-1,2,COUNTIF(펀드_거래,$D20),1))>0, 1%, -1%) ) ) ) | Y20: =IF( ISBLANK($D20), "", IF(ISNUMBER(O20), (AD20+AE20+AF20+AI20-AJ20)/O20, "N/A") ) | Z20: =IF( ISBLANK($D20), "", SUMPRODUCT( (OFFSET(제안사_투자현황,0,1,ROWS(제안사_투자현황),1)=$D20)*1, ISTEXT(OFFSET(제안사_투자현황,0,3,ROWS(제안사_투자현황),1))*1 ) ) | AA20: =IF( ISBLANK($D20), "0", SUMPRODUCT( (OFFSET(제안사_투자현황,0,1,ROWS(제안사_투자현황),1)=$D20)*1, OFFSET(제안사_투자현황,0,9,ROWS(제안사_투자현황),1)) ) -> 0 | AB20: =IF( ISBLANK($D20), "", SUMPRODUCT( (OFFSET(제안사_투자현황,0,1,ROWS(제안사_투자현황),1)=$D20)*1, OFFSET(제안사_투자현황,0,14,ROWS(제안사_투자현황),1)) ) | AC20: =IF( ISBLANK($D20), "", SUMPRODUCT( (OFFSET(제안사_투자현황,0,1,ROWS(제안사_투자현황),1)=$D20)*1, OFFSET(제안사_투자현황,0,19,ROWS(제안사_투자현황),1)) ) | AD20: =IF( ISBLANK($D20), "", SUMPRODUCT( (OFFSET(제안사_투자현황,0,1,ROWS(제안사_투자현황),1)=$D20)*1, OFFSET(제안사_투자현황,0,20,ROWS(제안사_투자현황),1)) ) | AE20: =IF( ISBLANK($D20), "", SUMPRODUCT( (OFFSET(펀드_거래,0,0,ROWS(펀드_거래),1)=$D20)*1, (OFFSET(펀드_거래,0,1,ROWS(펀드_거래),1)="현금분배")*1, OFFSET(펀드_거래,0,2,ROWS(펀드_거래),1)/1000000 ) + SUMPRODUCT( (OFFSET(펀드_거래,0,0,ROWS(펀드_거래),1)=$D20)*1, (OFFSET(펀드_거래,0,1,ROWS(펀드_거래),1)="현물분배")*1, OFFSET(펀드_거래,0,2,ROWS(펀드_거래),1)/1000000 ) ) | AF20: =IF( ISBLANK($D20), "", SUMPRODUCT( (OFFSET(펀드_거래,0,0,ROWS(펀드_거래),1)=$D20)*1, (OFFSET(펀드_거래,0,1,ROWS(펀드_거래),1)="성과보수")*1, OFFSET(펀드_거래,0,2,ROWS(펀드_거래),1)/1000000) ) | AK20: =IF( ISERROR(AD20+AI20-AJ20), "", AD20+AI20-AJ20 ) | AY20: =SUMIF('4.2.펀드 인력변경 이력'!A:A,D20,'4.2.펀드 인력변경 이력'!F:F) -> 0 | AZ20: =SUMIF('4.2.펀드 인력변경 이력'!A:A,D20,'4.2.펀드 인력변경 이력'!G:G) -> 0 | BA20: =IF(D20="","",IF(AZ20=0,3,IF(AY20/AZ20>3,3,AY20/AZ20)))
T21: =IF(ISBLANK(P21),"",DATEDIF(P21,R21,"d")/365) | X21: =IF(ISBLANK($D21), "", IF( ISERROR( XIRR( OFFSET(펀드_거래,MATCH($D21,OFFSET(펀드_거래,0,0,ROWS(펀드_거래),1),0)-1,2,COUNTIF(펀드_거래,$D21),1), OFFSET(펀드_거래,MATCH($D21,OFFSET(펀드_거래,0,0,ROWS(펀드_거래),1),0)-1,3,COUNTIF(펀드_거래,$D21),1) ) ), "N/A", XIRR( OFFSET(펀드_거래,MATCH($D21,OFFSET(펀드_거래,0,0,ROWS(펀드_거래),1),0)-1,2,COUNTIF(펀드_거래,$D21),1), OFFSET(펀드_거래,MATCH($D21,OFFSET(펀드_거래,0,0,ROWS(펀드_거래),1),0)-1,3,COUNTIF(펀드_거래,$D21),1), IF(SUM(OFFSET(펀드_거래,MATCH($D21,OFFSET(펀드_거래,0,0,ROWS(펀드_거래),1),0)-1,2,COUNTIF(펀드_거래,$D21),1))>0, 1%, -1%) ) ) ) | Y21: =IF( ISBLANK($D21), "", IF(ISNUMBER(O21), (AD21+AE21+AF21+AI21-AJ21)/O21, "N/A") ) | Z21: =IF( ISBLANK($D21), "", SUMPRODUCT( (OFFSET(제안사_투자현황,0,1,ROWS(제안사_투자현황),1)=$D21)*1, ISTEXT(OFFSET(제안사_투자현황,0,3,ROWS(제안사_투자현황),1))*1 ) ) | AA21: =IF( ISBLANK($D21), "0", SUMPRODUCT( (OFFSET(제안사_투자현황,0,1,ROWS(제안사_투자현황),1)=$D21)*1, OFFSET(제안사_투자현황,0,9,ROWS(제안사_투자현황),1)) ) -> 0 | AB21: =IF( ISBLANK($D21), "", SUMPRODUCT( (OFFSET(제안사_투자현황,0,1,ROWS(제안사_투자현황),1)=$D21)*1, OFFSET(제안사_투자현황,0,14,ROWS(제안사_투자현황),1)) ) | AC21: =IF( ISBLANK($D21), "", SUMPRODUCT( (OFFSET(제안사_투자현황,0,1,ROWS(제안사_투자현황),1)=$D21)*1, OFFSET(제안사_투자현황,0,19,ROWS(제안사_투자현황),1)) ) | AD21: =IF( ISBLANK($D21), "", SUMPRODUCT( (OFFSET(제안사_투자현황,0,1,ROWS(제안사_투자현황),1)=$D21)*1, OFFSET(제안사_투자현황,0,20,ROWS(제안사_투자현황),1)) ) | AE21: =IF( ISBLANK($D21), "", SUMPRODUCT( (OFFSET(펀드_거래,0,0,ROWS(펀드_거래),1)=$D21)*1, (OFFSET(펀드_거래,0,1,ROWS(펀드_거래),1)="현금분배")*1, OFFSET(펀드_거래,0,2,ROWS(펀드_거래),1)/1000000 ) + SUMPRODUCT( (OFFSET(펀드_거래,0,0,ROWS(펀드_거래),1)=$D21)*1, (OFFSET(펀드_거래,0,1,ROWS(펀드_거래),1)="현물분배")*1, OFFSET(펀드_거래,0,2,ROWS(펀드_거래),1)/1000000 ) ) | AF21: =IF( ISBLANK($D21), "", SUMPRODUCT( (OFFSET(펀드_거래,0,0,ROWS(펀드_거래),1)=$D21)*1, (OFFSET(펀드_거래,0,1,ROWS(펀드_거래),1)="성과보수")*1, OFFSET(펀드_거래,0,2,ROWS(펀드_거래),1)/1000000) ) | AK21: =IF( ISERROR(AD21+AI21-AJ21), "", AD21+AI21-AJ21 ) | AY21: =SUMIF('4.2.펀드 인력변경 이력'!A:A,D21,'4.2.펀드 인력변경 이력'!F:F) -> 0 | AZ21: =SUMIF('4.2.펀드 인력변경 이력'!A:A,D21,'4.2.펀드 인력변경 이력'!G:G) -> 0 | BA21: =IF(D21="","",IF(AZ21=0,3,IF(AY21/AZ21>3,3,AY21/AZ21)))
T22: =IF(ISBLANK(P22),"",DATEDIF(P22,R22,"d")/365) | X22: =IF(ISBLANK($D22), "", IF( ISERROR( XIRR( OFFSET(펀드_거래,MATCH($D22,OFFSET(펀드_거래,0,0,ROWS(펀드_거래),1),0)-1,2,COUNTIF(펀드_거래,$D22),1), OFFSET(펀드_거래,MATCH($D22,OFFSET(펀드_거래,0,0,ROWS(펀드_거래),1),0)-1,3,COUNTIF(펀드_거래,$D22),1) ) ), "N/A", XIRR( OFFSET(펀드_거래,MATCH($D22,OFFSET(펀드_거래,0,0,ROWS(펀드_거래),1),0)-1,2,COUNTIF(펀드_거래,$D22),1), OFFSET(펀드_거래,MATCH($D22,OFFSET(펀드_거래,0,0,ROWS(펀드_거래),1),0)-1,3,COUNTIF(펀드_거래,$D22),1), IF(SUM(OFFSET(펀드_거래,MATCH($D22,OFFSET(펀드_거래,0,0,ROWS(펀드_거래),1),0)-1,2,COUNTIF(펀드_거래,$D22),1))>0, 1%, -1%) ) ) ) | Y22: =IF( ISBLANK($D22), "", IF(ISNUMBER(O22), (AD22+AE22+AF22+AI22-AJ22)/O22, "N/A") ) | Z22: =IF( ISBLANK($D22), "", SUMPRODUCT( (OFFSET(제안사_투자현황,0,1,ROWS(제안사_투자현황),1)=$D22)*1, ISTEXT(OFFSET(제안사_투자현황,0,3,ROWS(제안사_투자현황),1))*1 ) ) | AA22: =IF( ISBLANK($D22), "0", SUMPRODUCT( (OFFSET(제안사_투자현황,0,1,ROWS(제안사_투자현황),1)=$D22)*1, OFFSET(제안사_투자현황,0,9,ROWS(제안사_투자현황),1)) ) -> 0 | AB22: =IF( ISBLANK($D22), "", SUMPRODUCT( (OFFSET(제안사_투자현황,0,1,ROWS(제안사_투자현황),1)=$D22)*1, OFFSET(제안사_투자현황,0,14,ROWS(제안사_투자현황),1)) ) | AC22: =IF( ISBLANK($D22), "", SUMPRODUCT( (OFFSET(제안사_투자현황,0,1,ROWS(제안사_투자현황),1)=$D22)*1, OFFSET(제안사_투자현황,0,19,ROWS(제안사_투자현황),1)) ) | AD22: =IF( ISBLANK($D22), "", SUMPRODUCT( (OFFSET(제안사_투자현황,0,1,ROWS(제안사_투자현황),1)=$D22)*1, OFFSET(제안사_투자현황,0,20,ROWS(제안사_투자현황),1)) ) | AE22: =IF( ISBLANK($D22), "", SUMPRODUCT( (OFFSET(펀드_거래,0,0,ROWS(펀드_거래),1)=$D22)*1, (OFFSET(펀드_거래,0,1,ROWS(펀드_거래),1)="현금분배")*1, OFFSET(펀드_거래,0,2,ROWS(펀드_거래),1)/1000000 ) + SUMPRODUCT( (OFFSET(펀드_거래,0,0,ROWS(펀드_거래),1)=$D22)*1, (OFFSET(펀드_거래,0,1,ROWS(펀드_거래),1)="현물분배")*1, OFFSET(펀드_거래,0,2,ROWS(펀드_거래),1)/1000000 ) ) | AF22: =IF( ISBLANK($D22), "", SUMPRODUCT( (OFFSET(펀드_거래,0,0,ROWS(펀드_거래),1)=$D22)*1, (OFFSET(펀드_거래,0,1,ROWS(펀드_거래),1)="성과보수")*1, OFFSET(펀드_거래,0,2,ROWS(펀드_거래),1)/1000000) ) | AK22: =IF( ISERROR(AD22+AI22-AJ22), "", AD22+AI22-AJ22 ) | AY22: =SUMIF('4.2.펀드 인력변경 이력'!A:A,D22,'4.2.펀드 인력변경 이력'!F:F) -> 0 | AZ22: =SUMIF('4.2.펀드 인력변경 이력'!A:A,D22,'4.2.펀드 인력변경 이력'!G:G) -> 0 | BA22: =IF(D22="","",IF(AZ22=0,3,IF(AY22/AZ22>3,3,AY22/AZ22)))
T23: =IF(ISBLANK(P23),"",DATEDIF(P23,R23,"d")/365) | X23: =IF(ISBLANK($D23), "", IF( ISERROR( XIRR( OFFSET(펀드_거래,MATCH($D23,OFFSET(펀드_거래,0,0,ROWS(펀드_거래),1),0)-1,2,COUNTIF(펀드_거래,$D23),1), OFFSET(펀드_거래,MATCH($D23,OFFSET(펀드_거래,0,0,ROWS(펀드_거래),1),0)-1,3,COUNTIF(펀드_거래,$D23),1) ) ), "N/A", XIRR( OFFSET(펀드_거래,MATCH($D23,OFFSET(펀드_거래,0,0,ROWS(펀드_거래),1),0)-1,2,COUNTIF(펀드_거래,$D23),1), OFFSET(펀드_거래,MATCH($D23,OFFSET(펀드_거래,0,0,ROWS(펀드_거래),1),0)-1,3,COUNTIF(펀드_거래,$D23),1), IF(SUM(OFFSET(펀드_거래,MATCH($D23,OFFSET(펀드_거래,0,0,ROWS(펀드_거래),1),0)-1,2,COUNTIF(펀드_거래,$D23),1))>0, 1%, -1%) ) ) ) | Y23: =IF( ISBLANK($D23), "", IF(ISNUMBER(O23), (AD23+AE23+AF23+AI23-AJ23)/O23, "N/A") ) | Z23: =IF( ISBLANK($D23), "", SUMPRODUCT( (OFFSET(제안사_투자현황,0,1,ROWS(제안사_투자현황),1)=$D23)*1, ISTEXT(OFFSET(제안사_투자현황,0,3,ROWS(제안사_투자현황),1))*1 ) ) | AA23: =IF( ISBLANK($D23), "0", SUMPRODUCT( (OFFSET(제안사_투자현황,0,1,ROWS(제안사_투자현황),1)=$D23)*1, OFFSET(제안사_투자현황,0,9,ROWS(제안사_투자현황),1)) ) -> 0 | AB23: =IF( ISBLANK($D23), "", SUMPRODUCT( (OFFSET(제안사_투자현황,0,1,ROWS(제안사_투자현황),1)=$D23)*1, OFFSET(제안사_투자현황,0,14,ROWS(제안사_투자현황),1)) ) | AC23: =IF( ISBLANK($D23), "", SUMPRODUCT( (OFFSET(제안사_투자현황,0,1,ROWS(제안사_투자현황),1)=$D23)*1, OFFSET(제안사_투자현황,0,19,ROWS(제안사_투자현황),1)) ) | AD23: =IF( ISBLANK($D23), "", SUMPRODUCT( (OFFSET(제안사_투자현황,0,1,ROWS(제안사_투자현황),1)=$D23)*1, OFFSET(제안사_투자현황,0,20,ROWS(제안사_투자현황),1)) ) | AE23: =IF( ISBLANK($D23), "", SUMPRODUCT( (OFFSET(펀드_거래,0,0,ROWS(펀드_거래),1)=$D23)*1, (OFFSET(펀드_거래,0,1,ROWS(펀드_거래),1)="현금분배")*1, OFFSET(펀드_거래,0,2,ROWS(펀드_거래),1)/1000000 ) + SUMPRODUCT( (OFFSET(펀드_거래,0,0,ROWS(펀드_거래),1)=$D23)*1, (OFFSET(펀드_거래,0,1,ROWS(펀드_거래),1)="현물분배")*1, OFFSET(펀드_거래,0,2,ROWS(펀드_거래),1)/1000000 ) ) | AF23: =IF( ISBLANK($D23), "", SUMPRODUCT( (OFFSET(펀드_거래,0,0,ROWS(펀드_거래),1)=$D23)*1, (OFFSET(펀드_거래,0,1,ROWS(펀드_거래),1)="성과보수")*1, OFFSET(펀드_거래,0,2,ROWS(펀드_거래),1)/1000000) ) | AK23: =IF( ISERROR(AD23+AI23-AJ23), "", AD23+AI23-AJ23 ) | AY23: =SUMIF('4.2.펀드 인력변경 이력'!A:A,D23,'4.2.펀드 인력변경 이력'!F:F) -> 0 | AZ23: =SUMIF('4.2.펀드 인력변경 이력'!A:A,D23,'4.2.펀드 인력변경 이력'!G:G) -> 0 | BA23: =IF(D23="","",IF(AZ23=0,3,IF(AY23/AZ23>3,3,AY23/AZ23)))
T24: =IF(ISBLANK(P24),"",DATEDIF(P24,R24,"d")/365) | X24: =IF(ISBLANK($D24), "", IF( ISERROR( XIRR( OFFSET(펀드_거래,MATCH($D24,OFFSET(펀드_거래,0,0,ROWS(펀드_거래),1),0)-1,2,COUNTIF(펀드_거래,$D24),1), OFFSET(펀드_거래,MATCH($D24,OFFSET(펀드_거래,0,0,ROWS(펀드_거래),1),0)-1,3,COUNTIF(펀드_거래,$D24),1) ) ), "N/A", XIRR( OFFSET(펀드_거래,MATCH($D24,OFFSET(펀드_거래,0,0,ROWS(펀드_거래),1),0)-1,2,COUNTIF(펀드_거래,$D24),1), OFFSET(펀드_거래,MATCH($D24,OFFSET(펀드_거래,0,0,ROWS(펀드_거래),1),0)-1,3,COUNTIF(펀드_거래,$D24),1), IF(SUM(OFFSET(펀드_거래,MATCH($D24,OFFSET(펀드_거래,0,0,ROWS(펀드_거래),1),0)-1,2,COUNTIF(펀드_거래,$D24),1))>0, 1%, -1%) ) ) ) | Y24: =IF( ISBLANK($D24), "", IF(ISNUMBER(O24), (AD24+AE24+AF24+AI24-AJ24)/O24, "N/A") ) | Z24: =IF( ISBLANK($D24), "", SUMPRODUCT( (OFFSET(제안사_투자현황,0,1,ROWS(제안사_투자현황),1)=$D24)*1, ISTEXT(OFFSET(제안사_투자현황,0,3,ROWS(제안사_투자현황),1))*1 ) ) | AA24: =IF( ISBLANK($D24), "0", SUMPRODUCT( (OFFSET(제안사_투자현황,0,1,ROWS(제안사_투자현황),1)=$D24)*1, OFFSET(제안사_투자현황,0,9,ROWS(제안사_투자현황),1)) ) -> 0 | AB24: =IF( ISBLANK($D24), "", SUMPRODUCT( (OFFSET(제안사_투자현황,0,1,ROWS(제안사_투자현황),1)=$D24)*1, OFFSET(제안사_투자현황,0,14,ROWS(제안사_투자현황),1)) ) | AC24: =IF( ISBLANK($D24), "", SUMPRODUCT( (OFFSET(제안사_투자현황,0,1,ROWS(제안사_투자현황),1)=$D24)*1, OFFSET(제안사_투자현황,0,19,ROWS(제안사_투자현황),1)) ) | AD24: =IF( ISBLANK($D24), "", SUMPRODUCT( (OFFSET(제안사_투자현황,0,1,ROWS(제안사_투자현황),1)=$D24)*1, OFFSET(제안사_투자현황,0,20,ROWS(제안사_투자현황),1)) ) | AE24: =IF( ISBLANK($D24), "", SUMPRODUCT( (OFFSET(펀드_거래,0,0,ROWS(펀드_거래),1)=$D24)*1, (OFFSET(펀드_거래,0,1,ROWS(펀드_거래),1)="현금분배")*1, OFFSET(펀드_거래,0,2,ROWS(펀드_거래),1)/1000000 ) + SUMPRODUCT( (OFFSET(펀드_거래,0,0,ROWS(펀드_거래),1)=$D24)*1, (OFFSET(펀드_거래,0,1,ROWS(펀드_거래),1)="현물분배")*1, OFFSET(펀드_거래,0,2,ROWS(펀드_거래),1)/1000000 ) ) | AF24: =IF( ISBLANK($D24), "", SUMPRODUCT( (OFFSET(펀드_거래,0,0,ROWS(펀드_거래),1)=$D24)*1, (OFFSET(펀드_거래,0,1,ROWS(펀드_거래),1)="성과보수")*1, OFFSET(펀드_거래,0,2,ROWS(펀드_거래),1)/1000000) ) | AK24: =IF( ISERROR(AD24+AI24-AJ24), "", AD24+AI24-AJ24 ) | AY24: =SUMIF('4.2.펀드 인력변경 이력'!A:A,D24,'4.2.펀드 인력변경 이력'!F:F) -> 0 | AZ24: =SUMIF('4.2.펀드 인력변경 이력'!A:A,D24,'4.2.펀드 인력변경 이력'!G:G) -> 0 | BA24: =IF(D24="","",IF(AZ24=0,3,IF(AY24/AZ24>3,3,AY24/AZ24)))
T25: =IF(ISBLANK(P25),"",DATEDIF(P25,R25,"d")/365) | X25: =IF(ISBLANK($D25), "", IF( ISERROR( XIRR( OFFSET(펀드_거래,MATCH($D25,OFFSET(펀드_거래,0,0,ROWS(펀드_거래),1),0)-1,2,COUNTIF(펀드_거래,$D25),1), OFFSET(펀드_거래,MATCH($D25,OFFSET(펀드_거래,0,0,ROWS(펀드_거래),1),0)-1,3,COUNTIF(펀드_거래,$D25),1) ) ), "N/A", XIRR( OFFSET(펀드_거래,MATCH($D25,OFFSET(펀드_거래,0,0,ROWS(펀드_거래),1),0)-1,2,COUNTIF(펀드_거래,$D25),1), OFFSET(펀드_거래,MATCH($D25,OFFSET(펀드_거래,0,0,ROWS(펀드_거래),1),0)-1,3,COUNTIF(펀드_거래,$D25),1), IF(SUM(OFFSET(펀드_거래,MATCH($D25,OFFSET(펀드_거래,0,0,ROWS(펀드_거래),1),0)-1,2,COUNTIF(펀드_거래,$D25),1))>0, 1%, -1%) ) ) ) | Y25: =IF( ISBLANK($D25), "", IF(ISNUMBER(O25), (AD25+AE25+AF25+AI25-AJ25)/O25, "N/A") ) | Z25: =IF( ISBLANK($D25), "", SUMPRODUCT( (OFFSET(제안사_투자현황,0,1,ROWS(제안사_투자현황),1)=$D25)*1, ISTEXT(OFFSET(제안사_투자현황,0,3,ROWS(제안사_투자현황),1))*1 ) ) | AA25: =IF( ISBLANK($D25), "0", SUMPRODUCT( (OFFSET(제안사_투자현황,0,1,ROWS(제안사_투자현황),1)=$D25)*1, OFFSET(제안사_투자현황,0,9,ROWS(제안사_투자현황),1)) ) -> 0 | AB25: =IF( ISBLANK($D25), "", SUMPRODUCT( (OFFSET(제안사_투자현황,0,1,ROWS(제안사_투자현황),1)=$D25)*1, OFFSET(제안사_투자현황,0,14,ROWS(제안사_투자현황),1)) ) | AC25: =IF( ISBLANK($D25), "", SUMPRODUCT( (OFFSET(제안사_투자현황,0,1,ROWS(제안사_투자현황),1)=$D25)*1, OFFSET(제안사_투자현황,0,19,ROWS(제안사_투자현황),1)) ) | AD25: =IF( ISBLANK($D25), "", SUMPRODUCT( (OFFSET(제안사_투자현황,0,1,ROWS(제안사_투자현황),1)=$D25)*1, OFFSET(제안사_투자현황,0,20,ROWS(제안사_투자현황),1)) ) | AE25: =IF( ISBLANK($D25), "", SUMPRODUCT( (OFFSET(펀드_거래,0,0,ROWS(펀드_거래),1)=$D25)*1, (OFFSET(펀드_거래,0,1,ROWS(펀드_거래),1)="현금분배")*1, OFFSET(펀드_거래,0,2,ROWS(펀드_거래),1)/1000000 ) + SUMPRODUCT( (OFFSET(펀드_거래,0,0,ROWS(펀드_거래),1)=$D25)*1, (OFFSET(펀드_거래,0,1,ROWS(펀드_거래),1)="현물분배")*1, OFFSET(펀드_거래,0,2,ROWS(펀드_거래),1)/1000000 ) ) | AF25: =IF( ISBLANK($D25), "", SUMPRODUCT( (OFFSET(펀드_거래,0,0,ROWS(펀드_거래),1)=$D25)*1, (OFFSET(펀드_거래,0,1,ROWS(펀드_거래),1)="성과보수")*1, OFFSET(펀드_거래,0,2,ROWS(펀드_거래),1)/1000000) ) | AK25: =IF( ISERROR(AD25+AI25-AJ25), "", AD25+AI25-AJ25 ) | AY25: =SUMIF('4.2.펀드 인력변경 이력'!A:A,D25,'4.2.펀드 인력변경 이력'!F:F) -> 0 | AZ25: =SUMIF('4.2.펀드 인력변경 이력'!A:A,D25,'4.2.펀드 인력변경 이력'!G:G) -> 0 | BA25: =IF(D25="","",IF(AZ25=0,3,IF(AY25/AZ25>3,3,AY25/AZ25)))
... T199: =IF(ISBLANK(P199),"",DATEDIF(P199,R199,"d")/365) | X199: =IF(ISBLANK($D199), "", IF( ISERROR( XIRR( OFFSET(펀드_거래,MATCH($D199,OFFSET(펀드_거래,0,0,ROWS(펀드_거래),1),0)-1,2,COUNTIF(펀드_거래,$D199),1), OFFSET(펀드_거래,MATCH($D199,OFFSET(펀드_거래,0,0,ROWS(펀드_거래),1),0)-1,3,COUNTIF(펀드_거래,$D199),1) ) ), "N/A", XIRR( OFFSET(펀드_거래,MATCH($D199,OFFSET(펀드_거래,0,0,ROWS(펀드_거래),1),0)-1,2,COUNTIF(펀드_거래,$D199),1), OFFSET(펀드_거래,MATCH($D199,OFFSET(펀드_거래,0,0,ROWS(펀드_거래),1),0)-1,3,COUNTIF(펀드_거래,$D199),1), IF(SUM(OFFSET(펀드_거래,MATCH($D199,OFFSET(펀드_거래,0,0,ROWS(펀드_거래),1),0)-1,2,COUNTIF(펀드_거래,$D199),1))>0, 1%, -1%) ) ) ) | Y199: =IF( ISBLANK($D199), "", IF(ISNUMBER(O199), (AD199+AE199+AF199+AI199-AJ199)/O199, "N/A") ) | Z199: =IF( ISBLANK($D199), "", SUMPRODUCT( (OFFSET(제안사_투자현황,0,1,ROWS(제안사_투자현황),1)=$D199)*1, ISTEXT(OFFSET(제안사_투자현황,0,3,ROWS(제안사_투자현황),1))*1 ) ) | AA199: =IF( ISBLANK($D199), "0", SUMPRODUCT( (OFFSET(제안사_투자현황,0,1,ROWS(제안사_투자현황),1)=$D199)*1, OFFSET(제안사_투자현황,0,9,ROWS(제안사_투자현황),1)) ) -> 0 | AB199: =IF( ISBLANK($D199), "", SUMPRODUCT( (OFFSET(제안사_투자현황,0,1,ROWS(제안사_투자현황),1)=$D199)*1, OFFSET(제안사_투자현황,0,14,ROWS(제안사_투자현황),1)) ) | AC199: =IF( ISBLANK($D199), "", SUMPRODUCT( (OFFSET(제안사_투자현황,0,1,ROWS(제안사_투자현황),1)=$D199)*1, OFFSET(제안사_투자현황,0,19,ROWS(제안사_투자현황),1)) ) | AD199: =IF( ISBLANK($D199), "", SUMPRODUCT( (OFFSET(제안사_투자현황,0,1,ROWS(제안사_투자현황),1)=$D199)*1, OFFSET(제안사_투자현황,0,20,ROWS(제안사_투자현황),1)) ) | AE199: =IF( ISBLANK($D199), "", SUMPRODUCT( (OFFSET(펀드_거래,0,0,ROWS(펀드_거래),1)=$D199)*1, (OFFSET(펀드_거래,0,1,ROWS(펀드_거래),1)="현금분배")*1, OFFSET(펀드_거래,0,2,ROWS(펀드_거래),1)/1000000 ) + SUMPRODUCT( (OFFSET(펀드_거래,0,0,ROWS(펀드_거래),1)=$D199)*1, (OFFSET(펀드_거래,0,1,ROWS(펀드_거래),1)="현물분배")*1, OFFSET(펀드_거래,0,2,ROWS(펀드_거래),1)/1000000 ) ) | AF199: =IF( ISBLANK($D199), "", SUMPRODUCT( (OFFSET(펀드_거래,0,0,ROWS(펀드_거래),1)=$D199)*1, (OFFSET(펀드_거래,0,1,ROWS(펀드_거래),1)="성과보수")*1, OFFSET(펀드_거래,0,2,ROWS(펀드_거래),1)/1000000) ) | AK199: =IF( ISERROR(AD199+AI199-AJ199), "", AD199+AI199-AJ199 ) | AY199: =SUMIF('4.2.펀드 인력변경 이력'!A:A,D199,'4.2.펀드 인력변경 이력'!F:F) -> 0 | AZ199: =SUMIF('4.2.펀드 인력변경 이력'!A:A,D199,'4.2.펀드 인력변경 이력'!G:G) -> 0 | BA199: =IF(D199="","",IF(AZ199=0,3,IF(AY199/AZ199>3,3,AY199/AZ199)))

Sheet 2.4.1.제안사 투자현황
A1: RFPID | B1: GPID | C1: Seq | D1: FinancialResource | E1: FundName | F1: FundCompanySSN | G1: InvtComName | J1: MainIndustryDesc | K1: InvestYMD | L1: TujaTypeDesc | M1: InvestAmt | N1: IsCollectedDesc | O1: PropFundInvtComIRR | P1: JointInvestor | Q1: CollectYMD | R1: CollectAmt | S1: CollectBV | T1: CollectMethodDesc | V1: IsMarketableDesc | W1: AmtBal | X1: AmtBalValue | Y1: AmtBalValueDesc | Z1: ContactPersonName | AC1: OtherRemark | AD1: InvComDate | AE1: StartComConf | AF1: StartInvYMD | AG1: StartComConf
D3: 투자 | Q3: 회수투자자산 | V3: 미회수투자자산 | AA3: 손상차손 | AC3: 기타사항 | AD3: 피투자기업 설립일 | AF3: 설립 ~ 투자 | AG3: 주요 제품 및 서비스 | AH3: 투자원금 검증
A4: 모집단위ID | B4: 운용사ID | C4: 일련번호 | D4: 투자계정 구분 | E4: 펀드명 | F4: 펀드사업자 등록번호 | G4: 피투자기업명 | H4: 기업규모 | I4: 피투자기업 법인유형 | J4: 피투자기업 주요산업분야 | K4: 투자일 | L4: 투자유형 | M4: 투자금액 | N4: 회수구분 | O4: 투자 수익률 (IRR) | P4: 동반투자자 | Q4: 최종회수일 | R4: 회수총액 | S4: 투자원금 | T4: 회수방법 | U4: 투자기간 | V4: 시장성유무 | W4: 투자원금 | X4: 가치 | Y4: 가치산출근거 | Z4: 현재 담당자 성명 | AA4: 손상차손인식여부 | AB4: 투자원금
D5: 0 | E5: 1 | F5: 2 | G5: 3 | H5: 4 | I5: 5 | J5: 6 | K5: 7 | L5: 8 | M5: 9 | N5: 10 | O5: 11 | P5: 12 | Q5: 13 | R5: 14 | S5: 15 | T5: 16 | U5: 17 | V5: 18 | W5: 19 | X5: 20 | Y5: 21 | Z5: 22 | AA5: 23 | AB5: 24 | AC5: 25 | AD5: 26 | AE5: 27 | AF5: 28 | AG5: 29 | AH5: 30
D11: 펀드계정 | E11: 펀드1호 | F11: =IF(ISBLANK($E11),"",VLOOKUP($E11,제안사_펀드현황,2,FALSE)) -> 000-00-00000 | G11: A투자조합 | H11: 중소(벤처) | I11: 기타 | J11: 기타금융투자업 | K11: 39934 | L11: 보통주 | M11: 3000 | N11: 회수료 | O11: 0.02 | Q11: 40179 | R11: 4000 | S11: 3000 | T11: 코스닥 | U11: =IF(ISBLANK(Q11),"",DATEDIF(K11,Q11,"d")/365) -> 0.67123288 | AA11: 해당사항 없음 | AD11: 36330 | AF11: =IF((K11-AD11)/365>0,(K11-AD11)/365,"") -> 9.8739726 | AH11: =M11=S11+W11+AB11 -> TRUE
D12: 펀드계정 | E12: 펀드1호 | F12: =IF(ISBLANK($E12),"",VLOOKUP($E12,제안사_펀드현황,2,FALSE)) -> 000-00-00000 | G12: ABC Inc. | H12: 중견 | I12: 국내설립법인 또는 해외현지법인 | J12: 전자/반도체 | K12: 40299 | L12: CB | M12: 2000 | N12: 부분회수 | Q12: 41733 | R12: 0 | S12: 0 | T12: 거래소 | U12: =IF(ISBLANK(Q12),"",DATEDIF(K12,Q12,"d")/365) -> 3.9287671 | V12: YES | W12: 2000 | X12: 2075.0515 | Y12: 12.06.13 거래소 종가 | Z12: 이00 | AA12: 해당사항 없음 | AD12: 37987 | AF12: =IF((K12-AD12)/365>0,(K12-AD12)/365,"") -> 6.3342466 | AH12: =M12=S12+W12+AB12 -> TRUE
D13: 펀드계정 | E13: 펀드1호 | F13: =IF(ISBLANK($E13),"",VLOOKUP($E13,제안사_펀드현황,2,FALSE)) -> 000-00-00000 | G13: CDE Inc. | H13: 기타 | I13: 외국법인 | J13: 바이오 | K13: 40637 | L13: 우선주 | M13: 999.99188 | N13: 미회수 | U13: =IF(ISBLANK(Q13),"",DATEDIF(K13,Q13,"d")/365) | V13: NO | W13: 999.99188 | X13: 999.99188 | Y13: 11.12.31장부가액 | Z13: 김00 | AA13: 해당사항 없음 | AD13: 37987 | AF13: =IF((K13-AD13)/365>0,(K13-AD13)/365,"") -> 7.260274 | AH13: =M13=S13+W13+AB13 -> TRUE
D14: 펀드계정 | E14: 펀드2호 | F14: =IF(ISBLANK($E14),"",VLOOKUP($E14,제안사_펀드현황,2,FALSE)) -> 000-00-00001 | G14: 가나다㈜ | I14: 국내설립법인 또는 해외현지법인 | J14: 기타 | K14: 39904 | L14: BW | M14: 1000 | N14: 부분회수 | Q14: 40220 | R14: 100 | S14: 100 | T14: 운용사고유계정매각 | U14: =IF(ISBLANK(Q14),"",DATEDIF(K14,Q14,"d")/365) -> 0.86575342 | V14: NO | W14: 900 | X14: 900 | Y14: 11.12.31장부가액 | Z14: 이00 | AA14: 해당사항 없음 | AD14: 37623 | AF14: =IF((K14-AD14)/365>0,(K14-AD14)/365,"") -> 6.2493151 | AH14: =M14=S14+W14+AB14 -> TRUE
D15: 펀드계정 | E15: 펀드2호 | F15: =IF(ISBLANK($E15),"",VLOOKUP($E15,제안사_펀드현황,2,FALSE)) -> 000-00-00001 | G15: ㈜가나다 | I15: 국내설립법인 또는 해외현지법인 | J15: 산업재 | K15: 39904 | L15: 우선주 | M15: 999.999 | N15: 회수료 | O15: 0.06 | Q15: 40149 | R15: 1150 | S15: 1000 | T15: 상환 | U15: =IF(ISBLANK(Q15),"",DATEDIF(K15,Q15,"d")/365) -> 0.67123288 | AA15: 해당사항 없음 | AD15: 37624 | AF15: =IF((K15-AD15)/365>0,(K15-AD15)/365,"") -> 6.2465753 | AH15: =M15=S15+W15+AB15 -> FALSE
D16: 펀드계정 | E16: 펀드2호 | F16: =IF(ISBLANK($E16),"",VLOOKUP($E16,제안사_펀드현황,2,FALSE)) -> 000-00-00001 | G16: 라마바㈜ | I16: 외국법인 | J16: 엔터테인먼트 | K16: 39965 | L16: 기타 주식연계채권 | M16: 7000 | N16: 부분회수 | Q16: 40064 | R16: 1200 | S16: 1000 | T16: 환매 | U16: =IF(ISBLANK(Q16),"",DATEDIF(K16,Q16,"d")/365) -> 0.27123288 | V16: NO | W16: 6000 | X16: 7444.5257 | Y16: 11.12.31장부가액 | AA16: 해당사항 없음 | AD16: 37625 | AF16: =IF((K16-AD16)/365>0,(K16-AD16)/365,"") -> 6.4109589 | AH16: =M16=S16+W16+AB16 -> TRUE
D17: 펀드계정 | E17: 펀드3호 | F17: =IF(ISBLANK($E17),"",VLOOKUP($E17,제안사_펀드현황,2,FALSE)) -> 000-00-00002 | G17: GHI Inc. | I17: 국내설립법인 또는 해외현지법인 | J17: 전자/반도체 | K17: 40179 | L17: 기타 주식연계채권 | M17: 2000 | N17: 부분회수 | Q17: 40785 | U17: =IF(ISBLANK(Q17),"",DATEDIF(K17,Q17,"d")/365) -> 1.660274 | V17: NO | W17: 2000 | X17: 20 | Y17: 11.12.31장부가액 | AA17: 해당사항 없음 | AC17: SPC통한투자 | AD17: 37626 | AF17: =IF((K17-AD17)/365>0,(K17-AD17)/365,"") -> 6.9945205 | AH17: =M17=S17+W17+AB17 -> TRUE
D18: 펀드계정 | E18: 펀드3호 | F18: =IF(ISBLANK($E18),"",VLOOKUP($E18,제안사_펀드현황,2,FALSE)) -> 000-00-00002 | G18: AAA Inc. | I18: 국내설립법인 또는 해외현지법인 | J18: 전자/반도체 | K18: 40544 | L18: 우선주 | M18: 2000 | N18: 미회수 | U18: =IF(ISBLANK(Q18),"",DATEDIF(K18,Q18,"d")/365) | V18: NO | W18: 2000 | X18: 2000 | Y18: 11.12.31장부가액 | AA18: 해당사항 없음 | AD18: 37627 | AF18: =IF((K18-AD18)/365>0,(K18-AD18)/365,"") -> 7.9917808 | AH18: =M18=S18+W18+AB18 -> TRUE
D19: 고유계정 | F19: =IF(ISBLANK($E19),"",VLOOKUP($E19,제안사_펀드현황,2,FALSE)) | G19: A 프로젝트 | I19: 국내설립법인 또는 해외현지법인 | J19: 바이오 | K19: 40179 | L19: 펀드청산시고유계정투자 | M19: 1000 | N19: 회수료 | O19: -1 | U19: =IF(ISBLANK(Q19),"",DATEDIF(K19,Q19,"d")/365) | V19: NO | AA19: 전액 손상차손 | AB19: 1000 | AD19: 37628 | AF19: =IF((K19-AD19)/365>0,(K19-AD19)/365,"") -> 6.9890411 | AH19: =M19=S19+W19+AB19 -> TRUE
D20: 고유계정 | F20: =IF(ISBLANK($E20),"",VLOOKUP($E20,제안사_펀드현황,2,FALSE)) | G20: A 프로젝트 | I20: 국내설립법인 또는 해외현지법인 | J20: 바이오 | K20: 40179 | L20: 기타(프로젝트투자 등) | M20: 1000 | N20: 회수료 | U20: =IF(ISBLANK(Q20),"",DATEDIF(K20,Q20,"d")/365) | AF20: =IF((K20-AD20)/365>0,(K20-AD20)/365,"") -> 110.07945 | AH20: =M20=S20+W20+AB20 -> FALSE
F21: =IF(ISBLANK($E21),"",VLOOKUP($E21,제안사_펀드현황,2,FALSE)) | U21: =IF(ISBLANK(Q21),"",DATEDIF(K21,Q21,"d")/365) | AF21: =IF((K21-AD21)/365>0,(K21-AD21)/365,"") | AH21: =M21=S21+W21+AB21 -> TRUE
F22: =IF(ISBLANK($E22),"",VLOOKUP($E22,제안사_펀드현황,2,FALSE)) | U22: =IF(ISBLANK(Q22),"",DATEDIF(K22,Q22,"d")/365) | AF22: =IF((K22-AD22)/365>0,(K22-AD22)/365,"") | AH22: =M22=S22+W22+AB22 -> TRUE
F23: =IF(ISBLANK($E23),"",VLOOKUP($E23,제안사_펀드현황,2,FALSE)) | U23: =IF(ISBLANK(Q23),"",DATEDIF(K23,Q23,"d")/365) | AF23: =IF((K23-AD23)/365>0,(K23-AD23)/365,"") | AH23: =M23=S23+W23+AB23 -> TRUE
F24: =IF(ISBLANK($E24),"",VLOOKUP($E24,제안사_펀드현황,2,FALSE)) | U24: =IF(ISBLANK(Q24),"",DATEDIF(K24,Q24,"d")/365) | AF24: =IF((K24-AD24)/365>0,(K24-AD24)/365,"") | AH24: =M24=S24+W24+AB24 -> TRUE
F25: =IF(ISBLANK($E25),"",VLOOKUP($E25,제안사_펀드현황,2,FALSE)) | U25: =IF(ISBLANK(Q25),"",DATEDIF(K25,Q25,"d")/365) | AF25: =IF((K25-AD25)/365>0,(K25-AD25)/365,"") | AH25: =M25=S25+W25+AB25 -> TRUE
F26: =IF(ISBLANK($E26),"",VLOOKUP($E26,제안사_펀드현황,2,FALSE)) | U26: =IF(ISBLANK(Q26),"",DATEDIF(K26,Q26,"d")/365) | AF26: =IF((K26-AD26)/365>0,(K26-AD26)/365,"") | AH26: =M26=S26+W26+AB26 -> TRUE
F27: =IF(ISBLANK($E27),"",VLOOKUP($E27,제안사_펀드현황,2,FALSE)) | U27: =IF(ISBLANK(Q27),"",DATEDIF(K27,Q27,"d")/365) | AF27: =IF((K27-AD27)/365>0,(K27-AD27)/365,"") | AH27: =M27=S27+W27+AB27 -> TRUE
F28: =IF(ISBLANK($E28),"",VLOOKUP($E28,제안사_펀드현황,2,FALSE)) | U28: =IF(ISBLANK(Q28),"",DATEDIF(K28,Q28,"d")/365) | AF28: =IF((K28-AD28)/365>0,(K28-AD28)/365,"") | AH28: =M28=S28+W28+AB28 -> TRUE
F29: =IF(ISBLANK($E29),"",VLOOKUP($E29,제안사_펀드현황,2,FALSE)) | U29: =IF(ISBLANK(Q29),"",DATEDIF(K29,Q29,"d")/365) | AF29: =IF((K29-AD29)/365>0,(K29-AD29)/365,"") | AH29: =M29=S29+W29+AB29 -> TRUE
F30: =IF(ISBLANK($E30),"",VLOOKUP($E30,제안사_펀드현황,2,FALSE)) | U30: =IF(ISBLANK(Q30),"",DATEDIF(K30,Q30,"d")/365) | AF30: =IF((K30-AD30)/365>0,(K30-AD30)/365,"") | AH30: =M30=S30+W30+AB30 -> TRUE
F31: =IF(ISBLANK($E31),"",VLOOKUP($E31,제안사_펀드현황,2,FALSE)) | U31: =IF(ISBLANK(Q31),"",DATEDIF(K31,Q31,"d")/365) | AF31: =IF((K31-AD31)/365>0,(K31-AD31)/365,"") | AH31: =M31=S31+W31+AB31 -> TRUE
F32: =IF(ISBLANK($E32),"",VLOOKUP($E32,제안사_펀드현황,2,FALSE)) | U32: =IF(ISBLANK(Q32),"",DATEDIF(K32,Q32,"d")/365) | AF32: =IF((K32-AD32)/365>0,(K32-AD32)/365,"") | AH32: =M32=S32+W32+AB32 -> TRUE
... F415: =IF(ISBLANK($E415),"",VLOOKUP($E415,제안사_펀드현황,2,FALSE)) | U415: =IF(ISBLANK(Q415),"",DATEDIF(K415,Q415,"d")/365) | AF415: =IF((K415-AD415)/365>0,(K415-AD415)/365,"") | AH415: =M415=S415+W415+AB415 -> TRUE
F416: =IF(ISBLANK($E416),"",VLOOKUP($E416,제안사_펀드현황,2,FALSE)) | U416: =IF(ISBLANK(Q416),"",DATEDIF(K416,Q416,"d")/365) | AF416: =IF((K416-AD416)/365>0,(K416-AD416)/365,"") | AH416: =ROUND(M416,)=ROUND(S416,)+ROUND(W416,) -> TRUE
F417: =IF(ISBLANK($E417),"",VLOOKUP($E417,제안사_펀드현황,2,FALSE)) | U417: =IF(ISBLANK(Q417),"",DATEDIF(K417,Q417,"d")/365) | AF417: =IF((K417-AD417)/365>0,(K417-AD417)/365,"") | AH417: =ROUND(M417,)=ROUND(S417,)+ROUND(W417,) -> TRUE
F418: =IF(ISBLANK($E418),"",VLOOKUP($E418,제안사_펀드현황,2,FALSE)) | U418: =IF(ISBLANK(Q418),"",DATEDIF(K418,Q418,"d")/365) | AF418: =IF((K418-AD418)/365>0,(K418-AD418)/365,"") | AH418: =ROUND(M418,)=ROUND(S418,)+ROUND(W418,) -> TRUE
F419: =IF(ISBLANK($E419),"",VLOOKUP($E419,제안사_펀드현황,2,FALSE)) | U419: =IF(ISBLANK(Q419),"",DATEDIF(K419,Q419,"d")/365) | AF419: =IF((K419-AD419)/365>0,(K419-AD419)/365,"") | AH419: =ROUND(M419,)=ROUND(S419,)+ROUND(W419,) -> TRUE
F420: =IF(ISBLANK($E420),"",VLOOKUP($E420,제안사_펀드현황,2,FALSE)) | U420: =IF(ISBLANK(Q420),"",DATEDIF(K420,Q420,"d")/365) | AF420: =IF((K420-AD420)/365>0,(K420-AD420)/365,"") | AH420: =ROUND(M420,)=ROUND(S420,)+ROUND(W420,) -> TRUE
F421: =IF(ISBLANK($E421),"",VLOOKUP($E421,제안사_펀드현황,2,FALSE)) | U421: =IF(ISBLANK(Q421),"",DATEDIF(K421,Q421,"d")/365) | AF421: =IF((K421-AD421)/365>0,(K421-AD421)/365,"") | AH421: =ROUND(M421,)=ROUND(S421,)+ROUND(W421,) -> TRUE
F422: =IF(ISBLANK($E422),"",VLOOKUP($E422,제안사_펀드현황,2,FALSE)) | U422: =IF(ISBLANK(Q422),"",DATEDIF(K422,Q422,"d")/365) | AF422: =IF((K422-AD422)/365>0,(K422-AD422)/365,"") | AH422: =ROUND(M422,)=ROUND(S422,)+ROUND(W422,) -> TRUE
F423: =IF(ISBLANK($E423),"",VLOOKUP($E423,제안사_펀드현황,2,FALSE)) | U423: =IF(ISBLANK(Q423),"",DATEDIF(K423,Q423,"d")/365) | AF423: =IF((K423-AD423)/365>0,(K423-AD423)/365,"") | AH423: =ROUND(M423,)=ROUND(S423,)+ROUND(W423,) -> TRUE
F424: =IF(ISBLANK($E424),"",VLOOKUP($E424,제안사_펀드현황,2,FALSE)) | U424: =IF(ISBLANK(Q424),"",DATEDIF(K424,Q424,"d")/365) | AF424: =IF((K424-AD424)/365>0,(K424-AD424)/365,"") | AH424: =ROUND(M424,)=ROUND(S424,)+ROUND(W424,) -> TRUE
F425: =IF(ISBLANK($E425),"",VLOOKUP($E425,제안사_펀드현황,2,FALSE)) | U425: =IF(ISBLANK(Q425),"",DATEDIF(K425,Q425,"d")/365) | AF425: =IF((K425-AD425)/365>0,(K425-AD425)/365,"") | AH425: =ROUND(M425,)=ROUND(S425,)+ROUND(W425,) -> TRUE
F426: =IF(ISBLANK($E426),"",VLOOKUP($E426,제안사_펀드현황,2,FALSE)) | U426: =IF(ISBLANK(Q426),"",DATEDIF(K426,Q426,"d")/365) | AF426: =IF((K426-AD426)/365>0,(K426-AD426)/365,"") | AH426: =ROUND(M426,)=ROUND(S426,)+ROUND(W426,) -> TRUE
F427: =IF(ISBLANK($E427),"",VLOOKUP($E427,제안사_펀드현황,2,FALSE)) | U427: =IF(ISBLANK(Q427),"",DATEDIF(K427,Q427,"d")/365) | AF427: =IF((K427-AD427)/365>0,(K427-AD427)/365,"") | AH427: =ROUND(M427,)=ROUND(S427,)+ROUND(W427,) -> TRUE
... F1000: =IF(ISBLANK($E1000),"",VLOOKUP($E1000,제안사_펀드현황,2,FALSE)) | U1000: =IF(ISBLANK(Q1000),"",DATEDIF(K1000,Q1000,"d")/365) | AF1000: =IF((K1000-AD1000)/365>0,(K1000-AD1000)/365,"") | AH1000: =ROUND(M1000,)=ROUND(S1000,)+ROUND(W1000,) -> TRUE

Sheet 2.4.2.제안사 시스템반도체설계 투자현황
A1: RFPID | B1: GPID | C1: Seq | D1: FinancialResource | E1: FundName | F1: FundCompanySSN | G1: InvtComName | I1: MainIndustryDesc | J1: InvestYMD | K1: TujaTypeDesc | L1: InvestAmt | M1: IsCollectedDesc | N1: PropFundInvtComIRR | O1: JointInvestor | P1: CollectYMD | Q1: CollectAmt | R1: CollectBV | S1: CollectMethodDesc | U1: IsMarketableDesc | V1: AmtBal | W1: AmtBalValue | X1: AmtBalValueDesc | Y1: ContactPersonName | AB1: OtherRemark | AC1: InvComDate | AD1: StartComConf | AL1: StartComConf
D3: 투자 | P3: 회수투자자산 | U3: 미회수투자자산 | Z3: 손상차손 | AB3: 기타사항 | AC3: 피투자기업 설립일 | AF3: 팹리스/IP기업해당 시 기재 | AK3: 설립 ~ 투자 | AL3: 주요 제품 및 서비스 | AM3: 투자원금 검증
A4: 모집단위ID | B4: 운용사ID | C4: 일련번호 | D4: 투자계정 구분 | E4: 펀드명 | F4: 펀드사업자 등록번호 | G4: 피투자기업명 | H4: 피투자기업 법인유형 | I4: 피투자기업 주요산업분야 | J4: 투자일 | K4: 투자유형 | L4: 투자금액 | M4: 회수구분 | N4: 투자 수익률 (IRR) | O4: 동반투자자 | P4: 최종회수일 | Q4: 회수총액 | R4: 투자원금 | S4: 회수방법 | T4: 투자기간 | U4: 시장성유무 | V4: 투자원금 | W4: 가치 | X4: 가치산출근거 | Y4: 현재 담당자 성명 | Z4: 손상차손인식여부 | AA4: 투자원금 | AE4: 주목적해당유형 | AF4: 반도체 Chip Netlist 추출 시 구성요소로서 포함 여부(FPGA 경우 Nestlist 가능한 경우도 포함) | AG4: 설계인력 보유 및 해당부서 유무 (Behavior Level, RTL 디자인, Gate Level 등 디자인 설계) | AH4: 설계 Tool(EDA)를 사용하여 설계하는 지 여부 | AI4: 시스템반도체 /파워반도체 관련 설계기업에 해당하는지 근거 기재 (상세하게 서술) | AJ4: 투자건 발굴, Value-up 및 회수방법 (기술)
AF5: (상세하게 서술)
D11: 펀드계정 | E11: 펀드1호 | F11: =IF(ISBLANK($E11),"",VLOOKUP($E11,제안사_펀드현황,2,FALSE)) -> 000-00-00000 | G11: A투자조합 | H11: 기타 | I11: 전자/반도체 | J11: 39934 | K11: 우선주 | L11: 3000 | M11: 회수료 | N11: 0.02 | P11: 40179 | Q11: 4000 | R11: 3000 | S11: 코스닥 | T11: =IF(ISBLANK(P11),"",DATEDIF(J11,P11,"d")/365) -> 0.67123288 | Z11: 해당사항 없음 | AC11: 36330 | AE11: IP기업 | AI11: ex)투자당시 A기업은 IP기업으로서, ㅇㅇ부서에서 설계인원 ㅇ명이 AA tool등을 통해 Decorder를 RTL 디자인 레벨로 설계하여 BB회사등에 판매하여 칩생산 | AK11: =IF((J11-AC11)/365>0,(J11-AC11)/365,"") -> 9.8739726 | AM11: =L11=R11+V11+AA11 -> TRUE
D12: 펀드계정 | E12: 펀드1호 | F12: =IF(ISBLANK($E12),"",VLOOKUP($E12,제안사_펀드현황,2,FALSE)) -> 000-00-00000 | G12: ABC Inc. | H12: 국내설립법인 또는 해외현지법인 | I12: 전자/반도체 | J12: 40299 | K12: CB | L12: 2000 | M12: 부분회수 | P12: 41733 | Q12: 0 | R12: 0 | S12: 거래소 | T12: =IF(ISBLANK(P12),"",DATEDIF(J12,P12,"d")/365) -> 3.9287671 | U12: YES | V12: 2000 | W12: 2075.0515 | X12: 12.06.13 거래소 종가 | Y12: 이00 | Z12: 해당사항 없음 | AC12: 37987 | AE12: 팹리스 | AI12: ex)투자당시 B기업은 팹리스 기업으로서, ㅇㅇ부서에서 설계인원 ㅇ명이 SS tool등을 통해 DDI 설계 Gate Level로 설계하여 Netlist 구성 후 xx 파운더리에서 위탁생산 | AK12: =IF((J12-AC12)/365>0,(J12-AC12)/365,"") -> 6.3342466 | AM12: =L12=R12+V12+AA12 -> TRUE
F13: =IF(ISBLANK($E13),"",VLOOKUP($E13,제안사_펀드현황,2,FALSE)) | T13: =IF(ISBLANK(P13),"",DATEDIF(J13,P13,"d")/365) | AE13: 디자인하우스 | AI13: ex)투자당시 C기업은 디자인하우스로서, 설계인원 ㅇ명이 SS tool등을 통해 Physical design을 설계하며, xx 파운더리와 연계하여 진행 중 | AK13: =IF((J13-AC13)/365>0,(J13-AC13)/365,"") | AM13: =L13=R13+V13+AA13 -> TRUE
F14: =IF(ISBLANK($E14),"",VLOOKUP($E14,제안사_펀드현황,2,FALSE)) | T14: =IF(ISBLANK(P14),"",DATEDIF(J14,P14,"d")/365) | AE14: 파워반도체 | AI14: ex)투자당시 D기업은 파워반도체 관련 기업으로, SiC 기반 트랜지스터 생산 | AK14: =IF((J14-AC14)/365>0,(J14-AC14)/365,"") | AM14: =L14=R14+V14+AA14 -> TRUE
F15: =IF(ISBLANK($E15),"",VLOOKUP($E15,제안사_펀드현황,2,FALSE)) | T15: =IF(ISBLANK(P15),"",DATEDIF(J15,P15,"d")/365) | AK15: =IF((J15-AC15)/365>0,(J15-AC15)/365,"") | AM15: =L15=R15+V15+AA15 -> TRUE
F16: =IF(ISBLANK($E16),"",VLOOKUP($E16,제안사_펀드현황,2,FALSE)) | T16: =IF(ISBLANK(P16),"",DATEDIF(J16,P16,"d")/365) | AK16: =IF((J16-AC16)/365>0,(J16-AC16)/365,"") | AM16: =L16=R16+V16+AA16 -> TRUE
F17: =IF(ISBLANK($E17),"",VLOOKUP($E17,제안사_펀드현황,2,FALSE)) | T17: =IF(ISBLANK(P17),"",DATEDIF(J17,P17,"d")/365) | AK17: =IF((J17-AC17)/365>0,(J17-AC17)/365,"") | AM17: =L17=R17+V17+AA17 -> TRUE
F18: =IF(ISBLANK($E18),"",VLOOKUP($E18,제안사_펀드현황,2,FALSE)) | T18: =IF(ISBLANK(P18),"",DATEDIF(J18,P18,"d")/365) | AK18: =IF((J18-AC18)/365>0,(J18-AC18)/365,"") | AM18: =L18=R18+V18+AA18 -> TRUE
F19: =IF(ISBLANK($E19),"",VLOOKUP($E19,제안사_펀드현황,2,FALSE)) | T19: =IF(ISBLANK(P19),"",DATEDIF(J19,P19,"d")/365) | AK19: =IF((J19-AC19)/365>0,(J19-AC19)/365,"") | AM19: =L19=R19+V19+AA19 -> TRUE
F20: =IF(ISBLANK($E20),"",VLOOKUP($E20,제안사_펀드현황,2,FALSE)) | T20: =IF(ISBLANK(P20),"",DATEDIF(J20,P20,"d")/365) | AK20: =IF((J20-AC20)/365>0,(J20-AC20)/365,"") | AM20: =L20=R20+V20+AA20 -> TRUE
F21: =IF(ISBLANK($E21),"",VLOOKUP($E21,제안사_펀드현황,2,FALSE)) | T21: =IF(ISBLANK(P21),"",DATEDIF(J21,P21,"d")/365) | AK21: =IF((J21-AC21)/365>0,(J21-AC21)/365,"") | AM21: =L21=R21+V21+AA21 -> TRUE
F22: =IF(ISBLANK($E22),"",VLOOKUP($E22,제안사_펀드현황,2,FALSE)) | T22: =IF(ISBLANK(P22),"",DATEDIF(J22,P22,"d")/365) | AK22: =IF((J22-AC22)/365>0,(J22-AC22)/365,"") | AM22: =L22=R22+V22+AA22 -> TRUE
F23: =IF(ISBLANK($E23),"",VLOOKUP($E23,제안사_펀드현황,2,FALSE)) | T23: =IF(ISBLANK(P23),"",DATEDIF(J23,P23,"d")/365) | AK23: =IF((J23-AC23)/365>0,(J23-AC23)/365,"") | AM23: =L23=R23+V23+AA23 -> TRUE
F24: =IF(ISBLANK($E24),"",VLOOKUP($E24,제안사_펀드현황,2,FALSE)) | T24: =IF(ISBLANK(P24),"",DATEDIF(J24,P24,"d")/365) | AK24: =IF((J24-AC24)/365>0,(J24-AC24)/365,"") | AM24: =L24=R24+V24+AA24 -> TRUE
F25: =IF(ISBLANK($E25),"",VLOOKUP($E25,제안사_펀드현황,2,FALSE)) | T25: =IF(ISBLANK(P25),"",DATEDIF(J25,P25,"d")/365) | AK25: =IF((J25-AC25)/365>0,(J25-AC25)/365,"") | AM25: =L25=R25+V25+AA25 -> TRUE
F26: =IF(ISBLANK($E26),"",VLOOKUP($E26,제안사_펀드현황,2,FALSE)) | T26: =IF(ISBLANK(P26),"",DATEDIF(J26,P26,"d")/365) | AK26: =IF((J26-AC26)/365>0,(J26-AC26)/365,"") | AM26: =L26=R26+V26+AA26 -> TRUE
... F993: =IF(ISBLANK($E993),"",VLOOKUP($E993,제안사_펀드현황,2,FALSE)) | T993: =IF(ISBLANK(P993),"",DATEDIF(J993,P993,"d")/365) | AK993: =IF((J993-AC993)/365>0,(J993-AC993)/365,"") | AM993: =L993=R993+V993+AA993 -> TRUE

Sheet 3.1.참여인력 개요
A1: RFPID | B1: GPID | C1: FundMgrID | D1: FundMgrName | E1: BirthYMDS | F1: NationalityDesc | G1: CurrentCompany | H1: BuName | I1: JobTitleName | J1: FundMgrRoleDesc | K1: TelNo | L1: MBTLTelNo | M1: Email | N1: FundMgrGradeDesc | O1: IsSanctionDesc | P1: SanctionDesc | Q1: RoleInPropFund | R1: CareerYears | S1: AllInvtComCount | T1: AllExitInvtComCount | U1: AllInvestAmt | V1: AllCollectAmt | W1: AllInvestBalBV | X1: AllInvestBalEvalAmt | Y1: AllWAROI | Z1: AllExitWAROI | AA1: AllCurNoExitInvtComCount | AB1: AllCurInvestBalBV | AC1: AllCurInvestBalEvalAmt
D3: 참여인력 | G3: 현재 재직회사 | N3: 인력구분 | O3: 제재 | Q3: 제안펀드에서의 역할 | R3: 운용 인력 투자관련 경력연수 | S3: 투자및회수실적(전체투자건) | AA3: 현재 관리중인 투자(전체투자건)
A4: 모집단위ID | B4: 운용사ID | C4: 운용인력ID | D4: 성명 | E4: 생년월일 | F4: 국적 | G4: 회사명 | H4: 부서 | I4: 직위 | J4: 주요담당업무 | K4: 전화번호 | L4: 휴대전화번호 | M4: 이메일 | O4: 제재경력여부 | P4: 제재내역 | S4: 투자건수 | T4: 투자건수 (회수료) | U4: 투자총액 | V4: 회수총액 | W4: 미회수투자자산 투자원금총액 | X4: 미회수투자자산 가치총액 | Y4: 투자금액 가중평균수익률 | Z4: 투자금액 가중평균수익률 (회수료) | AA4: 미회수 투자건수 | AB4: 미회수투자자산 투자원금총액 | AC4: 미회수투자자산가치총액
D11: 이00 | E11: 25569 | F11: 대한민국 | G11: 가인베스트먼트㈜ | H11: 투자1본부 | I11: 투자이사 | J11: 펀드매니저 | K11: 02-0000-0000 | L11: 010-0000-0000 | N11: 핵심운용인력 | O11: YES | R11: =IF(ISBLANK($D11), "", IF(N11="핵심운용인력", SUMPRODUCT((OFFSET(핵심인력_경력,0,0,ROWS(핵심인력_경력),1)=$D11)*1, OFFSET(핵심인력_경력,0,9,ROWS(핵심인력_경력),1), (OFFSET(핵심인력_경력,0,10,ROWS(핵심인력_경력),1)="A")*1)+SUMPRODUCT((OFFSET(핵심인력_경력,0,0,ROWS(핵심인력_경력),1)=$D11)*1, OFFSET(핵심인력_경력,0,9,ROWS(핵심인력_경력),1), (OFFSET(핵심인력_경력,0,10,ROWS(핵심인력_경력),1)="B")*1)*0.7, SUMPRODUCT((OFFSET(일반인력_경력,0,0,ROWS(일반인력_경력),1)=$D11)*1, OFFSET(일반인력_경력,0,9,ROWS(일반인력_경력),1), (OFFSET(일반인력_경력,0,10,ROWS(일반인력_경력),1)="A")*1)+SUMPRODUCT((OFFSET(일반인력_경력,0,0,ROWS(일반인력_경력),1)=$D11)*1, OFFSET(일반인력_경력,0,9,ROWS(일반인력_경력),1), (OFFSET(일반인력_경력,0,10,ROWS(일반인력_경력),1)="B")*1)*0.7 ) ) -> 17.52 | S11: =IF(ISBLANK($D11), "", IF(VLOOKUP($D11,참여인력_개요,11,FALSE)="관리인력", "", IF(N11="핵심운용인력", SUMPRODUCT((OFFSET(핵심인력_투자현황,0,0,ROWS(핵심인력_투자현황),1)=$D11)*1, ISTEXT(OFFSET(핵심인력_투자현황,0,10,ROWS(핵심인력_투자현황),1))*1), SUMPRODUCT((OFFSET(일반인력_투자현황,0,0,ROWS(일반인력_투자현황),1)=$D11)*1, ISTEXT(OFFSET(일반인력_투자현황,0,10,ROWS(일반인력_투자현황),1))*1)) ) ) -> 3 | T11: =IF(ISBLANK($D11), "", IF(VLOOKUP($D11,참여인력_개요,11,FALSE)="관리인력", "", IF(N11="핵심운용인력", SUMPRODUCT((OFFSET(핵심인력_투자현황,0,0,ROWS(핵심인력_투자현황),1)=$D11)*1, (OFFSET(핵심인력_투자현황,0,17,ROWS(핵심인력_투자현황),1)="회수료")*1), SUMPRODUCT((OFFSET(일반인력_투자현황,0,0,ROWS(일반인력_투자현황),1)=$D11)*1, (OFFSET(일반인력_투자현황,0,16,ROWS(일반인력_투자현황),1)="회수료")*1)))) -> 2 | U11: =IF(ISBLANK($D11), "", IF(VLOOKUP($D11,참여인력_개요,11,FALSE)="관리인력", "", IF(N11="핵심운용인력", SUMPRODUCT((OFFSET(핵심인력_투자현황,0,0,ROWS(핵심인력_투자현황),1)=$D11)*1, OFFSET(핵심인력_투자현황,0,16,ROWS(핵심인력_투자현황),1)), SUMPRODUCT((OFFSET(일반인력_투자현황,0,0,ROWS(일반인력_투자현황),1)=$D11)*1, OFFSET(일반인력_투자현황,0,15,ROWS(일반인력_투자현황),1)) ))) -> 1900 | V11: =IF(ISBLANK($D11), "", IF(VLOOKUP($D11,참여인력_개요,11,FALSE)="관리인력", "", IF(N11="핵심운용인력", SUMPRODUCT((OFFSET(핵심인력_투자현황,0,0,ROWS(핵심인력_투자현황),1)=$D11)*1, OFFSET(핵심인력_투자현황,0,20,ROWS(핵심인력_투자현황),1)), SUMPRODUCT((OFFSET(일반인력_투자현황,0,0,ROWS(일반인력_투자현황),1)=$D11)*1, OFFSET(일반인력_투자현황,0,19,ROWS(일반인력_투자현황),1)) ))) -> 1446 | W11: =IF(ISBLANK($D11), "", IF(VLOOKUP($D11,참여인력_개요,11,FALSE)="관리인력", "", IF(N11="핵심운용인력", SUMPRODUCT((OFFSET(핵심인력_투자현황,0,0,ROWS(핵심인력_투자현황),1)=$D11)*1, OFFSET(핵심인력_투자현황,0,25,ROWS(핵심인력_투자현황),1)), SUMPRODUCT((OFFSET(일반인력_투자현황,0,0,ROWS(일반인력_투자현황),1)=$D11)*1, OFFSET(일반인력_투자현황,0,24,ROWS(일반인력_투자현황),1)) ))) -> 750 | X11: =IF(ISBLANK($D11), "", IF(VLOOKUP($D11,참여인력_개요,11,FALSE)="관리인력", "", IF(N11="핵심운용인력", SUMPRODUCT((OFFSET(핵심인력_투자현황,0,0,ROWS(핵심인력_투자현황),1)=$D11)*1, OFFSET(핵심인력_투자현황,0,26,ROWS(핵심인력_투자현황),1)), SUMPRODUCT((OFFSET(일반인력_투자현황,0,0,ROWS(일반인력_투자현황),1)=$D11)*1, OFFSET(일반인력_투자현황,0,25,ROWS(일반인력_투자현황),1)) ))) -> 810 | Y11: =IF(ISBLANK($D11), "", IF(VLOOKUP($D11,참여인력_개요,11,FALSE)="관리인력", "", IF(N11="핵심운용인력", SUMPRODUCT((OFFSET(핵심인력_투자현황,0,0,ROWS(핵심인력_투자현황),1)=$D11)*1, OFFSET(핵심인력_투자현황,0,16,ROWS(핵심인력_투자현황),1), OFFSET(핵심인력_투자현황,0,18,ROWS(핵심인력_투자현황),1))/U11, SUMPRODUCT((OFFSET(일반인력_투자현황,0,0,ROWS(일반인력_투자현황),1)=$D11)*1, OFFSET(일반인력_투자현황,0,15,ROWS(일반인력_투자현황),1), OFFSET(일반인력_투자현황,0,17,ROWS(일반인력_투자현황),1))/U11 ))) -> 0.10681053 | Z11: =IF(ISBLANK($D11), "",IF(VLOOKUP($D11,참여인력_개요,11,FALSE)="관리인력", "", IF(N11="핵심운용인력", IF(SUMPRODUCT( (OFFSET(핵심인력_투자현황,0,0,ROWS(핵심인력_투자현황),1)=$D11)*1, OFFSET(핵심인력_투자현황,0,16,ROWS(핵심인력_투자현황),1), (OFFSET(핵심인력_투자현황,0,17,ROWS(핵심인력_투자현황),1)="회수료")*1 ) = 0, "N/A", SUMPRODUCT( (OFFSET(핵심인력_투자현황,0,0,ROWS(핵심인력_투자현황),1)=$D11)*1, OFFSET(핵심인력_투자현황,0,16,ROWS(핵심인력_투자현황),1), (OFFSET(핵심인력_투자현황,0,17,ROWS(핵심인력_투자현황),1)="회수료")*1, OFFSET(핵심인력_투자현황,0,18,ROWS(핵심인력_투자현황),1) ) / SUMPRODUCT( (OFFSET(핵심인력_투자현황,0,0,ROWS(핵심인력_투자현황),1)=$D11)*1, OFFSET(핵심인력_투자현황,0,16,ROWS(핵심인력_투자현황),1), (OFFSET(핵심인력_투자현황,0,17,ROWS(핵심인력_투자현황),1)="회수료")*1 ) ), IF(SUMPRODUCT( (OFFSET(일반인력_투자현황,0,0,ROWS(일반인력_투자현황),1)=$D11)*1, OFFSET(일반인력_투자현황,0,15,ROWS(일반인력_투자현황),1), (OFFSET(일반인력_투자현황,0,16,ROWS(일반인력_투자현황),1)="회수료")*1 ) = 0, "N/A", SUMPRODUCT( (OFFSET(일반인력_투자현황,0,0,ROWS(일반인력_투자현황),1)=$D11)*1, OFFSET(일반인력_투자현황,0,15,ROWS(일반인력_투자현황),1), (OFFSET(일반인력_투자현황,0,16,ROWS(일반인력_투자현황),1)="회수료")*1, OFFSET(일반인력_투자현황,0,17,ROWS(일반인력_투자현황),1) ) / SUMPRODUCT( (OFFSET(일반인력_투자현황,0,0,ROWS(일반인력_투자현황),1)=$D11)*1, OFFSET(일반인력_투자현황,0,15,ROWS(일반인력_투자현황),1), (OFFSET(일반인력_투자현황,0,16,ROWS(일반인력_투자현황),1)="회수료")*1 ) ) ))) -> 0.146 | AA11: =IF(ISBLANK($D11), "", IF(VLOOKUP($D11,참여인력_개요,11,FALSE)="관리인력", "", SUMPRODUCT( (OFFSET(제안사_투자현황,0,22,ROWS(제안사_투자현황),1)=$D11)*1, (OFFSET(제안사_투자현황,0,10,ROWS(제안사_투자현황),1)<>"회수료")*1 ) )) -> 2 | AB11: =IF(ISBLANK($D11), "", IF(VLOOKUP($D11,참여인력_개요,11,FALSE)="관리인력", "", SUMPRODUCT( (OFFSET(제안사_투자현황,0,22,ROWS(제안사_투자현황),1)=$D11)*1, (OFFSET(제안사_투자현황,0,10,ROWS(제안사_투자현황),1)<>"회수료")*1, OFFSET(제안사_투자현황,0,19,ROWS(제안사_투자현황),1) ) ) ) -> 2900 | AC11: =IF(ISBLANK($D11), "", IF(VLOOKUP($D11,참여인력_개요,11,FALSE)="관리인력", "", SUMPRODUCT( (OFFSET(제안사_투자현황,0,22,ROWS(제안사_투자현황),1)=$D11)*1, (OFFSET(제안사_투자현황,0,10,ROWS(제안사_투자현황),1)<>"회수료")*1, OFFSET(제안사_투자현황,0,20,ROWS(제안사_투자현황),1) ) ) ) -> 2975.0515
D12: 정00 | E12: 31705 | N12: 핵심운용인력 | O12: NO | R12: =IF(ISBLANK($D12), "", IF(N12="핵심운용인력", SUMPRODUCT((OFFSET(핵심인력_경력,0,0,ROWS(핵심인력_경력),1)=$D12)*1, OFFSET(핵심인력_경력,0,9,ROWS(핵심인력_경력),1), (OFFSET(핵심인력_경력,0,10,ROWS(핵심인력_경력),1)="A")*1)+SUMPRODUCT((OFFSET(핵심인력_경력,0,0,ROWS(핵심인력_경력),1)=$D12)*1, OFFSET(핵심인력_경력,0,9,ROWS(핵심인력_경력),1), (OFFSET(핵심인력_경력,0,10,ROWS(핵심인력_경력),1)="B")*1)*0.7, SUMPRODUCT((OFFSET(일반인력_경력,0,0,ROWS(일반인력_경력),1)=$D12)*1, OFFSET(일반인력_경력,0,9,ROWS(일반인력_경력),1), (OFFSET(일반인력_경력,0,10,ROWS(일반인력_경력),1)="A")*1)+SUMPRODUCT((OFFSET(일반인력_경력,0,0,ROWS(일반인력_경력),1)=$D12)*1, OFFSET(일반인력_경력,0,9,ROWS(일반인력_경력),1), (OFFSET(일반인력_경력,0,10,ROWS(일반인력_경력),1)="B")*1)*0.7 ) ) -> 0 | S12: =IF(ISBLANK($D12), "", IF(VLOOKUP($D12,참여인력_개요,11,FALSE)="관리인력", "", IF(N12="핵심운용인력", SUMPRODUCT((OFFSET(핵심인력_투자현황,0,0,ROWS(핵심인력_투자현황),1)=$D12)*1, ISTEXT(OFFSET(핵심인력_투자현황,0,10,ROWS(핵심인력_투자현황),1))*1), SUMPRODUCT((OFFSET(일반인력_투자현황,0,0,ROWS(일반인력_투자현황),1)=$D12)*1, ISTEXT(OFFSET(일반인력_투자현황,0,10,ROWS(일반인력_투자현황),1))*1)) ) ) -> 1 | T12: =IF(ISBLANK($D12), "", IF(VLOOKUP($D12,참여인력_개요,11,FALSE)="관리인력", "", IF(N12="핵심운용인력", SUMPRODUCT((OFFSET(핵심인력_투자현황,0,0,ROWS(핵심인력_투자현황),1)=$D12)*1, (OFFSET(핵심인력_투자현황,0,17,ROWS(핵심인력_투자현황),1)="회수료")*1), SUMPRODUCT((OFFSET(일반인력_투자현황,0,0,ROWS(일반인력_투자현황),1)=$D12)*1, (OFFSET(일반인력_투자현황,0,16,ROWS(일반인력_투자현황),1)="회수료")*1)))) -> 1 | U12: =IF(ISBLANK($D12), "", IF(VLOOKUP($D12,참여인력_개요,11,FALSE)="관리인력", "", IF(N12="핵심운용인력", SUMPRODUCT((OFFSET(핵심인력_투자현황,0,0,ROWS(핵심인력_투자현황),1)=$D12)*1, OFFSET(핵심인력_투자현황,0,16,ROWS(핵심인력_투자현황),1)), SUMPRODUCT((OFFSET(일반인력_투자현황,0,0,ROWS(일반인력_투자현황),1)=$D12)*1, OFFSET(일반인력_투자현황,0,15,ROWS(일반인력_투자현황),1)) ))) -> 390 | V12: =IF(ISBLANK($D12), "", IF(VLOOKUP($D12,참여인력_개요,11,FALSE)="관리인력", "", IF(N12="핵심운용인력", SUMPRODUCT((OFFSET(핵심인력_투자현황,0,0,ROWS(핵심인력_투자현황),1)=$D12)*1, OFFSET(핵심인력_투자현황,0,20,ROWS(핵심인력_투자현황),1)), SUMPRODUCT((OFFSET(일반인력_투자현황,0,0,ROWS(일반인력_투자현황),1)=$D12)*1, OFFSET(일반인력_투자현황,0,19,ROWS(일반인력_투자현황),1)) ))) -> 200 | W12: =IF(ISBLANK($D12), "", IF(VLOOKUP($D12,참여인력_개요,11,FALSE)="관리인력", "", IF(N12="핵심운용인력", SUMPRODUCT((OFFSET(핵심인력_투자현황,0,0,ROWS(핵심인력_투자현황),1)=$D12)*1, OFFSET(핵심인력_투자현황,0,25,ROWS(핵심인력_투자현황),1)), SUMPRODUCT((OFFSET(일반인력_투자현황,0,0,ROWS(일반인력_투자현황),1)=$D12)*1, OFFSET(일반인력_투자현황,0,24,ROWS(일반인력_투자현황),1)) ))) -> 240 | X12: =IF(ISBLANK($D12), "", IF(VLOOKUP($D12,참여인력_개요,11,FALSE)="관리인력", "", IF(N12="핵심운용인력", SUMPRODUCT((OFFSET(핵심인력_투자현황,0,0,ROWS(핵심인력_투자현황),1)=$D12)*1, OFFSET(핵심인력_투자현황,0,26,ROWS(핵심인력_투자현황),1)), SUMPRODUCT((OFFSET(일반인력_투자현황,0,0,ROWS(일반인력_투자현황),1)=$D12)*1, OFFSET(일반인력_투자현황,0,25,ROWS(일반인력_투자현황),1)) ))) -> 300 | Y12: =IF(ISBLANK($D12), "", IF(VLOOKUP($D12,참여인력_개요,11,FALSE)="관리인력", "", IF(N12="핵심운용인력", SUMPRODUCT((OFFSET(핵심인력_투자현황,0,0,ROWS(핵심인력_투자현황),1)=$D12)*1, OFFSET(핵심인력_투자현황,0,16,ROWS(핵심인력_투자현황),1), OFFSET(핵심인력_투자현황,0,18,ROWS(핵심인력_투자현황),1))/U12, SUMPRODUCT((OFFSET(일반인력_투자현황,0,0,ROWS(일반인력_투자현황),1)=$D12)*1, OFFSET(일반인력_투자현황,0,15,ROWS(일반인력_투자현황),1), OFFSET(일반인력_투자현황,0,17,ROWS(일반인력_투자현황),1))/U12 ))) -> 0.146 | Z12: =IF(ISBLANK($D12), "",IF(VLOOKUP($D12,참여인력_개요,11,FALSE)="관리인력", "", IF(N12="핵심운용인력", IF(SUMPRODUCT( (OFFSET(핵심인력_투자현황,0,0,ROWS(핵심인력_투자현황),1)=$D12)*1, OFFSET(핵심인력_투자현황,0,16,ROWS(핵심인력_투자현황),1), (OFFSET(핵심인력_투자현황,0,17,ROWS(핵심인력_투자현황),1)="회수료")*1 ) = 0, "N/A", SUMPRODUCT( (OFFSET(핵심인력_투자현황,0,0,ROWS(핵심인력_투자현황),1)=$D12)*1, OFFSET(핵심인력_투자현황,0,16,ROWS(핵심인력_투자현황),1), (OFFSET(핵심인력_투자현황,0,17,ROWS(핵심인력_투자현황),1)="회수료")*1, OFFSET(핵심인력_투자현황,0,18,ROWS(핵심인력_투자현황),1) ) / SUMPRODUCT( (OFFSET(핵심인력_투자현황,0,0,ROWS(핵심인력_투자현황),1)=$D12)*1, OFFSET(핵심인력_투자현황,0,16,ROWS(핵심인력_투자현황),1), (OFFSET(핵심인력_투자현황,0,17,ROWS(핵심인력_투자현황),1)="회수료")*1 ) ), IF(SUMPRODUCT( (OFFSET(일반인력_투자현황,0,0,ROWS(일반인력_투자현황),1)=$D12)*1, OFFSET(일반인력_투자현황,0,15,ROWS(일반인력_투자현황),1), (OFFSET(일반인력_투자현황,0,16,ROWS(일반인력_투자현황),1)="회수료")*1 ) = 0, "N/A", SUMPRODUCT( (OFFSET(일반인력_투자현황,0,0,ROWS(일반인력_투자현황),1)=$D12)*1, OFFSET(일반인력_투자현황,0,15,ROWS(일반인력_투자현황),1), (OFFSET(일반인력_투자현황,0,16,ROWS(일반인력_투자현황),1)="회수료")*1, OFFSET(일반인력_투자현황,0,17,ROWS(일반인력_투자현황),1) ) / SUMPRODUCT( (OFFSET(일반인력_투자현황,0,0,ROWS(일반인력_투자현황),1)=$D12)*1, OFFSET(일반인력_투자현황,0,15,ROWS(일반인력_투자현황),1), (OFFSET(일반인력_투자현황,0,16,ROWS(일반인력_투자현황),1)="회수료")*1 ) ) ))) -> 0.146 | AA12: =IF(ISBLANK($D12), "", IF(VLOOKUP($D12,참여인력_개요,11,FALSE)="관리인력", "", SUMPRODUCT( (OFFSET(제안사_투자현황,0,22,ROWS(제안사_투자현황),1)=$D12)*1, (OFFSET(제안사_투자현황,0,10,ROWS(제안사_투자현황),1)<>"회수료")*1 ) )) -> 0 | AB12: =IF(ISBLANK($D12), "", IF(VLOOKUP($D12,참여인력_개요,11,FALSE)="관리인력", "", SUMPRODUCT( (OFFSET(제안사_투자현황,0,22,ROWS(제안사_투자현황),1)=$D12)*1, (OFFSET(제안사_투자현황,0,10,ROWS(제안사_투자현황),1)<>"회수료")*1, OFFSET(제안사_투자현황,0,19,ROWS(제안사_투자현황),1) ) ) ) -> 0 | AC12: =IF(ISBLANK($D12), "", IF(VLOOKUP($D12,참여인력_개요,11,FALSE)="관리인력", "", SUMPRODUCT( (OFFSET(제안사_투자현황,0,22,ROWS(제안사_투자현황),1)=$D12)*1, (OFFSET(제안사_투자현황,0,10,ROWS(제안사_투자현황),1)<>"회수료")*1, OFFSET(제안사_투자현황,0,20,ROWS(제안사_투자현황),1) ) ) ) -> 0
D13: 박00 | E13: 28773 | N13: 일반운용인력 | O13: NO | R13: =IF(ISBLANK($D13), "", IF(N13="핵심운용인력", SUMPRODUCT((OFFSET(핵심인력_경력,0,0,ROWS(핵심인력_경력),1)=$D13)*1, OFFSET(핵심인력_경력,0,9,ROWS(핵심인력_경력),1), (OFFSET(핵심인력_경력,0,10,ROWS(핵심인력_경력),1)="A")*1)+SUMPRODUCT((OFFSET(핵심인력_경력,0,0,ROWS(핵심인력_경력),1)=$D13)*1, OFFSET(핵심인력_경력,0,9,ROWS(핵심인력_경력),1), (OFFSET(핵심인력_경력,0,10,ROWS(핵심인력_경력),1)="B")*1)*0.7, SUMPRODUCT((OFFSET(일반인력_경력,0,0,ROWS(일반인력_경력),1)=$D13)*1, OFFSET(일반인력_경력,0,9,ROWS(일반인력_경력),1), (OFFSET(일반인력_경력,0,10,ROWS(일반인력_경력),1)="A")*1)+SUMPRODUCT((OFFSET(일반인력_경력,0,0,ROWS(일반인력_경력),1)=$D13)*1, OFFSET(일반인력_경력,0,9,ROWS(일반인력_경력),1), (OFFSET(일반인력_경력,0,10,ROWS(일반인력_경력),1)="B")*1)*0.7 ) ) -> 13.421918 | S13: =IF(ISBLANK($D13), "", IF(VLOOKUP($D13,참여인력_개요,11,FALSE)="관리인력", "", IF(N13="핵심운용인력", SUMPRODUCT((OFFSET(핵심인력_투자현황,0,0,ROWS(핵심인력_투자현황),1)=$D13)*1, ISTEXT(OFFSET(핵심인력_투자현황,0,10,ROWS(핵심인력_투자현황),1))*1), SUMPRODUCT((OFFSET(일반인력_투자현황,0,0,ROWS(일반인력_투자현황),1)=$D13)*1, ISTEXT(OFFSET(일반인력_투자현황,0,10,ROWS(일반인력_투자현황),1))*1)) ) ) -> 1 | T13: =IF(ISBLANK($D13), "", IF(VLOOKUP($D13,참여인력_개요,11,FALSE)="관리인력", "", IF(N13="핵심운용인력", SUMPRODUCT((OFFSET(핵심인력_투자현황,0,0,ROWS(핵심인력_투자현황),1)=$D13)*1, (OFFSET(핵심인력_투자현황,0,17,ROWS(핵심인력_투자현황),1)="회수료")*1), SUMPRODUCT((OFFSET(일반인력_투자현황,0,0,ROWS(일반인력_투자현황),1)=$D13)*1, (OFFSET(일반인력_투자현황,0,16,ROWS(일반인력_투자현황),1)="회수료")*1)))) -> 1 | U13: =IF(ISBLANK($D13), "", IF(VLOOKUP($D13,참여인력_개요,11,FALSE)="관리인력", "", IF(N13="핵심운용인력", SUMPRODUCT((OFFSET(핵심인력_투자현황,0,0,ROWS(핵심인력_투자현황),1)=$D13)*1, OFFSET(핵심인력_투자현황,0,16,ROWS(핵심인력_투자현황),1)), SUMPRODUCT((OFFSET(일반인력_투자현황,0,0,ROWS(일반인력_투자현황),1)=$D13)*1, OFFSET(일반인력_투자현황,0,15,ROWS(일반인력_투자현황),1)) ))) -> 500 | V13: =IF(ISBLANK($D13), "", IF(VLOOKUP($D13,참여인력_개요,11,FALSE)="관리인력", "", IF(N13="핵심운용인력", SUMPRODUCT((OFFSET(핵심인력_투자현황,0,0,ROWS(핵심인력_투자현황),1)=$D13)*1, OFFSET(핵심인력_투자현황,0,20,ROWS(핵심인력_투자현황),1)), SUMPRODUCT((OFFSET(일반인력_투자현황,0,0,ROWS(일반인력_투자현황),1)=$D13)*1, OFFSET(일반인력_투자현황,0,19,ROWS(일반인력_투자현황),1)) ))) -> 400 | W13: =IF(ISBLANK($D13), "", IF(VLOOKUP($D13,참여인력_개요,11,FALSE)="관리인력", "", IF(N13="핵심운용인력", SUMPRODUCT((OFFSET(핵심인력_투자현황,0,0,ROWS(핵심인력_투자현황),1)=$D13)*1, OFFSET(핵심인력_투자현황,0,25,ROWS(핵심인력_투자현황),1)), SUMPRODUCT((OFFSET(일반인력_투자현황,0,0,ROWS(일반인력_투자현황),1)=$D13)*1, OFFSET(일반인력_투자현황,0,24,ROWS(일반인력_투자현황),1)) ))) -> 0 | X13: =IF(ISBLANK($D13), "", IF(VLOOKUP($D13,참여인력_개요,11,FALSE)="관리인력", "", IF(N13="핵심운용인력", SUMPRODUCT((OFFSET(핵심인력_투자현황,0,0,ROWS(핵심인력_투자현황),1)=$D13)*1, OFFSET(핵심인력_투자현황,0,26,ROWS(핵심인력_투자현황),1)), SUMPRODUCT((OFFSET(일반인력_투자현황,0,0,ROWS(일반인력_투자현황),1)=$D13)*1, OFFSET(일반인력_투자현황,0,25,ROWS(일반인력_투자현황),1)) ))) -> 0 | Y13: =IF(ISBLANK($D13), "", IF(VLOOKUP($D13,참여인력_개요,11,FALSE)="관리인력", "", IF(N13="핵심운용인력", SUMPRODUCT((OFFSET(핵심인력_투자현황,0,0,ROWS(핵심인력_투자현황),1)=$D13)*1, OFFSET(핵심인력_투자현황,0,16,ROWS(핵심인력_투자현황),1), OFFSET(핵심인력_투자현황,0,18,ROWS(핵심인력_투자현황),1))/U13, SUMPRODUCT((OFFSET(일반인력_투자현황,0,0,ROWS(일반인력_투자현황),1)=$D13)*1, OFFSET(일반인력_투자현황,0,15,ROWS(일반인력_투자현황),1), OFFSET(일반인력_투자현황,0,17,ROWS(일반인력_투자현황),1))/U13 ))) -> 0.12 | Z13: =IF(ISBLANK($D13), "",IF(VLOOKUP($D13,참여인력_개요,11,FALSE)="관리인력", "", IF(N13="핵심운용인력", IF(SUMPRODUCT( (OFFSET(핵심인력_투자현황,0,0,ROWS(핵심인력_투자현황),1)=$D13)*1, OFFSET(핵심인력_투자현황,0,16,ROWS(핵심인력_투자현황),1), (OFFSET(핵심인력_투자현황,0,17,ROWS(핵심인력_투자현황),1)="회수료")*1 ) = 0, "N/A", SUMPRODUCT( (OFFSET(핵심인력_투자현황,0,0,ROWS(핵심인력_투자현황),1)=$D13)*1, OFFSET(핵심인력_투자현황,0,16,ROWS(핵심인력_투자현황),1), (OFFSET(핵심인력_투자현황,0,17,ROWS(핵심인력_투자현황),1)="회수료")*1, OFFSET(핵심인력_투자현황,0,18,ROWS(핵심인력_투자현황),1) ) / SUMPRODUCT( (OFFSET(핵심인력_투자현황,0,0,ROWS(핵심인력_투자현황),1)=$D13)*1, OFFSET(핵심인력_투자현황,0,16,ROWS(핵심인력_투자현황),1), (OFFSET(핵심인력_투자현황,0,17,ROWS(핵심인력_투자현황),1)="회수료")*1 ) ), IF(SUMPRODUCT( (OFFSET(일반인력_투자현황,0,0,ROWS(일반인력_투자현황),1)=$D13)*1, OFFSET(일반인력_투자현황,0,15,ROWS(일반인력_투자현황),1), (OFFSET(일반인력_투자현황,0,16,ROWS(일반인력_투자현황),1)="회수료")*1 ) = 0, "N/A", SUMPRODUCT( (OFFSET(일반인력_투자현황,0,0,ROWS(일반인력_투자현황),1)=$D13)*1, OFFSET(일반인력_투자현황,0,15,ROWS(일반인력_투자현황),1), (OFFSET(일반인력_투자현황,0,16,ROWS(일반인력_투자현황),1)="회수료")*1, OFFSET(일반인력_투자현황,0,17,ROWS(일반인력_투자현황),1) ) / SUMPRODUCT( (OFFSET(일반인력_투자현황,0,0,ROWS(일반인력_투자현황),1)=$D13)*1, OFFSET(일반인력_투자현황,0,15,ROWS(일반인력_투자현황),1), (OFFSET(일반인력_투자현황,0,16,ROWS(일반인력_투자현황),1)="회수료")*1 ) ) ))) -> 0.12 | AA13: =IF(ISBLANK($D13), "", IF(VLOOKUP($D13,참여인력_개요,11,FALSE)="관리인력", "", SUMPRODUCT( (OFFSET(제안사_투자현황,0,22,ROWS(제안사_투자현황),1)=$D13)*1, (OFFSET(제안사_투자현황,0,10,ROWS(제안사_투자현황),1)<>"회수료")*1 ) )) -> 0 | AB13: =IF(ISBLANK($D13), "", IF(VLOOKUP($D13,참여인력_개요,11,FALSE)="관리인력", "", SUMPRODUCT( (OFFSET(제안사_투자현황,0,22,ROWS(제안사_투자현황),1)=$D13)*1, (OFFSET(제안사_투자현황,0,10,ROWS(제안사_투자현황),1)<>"회수료")*1, OFFSET(제안사_투자현황,0,19,ROWS(제안사_투자현황),1) ) ) ) -> 0 | AC13: =IF(ISBLANK($D13), "", IF(VLOOKUP($D13,참여인력_개요,11,FALSE)="관리인력", "", SUMPRODUCT( (OFFSET(제안사_투자현황,0,22,ROWS(제안사_투자현황),1)=$D13)*1, (OFFSET(제안사_투자현황,0,10,ROWS(제안사_투자현황),1)<>"회수료")*1, OFFSET(제안사_투자현황,0,20,ROWS(제안사_투자현황),1) ) ) ) -> 0
D14: 최00 | E14: 27677 | N14: 일반운용인력 | O14: NO | R14: =IF(ISBLANK($D14), "", IF(N14="핵심운용인력", SUMPRODUCT((OFFSET(핵심인력_경력,0,0,ROWS(핵심인력_경력),1)=$D14)*1, OFFSET(핵심인력_경력,0,9,ROWS(핵심인력_경력),1), (OFFSET(핵심인력_경력,0,10,ROWS(핵심인력_경력),1)="A")*1)+SUMPRODUCT((OFFSET(핵심인력_경력,0,0,ROWS(핵심인력_경력),1)=$D14)*1, OFFSET(핵심인력_경력,0,9,ROWS(핵심인력_경력),1), (OFFSET(핵심인력_경력,0,10,ROWS(핵심인력_경력),1)="B")*1)*0.7, SUMPRODUCT((OFFSET(일반인력_경력,0,0,ROWS(일반인력_경력),1)=$D14)*1, OFFSET(일반인력_경력,0,9,ROWS(일반인력_경력),1), (OFFSET(일반인력_경력,0,10,ROWS(일반인력_경력),1)="A")*1)+SUMPRODUCT((OFFSET(일반인력_경력,0,0,ROWS(일반인력_경력),1)=$D14)*1, OFFSET(일반인력_경력,0,9,ROWS(일반인력_경력),1), (OFFSET(일반인력_경력,0,10,ROWS(일반인력_경력),1)="B")*1)*0.7 ) ) -> 0 | S14: =IF(ISBLANK($D14), "", IF(VLOOKUP($D14,참여인력_개요,11,FALSE)="관리인력", "", IF(N14="핵심운용인력", SUMPRODUCT((OFFSET(핵심인력_투자현황,0,0,ROWS(핵심인력_투자현황),1)=$D14)*1, ISTEXT(OFFSET(핵심인력_투자현황,0,10,ROWS(핵심인력_투자현황),1))*1), SUMPRODUCT((OFFSET(일반인력_투자현황,0,0,ROWS(일반인력_투자현황),1)=$D14)*1, ISTEXT(OFFSET(일반인력_투자현황,0,10,ROWS(일반인력_투자현황),1))*1)) ) ) -> 1 | T14: =IF(ISBLANK($D14), "", IF(VLOOKUP($D14,참여인력_개요,11,FALSE)="관리인력", "", IF(N14="핵심운용인력", SUMPRODUCT((OFFSET(핵심인력_투자현황,0,0,ROWS(핵심인력_투자현황),1)=$D14)*1, (OFFSET(핵심인력_투자현황,0,17,ROWS(핵심인력_투자현황),1)="회수료")*1), SUMPRODUCT((OFFSET(일반인력_투자현황,0,0,ROWS(일반인력_투자현황),1)=$D14)*1, (OFFSET(일반인력_투자현황,0,16,ROWS(일반인력_투자현황),1)="회수료")*1)))) -> 1 | U14: =IF(ISBLANK($D14), "", IF(VLOOKUP($D14,참여인력_개요,11,FALSE)="관리인력", "", IF(N14="핵심운용인력", SUMPRODUCT((OFFSET(핵심인력_투자현황,0,0,ROWS(핵심인력_투자현황),1)=$D14)*1, OFFSET(핵심인력_투자현황,0,16,ROWS(핵심인력_투자현황),1)), SUMPRODUCT((OFFSET(일반인력_투자현황,0,0,ROWS(일반인력_투자현황),1)=$D14)*1, OFFSET(일반인력_투자현황,0,15,ROWS(일반인력_투자현황),1)) ))) -> 700 | V14: =IF(ISBLANK($D14), "", IF(VLOOKUP($D14,참여인력_개요,11,FALSE)="관리인력", "", IF(N14="핵심운용인력", SUMPRODUCT((OFFSET(핵심인력_투자현황,0,0,ROWS(핵심인력_투자현황),1)=$D14)*1, OFFSET(핵심인력_투자현황,0,20,ROWS(핵심인력_투자현황),1)), SUMPRODUCT((OFFSET(일반인력_투자현황,0,0,ROWS(일반인력_투자현황),1)=$D14)*1, OFFSET(일반인력_투자현황,0,19,ROWS(일반인력_투자현황),1)) ))) -> 300 | W14: =IF(ISBLANK($D14), "", IF(VLOOKUP($D14,참여인력_개요,11,FALSE)="관리인력", "", IF(N14="핵심운용인력", SUMPRODUCT((OFFSET(핵심인력_투자현황,0,0,ROWS(핵심인력_투자현황),1)=$D14)*1, OFFSET(핵심인력_투자현황,0,25,ROWS(핵심인력_투자현황),1)), SUMPRODUCT((OFFSET(일반인력_투자현황,0,0,ROWS(일반인력_투자현황),1)=$D14)*1, OFFSET(일반인력_투자현황,0,24,ROWS(일반인력_투자현황),1)) ))) -> 400 | X14: =IF(ISBLANK($D14), "", IF(VLOOKUP($D14,참여인력_개요,11,FALSE)="관리인력", "", IF(N14="핵심운용인력", SUMPRODUCT((OFFSET(핵심인력_투자현황,0,0,ROWS(핵심인력_투자현황),1)=$D14)*1, OFFSET(핵심인력_투자현황,0,26,ROWS(핵심인력_투자현황),1)), SUMPRODUCT((OFFSET(일반인력_투자현황,0,0,ROWS(일반인력_투자현황),1)=$D14)*1, OFFSET(일반인력_투자현황,0,25,ROWS(일반인력_투자현황),1)) ))) -> 300 | Y14: =IF(ISBLANK($D14), "", IF(VLOOKUP($D14,참여인력_개요,11,FALSE)="관리인력", "", IF(N14="핵심운용인력", SUMPRODUCT((OFFSET(핵심인력_투자현황,0,0,ROWS(핵심인력_투자현황),1)=$D14)*1, OFFSET(핵심인력_투자현황,0,16,ROWS(핵심인력_투자현황),1), OFFSET(핵심인력_투자현황,0,18,ROWS(핵심인력_투자현황),1))/U14, SUMPRODUCT((OFFSET(일반인력_투자현황,0,0,ROWS(일반인력_투자현황),1)=$D14)*1, OFFSET(일반인력_투자현황,0,15,ROWS(일반인력_투자현황),1), OFFSET(일반인력_투자현황,0,17,ROWS(일반인력_투자현황),1))/U14 ))) -> 0.08 | Z14: =IF(ISBLANK($D14), "",IF(VLOOKUP($D14,참여인력_개요,11,FALSE)="관리인력", "", IF(N14="핵심운용인력", IF(SUMPRODUCT( (OFFSET(핵심인력_투자현황,0,0,ROWS(핵심인력_투자현황),1)=$D14)*1, OFFSET(핵심인력_투자현황,0,16,ROWS(핵심인력_투자현황),1), (OFFSET(핵심인력_투자현황,0,17,ROWS(핵심인력_투자현황),1)="회수료")*1 ) = 0, "N/A", SUMPRODUCT( (OFFSET(핵심인력_투자현황,0,0,ROWS(핵심인력_투자현황),1)=$D14)*1, OFFSET(핵심인력_투자현황,0,16,ROWS(핵심인력_투자현황),1), (OFFSET(핵심인력_투자현황,0,17,ROWS(핵심인력_투자현황),1)="회수료")*1, OFFSET(핵심인력_투자현황,0,18,ROWS(핵심인력_투자현황),1) ) / SUMPRODUCT( (OFFSET(핵심인력_투자현황,0,0,ROWS(핵심인력_투자현황),1)=$D14)*1, OFFSET(핵심인력_투자현황,0,16,ROWS(핵심인력_투자현황),1), (OFFSET(핵심인력_투자현황,0,17,ROWS(핵심인력_투자현황),1)="회수료")*1 ) ), IF(SUMPRODUCT( (OFFSET(일반인력_투자현황,0,0,ROWS(일반인력_투자현황),1)=$D14)*1, OFFSET(일반인력_투자현황,0,15,ROWS(일반인력_투자현황),1), (OFFSET(일반인력_투자현황,0,16,ROWS(일반인력_투자현황),1)="회수료")*1 ) = 0, "N/A", SUMPRODUCT( (OFFSET(일반인력_투자현황,0,0,ROWS(일반인력_투자현황),1)=$D14)*1, OFFSET(일반인력_투자현황,0,15,ROWS(일반인력_투자현황),1), (OFFSET(일반인력_투자현황,0,16,ROWS(일반인력_투자현황),1)="회수료")*1, OFFSET(일반인력_투자현황,0,17,ROWS(일반인력_투자현황),1) ) / SUMPRODUCT( (OFFSET(일반인력_투자현황,0,0,ROWS(일반인력_투자현황),1)=$D14)*1, OFFSET(일반인력_투자현황,0,15,ROWS(일반인력_투자현황),1), (OFFSET(일반인력_투자현황,0,16,ROWS(일반인력_투자현황),1)="회수료")*1 ) ) ))) -> 0.08 | AA14: =IF(ISBLANK($D14), "", IF(VLOOKUP($D14,참여인력_개요,11,FALSE)="관리인력", "", SUMPRODUCT( (OFFSET(제안사_투자현황,0,22,ROWS(제안사_투자현황),1)=$D14)*1, (OFFSET(제안사_투자현황,0,10,ROWS(제안사_투자현황),1)<>"회수료")*1 ) )) -> 0 | AB14: =IF(ISBLANK($D14), "", IF(VLOOKUP($D14,참여인력_개요,11,FALSE)="관리인력", "", SUMPRODUCT( (OFFSET(제안사_투자현황,0,22,ROWS(제안사_투자현황),1)=$D14)*1, (OFFSET(제안사_투자현황,0,10,ROWS(제안사_투자현황),1)<>"회수료")*1, OFFSET(제안사_투자현황,0,19,ROWS(제안사_투자현황),1) ) ) ) -> 0 | AC14: =IF(ISBLANK($D14), "", IF(VLOOKUP($D14,참여인력_개요,11,FALSE)="관리인력", "", SUMPRODUCT( (OFFSET(제안사_투자현황,0,22,ROWS(제안사_투자현황),1)=$D14)*1, (OFFSET(제안사_투자현황,0,10,ROWS(제안사_투자현황),1)<>"회수료")*1, OFFSET(제안사_투자현황,0,20,ROWS(제안사_투자현황),1) ) ) ) -> 0
D15: 인00 | E15: 25518 | N15: 관리인력 | O15: NO | R15: =IF(ISBLANK($D15), "", IF(N15="핵심운용인력", SUMPRODUCT((OFFSET(핵심인력_경력,0,0,ROWS(핵심인력_경력),1)=$D15)*1, OFFSET(핵심인력_경력,0,9,ROWS(핵심인력_경력),1), (OFFSET(핵심인력_경력,0,10,ROWS(핵심인력_경력),1)="A")*1)+SUMPRODUCT((OFFSET(핵심인력_경력,0,0,ROWS(핵심인력_경력),1)=$D15)*1, OFFSET(핵심인력_경력,0,9,ROWS(핵심인력_경력),1), (OFFSET(핵심인력_경력,0,10,ROWS(핵심인력_경력),1)="B")*1)*0.7, SUMPRODUCT((OFFSET(일반인력_경력,0,0,ROWS(일반인력_경력),1)=$D15)*1, OFFSET(일반인력_경력,0,9,ROWS(일반인력_경력),1), (OFFSET(일반인력_경력,0,10,ROWS(일반인력_경력),1)="A")*1)+SUMPRODUCT((OFFSET(일반인력_경력,0,0,ROWS(일반인력_경력),1)=$D15)*1, OFFSET(일반인력_경력,0,9,ROWS(일반인력_경력),1), (OFFSET(일반인력_경력,0,10,ROWS(일반인력_경력),1)="B")*1)*0.7 ) ) -> 0 | S15: =IF(ISBLANK($D15), "", IF(VLOOKUP($D15,참여인력_개요,11,FALSE)="관리인력", "", IF(N15="핵심운용인력", SUMPRODUCT((OFFSET(핵심인력_투자현황,0,0,ROWS(핵심인력_투자현황),1)=$D15)*1, ISTEXT(OFFSET(핵심인력_투자현황,0,10,ROWS(핵심인력_투자현황),1))*1), SUMPRODUCT((OFFSET(일반인력_투자현황,0,0,ROWS(일반인력_투자현황),1)=$D15)*1, ISTEXT(OFFSET(일반인력_투자현황,0,10,ROWS(일반인력_투자현황),1))*1)) ) ) | T15: =IF(ISBLANK($D15), "", IF(VLOOKUP($D15,참여인력_개요,11,FALSE)="관리인력", "", IF(N15="핵심운용인력", SUMPRODUCT((OFFSET(핵심인력_투자현황,0,0,ROWS(핵심인력_투자현황),1)=$D15)*1, (OFFSET(핵심인력_투자현황,0,17,ROWS(핵심인력_투자현황),1)="회수료")*1), SUMPRODUCT((OFFSET(일반인력_투자현황,0,0,ROWS(일반인력_투자현황),1)=$D15)*1, (OFFSET(일반인력_투자현황,0,16,ROWS(일반인력_투자현황),1)="회수료")*1)))) | U15: =IF(ISBLANK($D15), "", IF(VLOOKUP($D15,참여인력_개요,11,FALSE)="관리인력", "", IF(N15="핵심운용인력", SUMPRODUCT((OFFSET(핵심인력_투자현황,0,0,ROWS(핵심인력_투자현황),1)=$D15)*1, OFFSET(핵심인력_투자현황,0,16,ROWS(핵심인력_투자현황),1)), SUMPRODUCT((OFFSET(일반인력_투자현황,0,0,ROWS(일반인력_투자현황),1)=$D15)*1, OFFSET(일반인력_투자현황,0,15,ROWS(일반인력_투자현황),1)) ))) | V15: =IF(ISBLANK($D15), "", IF(VLOOKUP($D15,참여인력_개요,11,FALSE)="관리인력", "", IF(N15="핵심운용인력", SUMPRODUCT((OFFSET(핵심인력_투자현황,0,0,ROWS(핵심인력_투자현황),1)=$D15)*1, OFFSET(핵심인력_투자현황,0,20,ROWS(핵심인력_투자현황),1)), SUMPRODUCT((OFFSET(일반인력_투자현황,0,0,ROWS(일반인력_투자현황),1)=$D15)*1, OFFSET(일반인력_투자현황,0,19,ROWS(일반인력_투자현황),1)) ))) | W15: =IF(ISBLANK($D15), "", IF(VLOOKUP($D15,참여인력_개요,11,FALSE)="관리인력", "", IF(N15="핵심운용인력", SUMPRODUCT((OFFSET(핵심인력_투자현황,0,0,ROWS(핵심인력_투자현황),1)=$D15)*1, OFFSET(핵심인력_투자현황,0,25,ROWS(핵심인력_투자현황),1)), SUMPRODUCT((OFFSET(일반인력_투자현황,0,0,ROWS(일반인력_투자현황),1)=$D15)*1, OFFSET(일반인력_투자현황,0,24,ROWS(일반인력_투자현황),1)) ))) | X15: =IF(ISBLANK($D15), "", IF(VLOOKUP($D15,참여인력_개요,11,FALSE)="관리인력", "", IF(N15="핵심운용인력", SUMPRODUCT((OFFSET(핵심인력_투자현황,0,0,ROWS(핵심인력_투자현황),1)=$D15)*1, OFFSET(핵심인력_투자현황,0,26,ROWS(핵심인력_투자현황),1)), SUMPRODUCT((OFFSET(일반인력_투자현황,0,0,ROWS(일반인력_투자현황),1)=$D15)*1, OFFSET(일반인력_투자현황,0,25,ROWS(일반인력_투자현황),1)) ))) | Y15: =IF(ISBLANK($D15), "", IF(VLOOKUP($D15,참여인력_개요,11,FALSE)="관리인력", "", IF(N15="핵심운용인력", SUMPRODUCT((OFFSET(핵심인력_투자현황,0,0,ROWS(핵심인력_투자현황),1)=$D15)*1, OFFSET(핵심인력_투자현황,0,16,ROWS(핵심인력_투자현황),1), OFFSET(핵심인력_투자현황,0,18,ROWS(핵심인력_투자현황),1))/U15, SUMPRODUCT((OFFSET(일반인력_투자현황,0,0,ROWS(일반인력_투자현황),1)=$D15)*1, OFFSET(일반인력_투자현황,0,15,ROWS(일반인력_투자현황),1), OFFSET(일반인력_투자현황,0,17,ROWS(일반인력_투자현황),1))/U15 ))) | Z15: =IF(ISBLANK($D15), "",IF(VLOOKUP($D15,참여인력_개요,11,FALSE)="관리인력", "", IF(N15="핵심운용인력", IF(SUMPRODUCT( (OFFSET(핵심인력_투자현황,0,0,ROWS(핵심인력_투자현황),1)=$D15)*1, OFFSET(핵심인력_투자현황,0,16,ROWS(핵심인력_투자현황),1), (OFFSET(핵심인력_투자현황,0,17,ROWS(핵심인력_투자현황),1)="회수료")*1 ) = 0, "N/A", SUMPRODUCT( (OFFSET(핵심인력_투자현황,0,0,ROWS(핵심인력_투자현황),1)=$D15)*1, OFFSET(핵심인력_투자현황,0,16,ROWS(핵심인력_투자현황),1), (OFFSET(핵심인력_투자현황,0,17,ROWS(핵심인력_투자현황),1)="회수료")*1, OFFSET(핵심인력_투자현황,0,18,ROWS(핵심인력_투자현황),1) ) / SUMPRODUCT( (OFFSET(핵심인력_투자현황,0,0,ROWS(핵심인력_투자현황),1)=$D15)*1, OFFSET(핵심인력_투자현황,0,16,ROWS(핵심인력_투자현황),1), (OFFSET(핵심인력_투자현황,0,17,ROWS(핵심인력_투자현황),1)="회수료")*1 ) ), IF(SUMPRODUCT( (OFFSET(일반인력_투자현황,0,0,ROWS(일반인력_투자현황),1)=$D15)*1, OFFSET(일반인력_투자현황,0,15,ROWS(일반인력_투자현황),1), (OFFSET(일반인력_투자현황,0,16,ROWS(일반인력_투자현황),1)="회수료")*1 ) = 0, "N/A", SUMPRODUCT( (OFFSET(일반인력_투자현황,0,0,ROWS(일반인력_투자현황),1)=$D15)*1, OFFSET(일반인력_투자현황,0,15,ROWS(일반인력_투자현황),1), (OFFSET(일반인력_투자현황,0,16,ROWS(일반인력_투자현황),1)="회수료")*1, OFFSET(일반인력_투자현황,0,17,ROWS(일반인력_투자현황),1) ) / SUMPRODUCT( (OFFSET(일반인력_투자현황,0,0,ROWS(일반인력_투자현황),1)=$D15)*1, OFFSET(일반인력_투자현황,0,15,ROWS(일반인력_투자현황),1), (OFFSET(일반인력_투자현황,0,16,ROWS(일반인력_투자현황),1)="회수료")*1 ) ) ))) | AA15: =IF(ISBLANK($D15), "", IF(VLOOKUP($D15,참여인력_개요,11,FALSE)="관리인력", "", SUMPRODUCT( (OFFSET(제안사_투자현황,0,22,ROWS(제안사_투자현황),1)=$D15)*1, (OFFSET(제안사_투자현황,0,10,ROWS(제안사_투자현황),1)<>"회수료")*1 ) )) | AB15: =IF(ISBLANK($D15), "", IF(VLOOKUP($D15,참여인력_개요,11,FALSE)="관리인력", "", SUMPRODUCT( (OFFSET(제안사_투자현황,0,22,ROWS(제안사_투자현황),1)=$D15)*1, (OFFSET(제안사_투자현황,0,10,ROWS(제안사_투자현황),1)<>"회수료")*1, OFFSET(제안사_투자현황,0,19,ROWS(제안사_투자현황),1) ) ) ) | AC15: =IF(ISBLANK($D15), "", IF(VLOOKUP($D15,참여인력_개요,11,FALSE)="관리인력", "", SUMPRODUCT( (OFFSET(제안사_투자현황,0,22,ROWS(제안사_투자현황),1)=$D15)*1, (OFFSET(제안사_투자현황,0,10,ROWS(제안사_투자현황),1)<>"회수료")*1, OFFSET(제안사_투자현황,0,20,ROWS(제안사_투자현황),1) ) ) )
R16: =IF(ISBLANK($D16), "", IF(N16="핵심운용인력", SUMPRODUCT((OFFSET(핵심인력_경력,0,0,ROWS(핵심인력_경력),1)=$D16)*1, OFFSET(핵심인력_경력,0,9,ROWS(핵심인력_경력),1), (OFFSET(핵심인력_경력,0,10,ROWS(핵심인력_경력),1)="A")*1)+SUMPRODUCT((OFFSET(핵심인력_경력,0,0,ROWS(핵심인력_경력),1)=$D16)*1, OFFSET(핵심인력_경력,0,9,ROWS(핵심인력_경력),1), (OFFSET(핵심인력_경력,0,10,ROWS(핵심인력_경력),1)="B")*1)*0.7, SUMPRODUCT((OFFSET(일반인력_경력,0,0,ROWS(일반인력_경력),1)=$D16)*1, OFFSET(일반인력_경력,0,9,ROWS(일반인력_경력),1), (OFFSET(일반인력_경력,0,10,ROWS(일반인력_경력),1)="A")*1)+SUMPRODUCT((OFFSET(일반인력_경력,0,0,ROWS(일반인력_경력),1)=$D16)*1, OFFSET(일반인력_경력,0,9,ROWS(일반인력_경력),1), (OFFSET(일반인력_경력,0,10,ROWS(일반인력_경력),1)="B")*1)*0.7 ) ) | S16: =IF(ISBLANK($D16), "", IF(VLOOKUP($D16,참여인력_개요,11,FALSE)="관리인력", "", IF(N16="핵심운용인력", SUMPRODUCT((OFFSET(핵심인력_투자현황,0,0,ROWS(핵심인력_투자현황),1)=$D16)*1, ISTEXT(OFFSET(핵심인력_투자현황,0,10,ROWS(핵심인력_투자현황),1))*1), SUMPRODUCT((OFFSET(일반인력_투자현황,0,0,ROWS(일반인력_투자현황),1)=$D16)*1, ISTEXT(OFFSET(일반인력_투자현황,0,10,ROWS(일반인력_투자현황),1))*1)) ) ) | T16: =IF(ISBLANK($D16), "", IF(VLOOKUP($D16,참여인력_개요,11,FALSE)="관리인력", "", IF(N16="핵심운용인력", SUMPRODUCT((OFFSET(핵심인력_투자현황,0,0,ROWS(핵심인력_투자현황),1)=$D16)*1, (OFFSET(핵심인력_투자현황,0,17,ROWS(핵심인력_투자현황),1)="회수료")*1), SUMPRODUCT((OFFSET(일반인력_투자현황,0,0,ROWS(일반인력_투자현황),1)=$D16)*1, (OFFSET(일반인력_투자현황,0,16,ROWS(일반인력_투자현황),1)="회수료")*1)))) | U16: =IF(ISBLANK($D16), "", IF(VLOOKUP($D16,참여인력_개요,11,FALSE)="관리인력", "", IF(N16="핵심운용인력", SUMPRODUCT((OFFSET(핵심인력_투자현황,0,0,ROWS(핵심인력_투자현황),1)=$D16)*1, OFFSET(핵심인력_투자현황,0,16,ROWS(핵심인력_투자현황),1)), SUMPRODUCT((OFFSET(일반인력_투자현황,0,0,ROWS(일반인력_투자현황),1)=$D16)*1, OFFSET(일반인력_투자현황,0,15,ROWS(일반인력_투자현황),1)) ))) | V16: =IF(ISBLANK($D16), "", IF(VLOOKUP($D16,참여인력_개요,11,FALSE)="관리인력", "", IF(N16="핵심운용인력", SUMPRODUCT((OFFSET(핵심인력_투자현황,0,0,ROWS(핵심인력_투자현황),1)=$D16)*1, OFFSET(핵심인력_투자현황,0,20,ROWS(핵심인력_투자현황),1)), SUMPRODUCT((OFFSET(일반인력_투자현황,0,0,ROWS(일반인력_투자현황),1)=$D16)*1, OFFSET(일반인력_투자현황,0,19,ROWS(일반인력_투자현황),1)) ))) | W16: =IF(ISBLANK($D16), "", IF(VLOOKUP($D16,참여인력_개요,11,FALSE)="관리인력", "", IF(N16="핵심운용인력", SUMPRODUCT((OFFSET(핵심인력_투자현황,0,0,ROWS(핵심인력_투자현황),1)=$D16)*1, OFFSET(핵심인력_투자현황,0,25,ROWS(핵심인력_투자현황),1)), SUMPRODUCT((OFFSET(일반인력_투자현황,0,0,ROWS(일반인력_투자현황),1)=$D16)*1, OFFSET(일반인력_투자현황,0,24,ROWS(일반인력_투자현황),1)) ))) | X16: =IF(ISBLANK($D16), "", IF(VLOOKUP($D16,참여인력_개요,11,FALSE)="관리인력", "", IF(N16="핵심운용인력", SUMPRODUCT((OFFSET(핵심인력_투자현황,0,0,ROWS(핵심인력_투자현황),1)=$D16)*1, OFFSET(핵심인력_투자현황,0,26,ROWS(핵심인력_투자현황),1)), SUMPRODUCT((OFFSET(일반인력_투자현황,0,0,ROWS(일반인력_투자현황),1)=$D16)*1, OFFSET(일반인력_투자현황,0,25,ROWS(일반인력_투자현황),1)) ))) | Y16: =IF(ISBLANK($D16), "", IF(VLOOKUP($D16,참여인력_개요,11,FALSE)="관리인력", "", IF(N16="핵심운용인력", SUMPRODUCT((OFFSET(핵심인력_투자현황,0,0,ROWS(핵심인력_투자현황),1)=$D16)*1, OFFSET(핵심인력_투자현황,0,16,ROWS(핵심인력_투자현황),1), OFFSET(핵심인력_투자현황,0,18,ROWS(핵심인력_투자현황),1))/U16, SUMPRODUCT((OFFSET(일반인력_투자현황,0,0,ROWS(일반인력_투자현황),1)=$D16)*1, OFFSET(일반인력_투자현황,0,15,ROWS(일반인력_투자현황),1), OFFSET(일반인력_투자현황,0,17,ROWS(일반인력_투자현황),1))/U16 ))) | Z16: =IF(ISBLANK($D16), "",IF(VLOOKUP($D16,참여인력_개요,11,FALSE)="관리인력", "", IF(N16="핵심운용인력", IF(SUMPRODUCT( (OFFSET(핵심인력_투자현황,0,0,ROWS(핵심인력_투자현황),1)=$D16)*1, OFFSET(핵심인력_투자현황,0,16,ROWS(핵심인력_투자현황),1), (OFFSET(핵심인력_투자현황,0,17,ROWS(핵심인력_투자현황),1)="회수료")*1 ) = 0, "N/A", SUMPRODUCT( (OFFSET(핵심인력_투자현황,0,0,ROWS(핵심인력_투자현황),1)=$D16)*1, OFFSET(핵심인력_투자현황,0,16,ROWS(핵심인력_투자현황),1), (OFFSET(핵심인력_투자현황,0,17,ROWS(핵심인력_투자현황),1)="회수료")*1, OFFSET(핵심인력_투자현황,0,18,ROWS(핵심인력_투자현황),1) ) / SUMPRODUCT( (OFFSET(핵심인력_투자현황,0,0,ROWS(핵심인력_투자현황),1)=$D16)*1, OFFSET(핵심인력_투자현황,0,16,ROWS(핵심인력_투자현황),1), (OFFSET(핵심인력_투자현황,0,17,ROWS(핵심인력_투자현황),1)="회수료")*1 ) ), IF(SUMPRODUCT( (OFFSET(일반인력_투자현황,0,0,ROWS(일반인력_투자현황),1)=$D16)*1, OFFSET(일반인력_투자현황,0,15,ROWS(일반인력_투자현황),1), (OFFSET(일반인력_투자현황,0,16,ROWS(일반인력_투자현황),1)="회수료")*1 ) = 0, "N/A", SUMPRODUCT( (OFFSET(일반인력_투자현황,0,0,ROWS(일반인력_투자현황),1)=$D16)*1, OFFSET(일반인력_투자현황,0,15,ROWS(일반인력_투자현황),1), (OFFSET(일반인력_투자현황,0,16,ROWS(일반인력_투자현황),1)="회수료")*1, OFFSET(일반인력_투자현황,0,17,ROWS(일반인력_투자현황),1) ) / SUMPRODUCT( (OFFSET(일반인력_투자현황,0,0,ROWS(일반인력_투자현황),1)=$D16)*1, OFFSET(일반인력_투자현황,0,15,ROWS(일반인력_투자현황),1), (OFFSET(일반인력_투자현황,0,16,ROWS(일반인력_투자현황),1)="회수료")*1 ) ) ))) | AA16: =IF(ISBLANK($D16), "", IF(VLOOKUP($D16,참여인력_개요,11,FALSE)="관리인력", "", SUMPRODUCT( (OFFSET(제안사_투자현황,0,22,ROWS(제안사_투자현황),1)=$D16)*1, (OFFSET(제안사_투자현황,0,10,ROWS(제안사_투자현황),1)<>"회수료")*1 ) )) | AB16: =IF(ISBLANK($D16), "", IF(VLOOKUP($D16,참여인력_개요,11,FALSE)="관리인력", "", SUMPRODUCT( (OFFSET(제안사_투자현황,0,22,ROWS(제안사_투자현황),1)=$D16)*1, (OFFSET(제안사_투자현황,0,10,ROWS(제안사_투자현황),1)<>"회수료")*1, OFFSET(제안사_투자현황,0,19,ROWS(제안사_투자현황),1) ) ) ) | AC16: =IF(ISBLANK($D16), "", IF(VLOOKUP($D16,참여인력_개요,11,FALSE)="관리인력", "", SUMPRODUCT( (OFFSET(제안사_투자현황,0,22,ROWS(제안사_투자현황),1)=$D16)*1, (OFFSET(제안사_투자현황,0,10,ROWS(제안사_투자현황),1)<>"회수료")*1, OFFSET(제안사_투자현황,0,20,ROWS(제안사_투자현황),1) ) ) )
R17: =IF(ISBLANK($D17), "", IF(N17="핵심운용인력", SUMPRODUCT((OFFSET(핵심인력_경력,0,0,ROWS(핵심인력_경력),1)=$D17)*1, OFFSET(핵심인력_경력,0,9,ROWS(핵심인력_경력),1), (OFFSET(핵심인력_경력,0,10,ROWS(핵심인력_경력),1)="A")*1)+SUMPRODUCT((OFFSET(핵심인력_경력,0,0,ROWS(핵심인력_경력),1)=$D17)*1, OFFSET(핵심인력_경력,0,9,ROWS(핵심인력_경력),1), (OFFSET(핵심인력_경력,0,10,ROWS(핵심인력_경력),1)="B")*1)*0.7, SUMPRODUCT((OFFSET(일반인력_경력,0,0,ROWS(일반인력_경력),1)=$D17)*1, OFFSET(일반인력_경력,0,9,ROWS(일반인력_경력),1), (OFFSET(일반인력_경력,0,10,ROWS(일반인력_경력),1)="A")*1)+SUMPRODUCT((OFFSET(일반인력_경력,0,0,ROWS(일반인력_경력),1)=$D17)*1, OFFSET(일반인력_경력,0,9,ROWS(일반인력_경력),1), (OFFSET(일반인력_경력,0,10,ROWS(일반인력_경력),1)="B")*1)*0.7 ) ) | S17: =IF(ISBLANK($D17), "", IF(VLOOKUP($D17,참여인력_개요,11,FALSE)="관리인력", "", IF(N17="핵심운용인력", SUMPRODUCT((OFFSET(핵심인력_투자현황,0,0,ROWS(핵심인력_투자현황),1)=$D17)*1, ISTEXT(OFFSET(핵심인력_투자현황,0,10,ROWS(핵심인력_투자현황),1))*1), SUMPRODUCT((OFFSET(일반인력_투자현황,0,0,ROWS(일반인력_투자현황),1)=$D17)*1, ISTEXT(OFFSET(일반인력_투자현황,0,10,ROWS(일반인력_투자현황),1))*1)) ) ) | T17: =IF(ISBLANK($D17), "", IF(VLOOKUP($D17,참여인력_개요,11,FALSE)="관리인력", "", IF(N17="핵심운용인력", SUMPRODUCT((OFFSET(핵심인력_투자현황,0,0,ROWS(핵심인력_투자현황),1)=$D17)*1, (OFFSET(핵심인력_투자현황,0,17,ROWS(핵심인력_투자현황),1)="회수료")*1), SUMPRODUCT((OFFSET(일반인력_투자현황,0,0,ROWS(일반인력_투자현황),1)=$D17)*1, (OFFSET(일반인력_투자현황,0,16,ROWS(일반인력_투자현황),1)="회수료")*1)))) | U17: =IF(ISBLANK($D17), "", IF(VLOOKUP($D17,참여인력_개요,11,FALSE)="관리인력", "", IF(N17="핵심운용인력", SUMPRODUCT((OFFSET(핵심인력_투자현황,0,0,ROWS(핵심인력_투자현황),1)=$D17)*1, OFFSET(핵심인력_투자현황,0,16,ROWS(핵심인력_투자현황),1)), SUMPRODUCT((OFFSET(일반인력_투자현황,0,0,ROWS(일반인력_투자현황),1)=$D17)*1, OFFSET(일반인력_투자현황,0,15,ROWS(일반인력_투자현황),1)) ))) | V17: =IF(ISBLANK($D17), "", IF(VLOOKUP($D17,참여인력_개요,11,FALSE)="관리인력", "", IF(N17="핵심운용인력", SUMPRODUCT((OFFSET(핵심인력_투자현황,0,0,ROWS(핵심인력_투자현황),1)=$D17)*1, OFFSET(핵심인력_투자현황,0,20,ROWS(핵심인력_투자현황),1)), SUMPRODUCT((OFFSET(일반인력_투자현황,0,0,ROWS(일반인력_투자현황),1)=$D17)*1, OFFSET(일반인력_투자현황,0,19,ROWS(일반인력_투자현황),1)) ))) | W17: =IF(ISBLANK($D17), "", IF(VLOOKUP($D17,참여인력_개요,11,FALSE)="관리인력", "", IF(N17="핵심운용인력", SUMPRODUCT((OFFSET(핵심인력_투자현황,0,0,ROWS(핵심인력_투자현황),1)=$D17)*1, OFFSET(핵심인력_투자현황,0,25,ROWS(핵심인력_투자현황),1)), SUMPRODUCT((OFFSET(일반인력_투자현황,0,0,ROWS(일반인력_투자현황),1)=$D17)*1, OFFSET(일반인력_투자현황,0,24,ROWS(일반인력_투자현황),1)) ))) | X17: =IF(ISBLANK($D17), "", IF(VLOOKUP($D17,참여인력_개요,11,FALSE)="관리인력", "", IF(N17="핵심운용인력", SUMPRODUCT((OFFSET(핵심인력_투자현황,0,0,ROWS(핵심인력_투자현황),1)=$D17)*1, OFFSET(핵심인력_투자현황,0,26,ROWS(핵심인력_투자현황),1)), SUMPRODUCT((OFFSET(일반인력_투자현황,0,0,ROWS(일반인력_투자현황),1)=$D17)*1, OFFSET(일반인력_투자현황,0,25,ROWS(일반인력_투자현황),1)) ))) | Y17: =IF(ISBLANK($D17), "", IF(VLOOKUP($D17,참여인력_개요,11,FALSE)="관리인력", "", IF(N17="핵심운용인력", SUMPRODUCT((OFFSET(핵심인력_투자현황,0,0,ROWS(핵심인력_투자현황),1)=$D17)*1, OFFSET(핵심인력_투자현황,0,16,ROWS(핵심인력_투자현황),1), OFFSET(핵심인력_투자현황,0,18,ROWS(핵심인력_투자현황),1))/U17, SUMPRODUCT((OFFSET(일반인력_투자현황,0,0,ROWS(일반인력_투자현황),1)=$D17)*1, OFFSET(일반인력_투자현황,0,15,ROWS(일반인력_투자현황),1), OFFSET(일반인력_투자현황,0,17,ROWS(일반인력_투자현황),1))/U17 ))) | Z17: =IF(ISBLANK($D17), "",IF(VLOOKUP($D17,참여인력_개요,11,FALSE)="관리인력", "", IF(N17="핵심운용인력", IF(SUMPRODUCT( (OFFSET(핵심인력_투자현황,0,0,ROWS(핵심인력_투자현황),1)=$D17)*1, OFFSET(핵심인력_투자현황,0,16,ROWS(핵심인력_투자현황),1), (OFFSET(핵심인력_투자현황,0,17,ROWS(핵심인력_투자현황),1)="회수료")*1 ) = 0, "N/A", SUMPRODUCT( (OFFSET(핵심인력_투자현황,0,0,ROWS(핵심인력_투자현황),1)=$D17)*1, OFFSET(핵심인력_투자현황,0,16,ROWS(핵심인력_투자현황),1), (OFFSET(핵심인력_투자현황,0,17,ROWS(핵심인력_투자현황),1)="회수료")*1, OFFSET(핵심인력_투자현황,0,18,ROWS(핵심인력_투자현황),1) ) / SUMPRODUCT( (OFFSET(핵심인력_투자현황,0,0,ROWS(핵심인력_투자현황),1)=$D17)*1, OFFSET(핵심인력_투자현황,0,16,ROWS(핵심인력_투자현황),1), (OFFSET(핵심인력_투자현황,0,17,ROWS(핵심인력_투자현황),1)="회수료")*1 ) ), IF(SUMPRODUCT( (OFFSET(일반인력_투자현황,0,0,ROWS(일반인력_투자현황),1)=$D17)*1, OFFSET(일반인력_투자현황,0,15,ROWS(일반인력_투자현황),1), (OFFSET(일반인력_투자현황,0,16,ROWS(일반인력_투자현황),1)="회수료")*1 ) = 0, "N/A", SUMPRODUCT( (OFFSET(일반인력_투자현황,0,0,ROWS(일반인력_투자현황),1)=$D17)*1, OFFSET(일반인력_투자현황,0,15,ROWS(일반인력_투자현황),1), (OFFSET(일반인력_투자현황,0,16,ROWS(일반인력_투자현황),1)="회수료")*1, OFFSET(일반인력_투자현황,0,17,ROWS(일반인력_투자현황),1) ) / SUMPRODUCT( (OFFSET(일반인력_투자현황,0,0,ROWS(일반인력_투자현황),1)=$D17)*1, OFFSET(일반인력_투자현황,0,15,ROWS(일반인력_투자현황),1), (OFFSET(일반인력_투자현황,0,16,ROWS(일반인력_투자현황),1)="회수료")*1 ) ) ))) | AA17: =IF(ISBLANK($D17), "", IF(VLOOKUP($D17,참여인력_개요,11,FALSE)="관리인력", "", SUMPRODUCT( (OFFSET(제안사_투자현황,0,22,ROWS(제안사_투자현황),1)=$D17)*1, (OFFSET(제안사_투자현황,0,10,ROWS(제안사_투자현황),1)<>"회수료")*1 ) )) | AB17: =IF(ISBLANK($D17), "", IF(VLOOKUP($D17,참여인력_개요,11,FALSE)="관리인력", "", SUMPRODUCT( (OFFSET(제안사_투자현황,0,22,ROWS(제안사_투자현황),1)=$D17)*1, (OFFSET(제안사_투자현황,0,10,ROWS(제안사_투자현황),1)<>"회수료")*1, OFFSET(제안사_투자현황,0,19,ROWS(제안사_투자현황),1) ) ) ) | AC17: =IF(ISBLANK($D17), "", IF(VLOOKUP($D17,참여인력_개요,11,FALSE)="관리인력", "", SUMPRODUCT( (OFFSET(제안사_투자현황,0,22,ROWS(제안사_투자현황),1)=$D17)*1, (OFFSET(제안사_투자현황,0,10,ROWS(제안사_투자현황),1)<>"회수료")*1, OFFSET(제안사_투자현황,0,20,ROWS(제안사_투자현황),1) ) ) )
R18: =IF(ISBLANK($D18), "", IF(N18="핵심운용인력", SUMPRODUCT((OFFSET(핵심인력_경력,0,0,ROWS(핵심인력_경력),1)=$D18)*1, OFFSET(핵심인력_경력,0,9,ROWS(핵심인력_경력),1), (OFFSET(핵심인력_경력,0,10,ROWS(핵심인력_경력),1)="A")*1)+SUMPRODUCT((OFFSET(핵심인력_경력,0,0,ROWS(핵심인력_경력),1)=$D18)*1, OFFSET(핵심인력_경력,0,9,ROWS(핵심인력_경력),1), (OFFSET(핵심인력_경력,0,10,ROWS(핵심인력_경력),1)="B")*1)*0.7, SUMPRODUCT((OFFSET(일반인력_경력,0,0,ROWS(일반인력_경력),1)=$D18)*1, OFFSET(일반인력_경력,0,9,ROWS(일반인력_경력),1), (OFFSET(일반인력_경력,0,10,ROWS(일반인력_경력),1)="A")*1)+SUMPRODUCT((OFFSET(일반인력_경력,0,0,ROWS(일반인력_경력),1)=$D18)*1, OFFSET(일반인력_경력,0,9,ROWS(일반인력_경력),1), (OFFSET(일반인력_경력,0,10,ROWS(일반인력_경력),1)="B")*1)*0.7 ) ) | S18: =IF(ISBLANK($D18), "", IF(VLOOKUP($D18,참여인력_개요,11,FALSE)="관리인력", "", IF(N18="핵심운용인력", SUMPRODUCT((OFFSET(핵심인력_투자현황,0,0,ROWS(핵심인력_투자현황),1)=$D18)*1, ISTEXT(OFFSET(핵심인력_투자현황,0,10,ROWS(핵심인력_투자현황),1))*1), SUMPRODUCT((OFFSET(일반인력_투자현황,0,0,ROWS(일반인력_투자현황),1)=$D18)*1, ISTEXT(OFFSET(일반인력_투자현황,0,10,ROWS(일반인력_투자현황),1))*1)) ) ) | T18: =IF(ISBLANK($D18), "", IF(VLOOKUP($D18,참여인력_개요,11,FALSE)="관리인력", "", IF(N18="핵심운용인력", SUMPRODUCT((OFFSET(핵심인력_투자현황,0,0,ROWS(핵심인력_투자현황),1)=$D18)*1, (OFFSET(핵심인력_투자현황,0,17,ROWS(핵심인력_투자현황),1)="회수료")*1), SUMPRODUCT((OFFSET(일반인력_투자현황,0,0,ROWS(일반인력_투자현황),1)=$D18)*1, (OFFSET(일반인력_투자현황,0,16,ROWS(일반인력_투자현황),1)="회수료")*1)))) | U18: =IF(ISBLANK($D18), "", IF(VLOOKUP($D18,참여인력_개요,11,FALSE)="관리인력", "", IF(N18="핵심운용인력", SUMPRODUCT((OFFSET(핵심인력_투자현황,0,0,ROWS(핵심인력_투자현황),1)=$D18)*1, OFFSET(핵심인력_투자현황,0,16,ROWS(핵심인력_투자현황),1)), SUMPRODUCT((OFFSET(일반인력_투자현황,0,0,ROWS(일반인력_투자현황),1)=$D18)*1, OFFSET(일반인력_투자현황,0,15,ROWS(일반인력_투자현황),1)) ))) | V18: =IF(ISBLANK($D18), "", IF(VLOOKUP($D18,참여인력_개요,11,FALSE)="관리인력", "", IF(N18="핵심운용인력", SUMPRODUCT((OFFSET(핵심인력_투자현황,0,0,ROWS(핵심인력_투자현황),1)=$D18)*1, OFFSET(핵심인력_투자현황,0,20,ROWS(핵심인력_투자현황),1)), SUMPRODUCT((OFFSET(일반인력_투자현황,0,0,ROWS(일반인력_투자현황),1)=$D18)*1, OFFSET(일반인력_투자현황,0,19,ROWS(일반인력_투자현황),1)) ))) | W18: =IF(ISBLANK($D18), "", IF(VLOOKUP($D18,참여인력_개요,11,FALSE)="관리인력", "", IF(N18="핵심운용인력", SUMPRODUCT((OFFSET(핵심인력_투자현황,0,0,ROWS(핵심인력_투자현황),1)=$D18)*1, OFFSET(핵심인력_투자현황,0,25,ROWS(핵심인력_투자현황),1)), SUMPRODUCT((OFFSET(일반인력_투자현황,0,0,ROWS(일반인력_투자현황),1)=$D18)*1, OFFSET(일반인력_투자현황,0,24,ROWS(일반인력_투자현황),1)) ))) | X18: =IF(ISBLANK($D18), "", IF(VLOOKUP($D18,참여인력_개요,11,FALSE)="관리인력", "", IF(N18="핵심운용인력", SUMPRODUCT((OFFSET(핵심인력_투자현황,0,0,ROWS(핵심인력_투자현황),1)=$D18)*1, OFFSET(핵심인력_투자현황,0,26,ROWS(핵심인력_투자현황),1)), SUMPRODUCT((OFFSET(일반인력_투자현황,0,0,ROWS(일반인력_투자현황),1)=$D18)*1, OFFSET(일반인력_투자현황,0,25,ROWS(일반인력_투자현황),1)) ))) | Y18: =IF(ISBLANK($D18), "", IF(VLOOKUP($D18,참여인력_개요,11,FALSE)="관리인력", "", IF(N18="핵심운용인력", SUMPRODUCT((OFFSET(핵심인력_투자현황,0,0,ROWS(핵심인력_투자현황),1)=$D18)*1, OFFSET(핵심인력_투자현황,0,16,ROWS(핵심인력_투자현황),1), OFFSET(핵심인력_투자현황,0,18,ROWS(핵심인력_투자현황),1))/U18, SUMPRODUCT((OFFSET(일반인력_투자현황,0,0,ROWS(일반인력_투자현황),1)=$D18)*1, OFFSET(일반인력_투자현황,0,15,ROWS(일반인력_투자현황),1), OFFSET(일반인력_투자현황,0,17,ROWS(일반인력_투자현황),1))/U18 ))) | Z18: =IF(ISBLANK($D18), "",IF(VLOOKUP($D18,참여인력_개요,11,FALSE)="관리인력", "", IF(N18="핵심운용인력", IF(SUMPRODUCT( (OFFSET(핵심인력_투자현황,0,0,ROWS(핵심인력_투자현황),1)=$D18)*1, OFFSET(핵심인력_투자현황,0,16,ROWS(핵심인력_투자현황),1), (OFFSET(핵심인력_투자현황,0,17,ROWS(핵심인력_투자현황),1)="회수료")*1 ) = 0, "N/A", SUMPRODUCT( (OFFSET(핵심인력_투자현황,0,0,ROWS(핵심인력_투자현황),1)=$D18)*1, OFFSET(핵심인력_투자현황,0,16,ROWS(핵심인력_투자현황),1), (OFFSET(핵심인력_투자현황,0,17,ROWS(핵심인력_투자현황),1)="회수료")*1, OFFSET(핵심인력_투자현황,0,18,ROWS(핵심인력_투자현황),1) ) / SUMPRODUCT( (OFFSET(핵심인력_투자현황,0,0,ROWS(핵심인력_투자현황),1)=$D18)*1, OFFSET(핵심인력_투자현황,0,16,ROWS(핵심인력_투자현황),1), (OFFSET(핵심인력_투자현황,0,17,ROWS(핵심인력_투자현황),1)="회수료")*1 ) ), IF(SUMPRODUCT( (OFFSET(일반인력_투자현황,0,0,ROWS(일반인력_투자현황),1)=$D18)*1, OFFSET(일반인력_투자현황,0,15,ROWS(일반인력_투자현황),1), (OFFSET(일반인력_투자현황,0,16,ROWS(일반인력_투자현황),1)="회수료")*1 ) = 0, "N/A", SUMPRODUCT( (OFFSET(일반인력_투자현황,0,0,ROWS(일반인력_투자현황),1)=$D18)*1, OFFSET(일반인력_투자현황,0,15,ROWS(일반인력_투자현황),1), (OFFSET(일반인력_투자현황,0,16,ROWS(일반인력_투자현황),1)="회수료")*1, OFFSET(일반인력_투자현황,0,17,ROWS(일반인력_투자현황),1) ) / SUMPRODUCT( (OFFSET(일반인력_투자현황,0,0,ROWS(일반인력_투자현황),1)=$D18)*1, OFFSET(일반인력_투자현황,0,15,ROWS(일반인력_투자현황),1), (OFFSET(일반인력_투자현황,0,16,ROWS(일반인력_투자현황),1)="회수료")*1 ) ) ))) | AA18: =IF(ISBLANK($D18), "", IF(VLOOKUP($D18,참여인력_개요,11,FALSE)="관리인력", "", SUMPRODUCT( (OFFSET(제안사_투자현황,0,22,ROWS(제안사_투자현황),1)=$D18)*1, (OFFSET(제안사_투자현황,0,10,ROWS(제안사_투자현황),1)<>"회수료")*1 ) )) | AB18: =IF(ISBLANK($D18), "", IF(VLOOKUP($D18,참여인력_개요,11,FALSE)="관리인력", "", SUMPRODUCT( (OFFSET(제안사_투자현황,0,22,ROWS(제안사_투자현황),1)=$D18)*1, (OFFSET(제안사_투자현황,0,10,ROWS(제안사_투자현황),1)<>"회수료")*1, OFFSET(제안사_투자현황,0,19,ROWS(제안사_투자현황),1) ) ) ) | AC18: =IF(ISBLANK($D18), "", IF(VLOOKUP($D18,참여인력_개요,11,FALSE)="관리인력", "", SUMPRODUCT( (OFFSET(제안사_투자현황,0,22,ROWS(제안사_투자현황),1)=$D18)*1, (OFFSET(제안사_투자현황,0,10,ROWS(제안사_투자현황),1)<>"회수료")*1, OFFSET(제안사_투자현황,0,20,ROWS(제안사_투자현황),1) ) ) )
R19: =IF(ISBLANK($D19), "", IF(N19="핵심운용인력", SUMPRODUCT((OFFSET(핵심인력_경력,0,0,ROWS(핵심인력_경력),1)=$D19)*1, OFFSET(핵심인력_경력,0,9,ROWS(핵심인력_경력),1), (OFFSET(핵심인력_경력,0,10,ROWS(핵심인력_경력),1)="A")*1)+SUMPRODUCT((OFFSET(핵심인력_경력,0,0,ROWS(핵심인력_경력),1)=$D19)*1, OFFSET(핵심인력_경력,0,9,ROWS(핵심인력_경력),1), (OFFSET(핵심인력_경력,0,10,ROWS(핵심인력_경력),1)="B")*1)*0.7, SUMPRODUCT((OFFSET(일반인력_경력,0,0,ROWS(일반인력_경력),1)=$D19)*1, OFFSET(일반인력_경력,0,9,ROWS(일반인력_경력),1), (OFFSET(일반인력_경력,0,10,ROWS(일반인력_경력),1)="A")*1)+SUMPRODUCT((OFFSET(일반인력_경력,0,0,ROWS(일반인력_경력),1)=$D19)*1, OFFSET(일반인력_경력,0,9,ROWS(일반인력_경력),1), (OFFSET(일반인력_경력,0,10,ROWS(일반인력_경력),1)="B")*1)*0.7 ) ) | S19: =IF(ISBLANK($D19), "", IF(VLOOKUP($D19,참여인력_개요,11,FALSE)="관리인력", "", IF(N19="핵심운용인력", SUMPRODUCT((OFFSET(핵심인력_투자현황,0,0,ROWS(핵심인력_투자현황),1)=$D19)*1, ISTEXT(OFFSET(핵심인력_투자현황,0,10,ROWS(핵심인력_투자현황),1))*1), SUMPRODUCT((OFFSET(일반인력_투자현황,0,0,ROWS(일반인력_투자현황),1)=$D19)*1, ISTEXT(OFFSET(일반인력_투자현황,0,10,ROWS(일반인력_투자현황),1))*1)) ) ) | T19: =IF(ISBLANK($D19), "", IF(VLOOKUP($D19,참여인력_개요,11,FALSE)="관리인력", "", IF(N19="핵심운용인력", SUMPRODUCT((OFFSET(핵심인력_투자현황,0,0,ROWS(핵심인력_투자현황),1)=$D19)*1, (OFFSET(핵심인력_투자현황,0,17,ROWS(핵심인력_투자현황),1)="회수료")*1), SUMPRODUCT((OFFSET(일반인력_투자현황,0,0,ROWS(일반인력_투자현황),1)=$D19)*1, (OFFSET(일반인력_투자현황,0,16,ROWS(일반인력_투자현황),1)="회수료")*1)))) | U19: =IF(ISBLANK($D19), "", IF(VLOOKUP($D19,참여인력_개요,11,FALSE)="관리인력", "", IF(N19="핵심운용인력", SUMPRODUCT((OFFSET(핵심인력_투자현황,0,0,ROWS(핵심인력_투자현황),1)=$D19)*1, OFFSET(핵심인력_투자현황,0,16,ROWS(핵심인력_투자현황),1)), SUMPRODUCT((OFFSET(일반인력_투자현황,0,0,ROWS(일반인력_투자현황),1)=$D19)*1, OFFSET(일반인력_투자현황,0,15,ROWS(일반인력_투자현황),1)) ))) | V19: =IF(ISBLANK($D19), "", IF(VLOOKUP($D19,참여인력_개요,11,FALSE)="관리인력", "", IF(N19="핵심운용인력", SUMPRODUCT((OFFSET(핵심인력_투자현황,0,0,ROWS(핵심인력_투자현황),1)=$D19)*1, OFFSET(핵심인력_투자현황,0,20,ROWS(핵심인력_투자현황),1)), SUMPRODUCT((OFFSET(일반인력_투자현황,0,0,ROWS(일반인력_투자현황),1)=$D19)*1, OFFSET(일반인력_투자현황,0,19,ROWS(일반인력_투자현황),1)) ))) | W19: =IF(ISBLANK($D19), "", IF(VLOOKUP($D19,참여인력_개요,11,FALSE)="관리인력", "", IF(N19="핵심운용인력", SUMPRODUCT((OFFSET(핵심인력_투자현황,0,0,ROWS(핵심인력_투자현황),1)=$D19)*1, OFFSET(핵심인력_투자현황,0,25,ROWS(핵심인력_투자현황),1)), SUMPRODUCT((OFFSET(일반인력_투자현황,0,0,ROWS(일반인력_투자현황),1)=$D19)*1, OFFSET(일반인력_투자현황,0,24,ROWS(일반인력_투자현황),1)) ))) | X19: =IF(ISBLANK($D19), "", IF(VLOOKUP($D19,참여인력_개요,11,FALSE)="관리인력", "", IF(N19="핵심운용인력", SUMPRODUCT((OFFSET(핵심인력_투자현황,0,0,ROWS(핵심인력_투자현황),1)=$D19)*1, OFFSET(핵심인력_투자현황,0,26,ROWS(핵심인력_투자현황),1)), SUMPRODUCT((OFFSET(일반인력_투자현황,0,0,ROWS(일반인력_투자현황),1)=$D19)*1, OFFSET(일반인력_투자현황,0,25,ROWS(일반인력_투자현황),1)) ))) | Y19: =IF(ISBLANK($D19), "", IF(VLOOKUP($D19,참여인력_개요,11,FALSE)="관리인력", "", IF(N19="핵심운용인력", SUMPRODUCT((OFFSET(핵심인력_투자현황,0,0,ROWS(핵심인력_투자현황),1)=$D19)*1, OFFSET(핵심인력_투자현황,0,16,ROWS(핵심인력_투자현황),1), OFFSET(핵심인력_투자현황,0,18,ROWS(핵심인력_투자현황),1))/U19, SUMPRODUCT((OFFSET(일반인력_투자현황,0,0,ROWS(일반인력_투자현황),1)=$D19)*1, OFFSET(일반인력_투자현황,0,15,ROWS(일반인력_투자현황),1), OFFSET(일반인력_투자현황,0,17,ROWS(일반인력_투자현황),1))/U19 ))) | Z19: =IF(ISBLANK($D19), "",IF(VLOOKUP($D19,참여인력_개요,11,FALSE)="관리인력", "", IF(N19="핵심운용인력", IF(SUMPRODUCT( (OFFSET(핵심인력_투자현황,0,0,ROWS(핵심인력_투자현황),1)=$D19)*1, OFFSET(핵심인력_투자현황,0,16,ROWS(핵심인력_투자현황),1), (OFFSET(핵심인력_투자현황,0,17,ROWS(핵심인력_투자현황),1)="회수료")*1 ) = 0, "N/A", SUMPRODUCT( (OFFSET(핵심인력_투자현황,0,0,ROWS(핵심인력_투자현황),1)=$D19)*1, OFFSET(핵심인력_투자현황,0,16,ROWS(핵심인력_투자현황),1), (OFFSET(핵심인력_투자현황,0,17,ROWS(핵심인력_투자현황),1)="회수료")*1, OFFSET(핵심인력_투자현황,0,18,ROWS(핵심인력_투자현황),1) ) / SUMPRODUCT( (OFFSET(핵심인력_투자현황,0,0,ROWS(핵심인력_투자현황),1)=$D19)*1, OFFSET(핵심인력_투자현황,0,16,ROWS(핵심인력_투자현황),1), (OFFSET(핵심인력_투자현황,0,17,ROWS(핵심인력_투자현황),1)="회수료")*1 ) ), IF(SUMPRODUCT( (OFFSET(일반인력_투자현황,0,0,ROWS(일반인력_투자현황),1)=$D19)*1, OFFSET(일반인력_투자현황,0,15,ROWS(일반인력_투자현황),1), (OFFSET(일반인력_투자현황,0,16,ROWS(일반인력_투자현황),1)="회수료")*1 ) = 0, "N/A", SUMPRODUCT( (OFFSET(일반인력_투자현황,0,0,ROWS(일반인력_투자현황),1)=$D19)*1, OFFSET(일반인력_투자현황,0,15,ROWS(일반인력_투자현황),1), (OFFSET(일반인력_투자현황,0,16,ROWS(일반인력_투자현황),1)="회수료")*1, OFFSET(일반인력_투자현황,0,17,ROWS(일반인력_투자현황),1) ) / SUMPRODUCT( (OFFSET(일반인력_투자현황,0,0,ROWS(일반인력_투자현황),1)=$D19)*1, OFFSET(일반인력_투자현황,0,15,ROWS(일반인력_투자현황),1), (OFFSET(일반인력_투자현황,0,16,ROWS(일반인력_투자현황),1)="회수료")*1 ) ) ))) | AA19: =IF(ISBLANK($D19), "", IF(VLOOKUP($D19,참여인력_개요,11,FALSE)="관리인력", "", SUMPRODUCT( (OFFSET(제안사_투자현황,0,22,ROWS(제안사_투자현황),1)=$D19)*1, (OFFSET(제안사_투자현황,0,10,ROWS(제안사_투자현황),1)<>"회수료")*1 ) )) | AB19: =IF(ISBLANK($D19), "", IF(VLOOKUP($D19,참여인력_개요,11,FALSE)="관리인력", "", SUMPRODUCT( (OFFSET(제안사_투자현황,0,22,ROWS(제안사_투자현황),1)=$D19)*1, (OFFSET(제안사_투자현황,0,10,ROWS(제안사_투자현황),1)<>"회수료")*1, OFFSET(제안사_투자현황,0,19,ROWS(제안사_투자현황),1) ) ) ) | AC19: =IF(ISBLANK($D19), "", IF(VLOOKUP($D19,참여인력_개요,11,FALSE)="관리인력", "", SUMPRODUCT( (OFFSET(제안사_투자현황,0,22,ROWS(제안사_투자현황),1)=$D19)*1, (OFFSET(제안사_투자현황,0,10,ROWS(제안사_투자현황),1)<>"회수료")*1, OFFSET(제안사_투자현황,0,20,ROWS(제안사_투자현황),1) ) ) )
R20: =IF(ISBLANK($D20), "", IF(N20="핵심운용인력", SUMPRODUCT((OFFSET(핵심인력_경력,0,0,ROWS(핵심인력_경력),1)=$D20)*1, OFFSET(핵심인력_경력,0,9,ROWS(핵심인력_경력),1), (OFFSET(핵심인력_경력,0,10,ROWS(핵심인력_경력),1)="A")*1)+SUMPRODUCT((OFFSET(핵심인력_경력,0,0,ROWS(핵심인력_경력),1)=$D20)*1, OFFSET(핵심인력_경력,0,9,ROWS(핵심인력_경력),1), (OFFSET(핵심인력_경력,0,10,ROWS(핵심인력_경력),1)="B")*1)*0.7, SUMPRODUCT((OFFSET(일반인력_경력,0,0,ROWS(일반인력_경력),1)=$D20)*1, OFFSET(일반인력_경력,0,9,ROWS(일반인력_경력),1), (OFFSET(일반인력_경력,0,10,ROWS(일반인력_경력),1)="A")*1)+SUMPRODUCT((OFFSET(일반인력_경력,0,0,ROWS(일반인력_경력),1)=$D20)*1, OFFSET(일반인력_경력,0,9,ROWS(일반인력_경력),1), (OFFSET(일반인력_경력,0,10,ROWS(일반인력_경력),1)="B")*1)*0.7 ) ) | S20: =IF(ISBLANK($D20), "", IF(VLOOKUP($D20,참여인력_개요,11,FALSE)="관리인력", "", IF(N20="핵심운용인력", SUMPRODUCT((OFFSET(핵심인력_투자현황,0,0,ROWS(핵심인력_투자현황),1)=$D20)*1, ISTEXT(OFFSET(핵심인력_투자현황,0,10,ROWS(핵심인력_투자현황),1))*1), SUMPRODUCT((OFFSET(일반인력_투자현황,0,0,ROWS(일반인력_투자현황),1)=$D20)*1, ISTEXT(OFFSET(일반인력_투자현황,0,10,ROWS(일반인력_투자현황),1))*1)) ) ) | T20: =IF(ISBLANK($D20), "", IF(VLOOKUP($D20,참여인력_개요,11,FALSE)="관리인력", "", IF(N20="핵심운용인력", SUMPRODUCT((OFFSET(핵심인력_투자현황,0,0,ROWS(핵심인력_투자현황),1)=$D20)*1, (OFFSET(핵심인력_투자현황,0,17,ROWS(핵심인력_투자현황),1)="회수료")*1), SUMPRODUCT((OFFSET(일반인력_투자현황,0,0,ROWS(일반인력_투자현황),1)=$D20)*1, (OFFSET(일반인력_투자현황,0,16,ROWS(일반인력_투자현황),1)="회수료")*1)))) | U20: =IF(ISBLANK($D20), "", IF(VLOOKUP($D20,참여인력_개요,11,FALSE)="관리인력", "", IF(N20="핵심운용인력", SUMPRODUCT((OFFSET(핵심인력_투자현황,0,0,ROWS(핵심인력_투자현황),1)=$D20)*1, OFFSET(핵심인력_투자현황,0,16,ROWS(핵심인력_투자현황),1)), SUMPRODUCT((OFFSET(일반인력_투자현황,0,0,ROWS(일반인력_투자현황),1)=$D20)*1, OFFSET(일반인력_투자현황,0,15,ROWS(일반인력_투자현황),1)) ))) | V20: =IF(ISBLANK($D20), "", IF(VLOOKUP($D20,참여인력_개요,11,FALSE)="관리인력", "", IF(N20="핵심운용인력", SUMPRODUCT((OFFSET(핵심인력_투자현황,0,0,ROWS(핵심인력_투자현황),1)=$D20)*1, OFFSET(핵심인력_투자현황,0,20,ROWS(핵심인력_투자현황),1)), SUMPRODUCT((OFFSET(일반인력_투자현황,0,0,ROWS(일반인력_투자현황),1)=$D20)*1, OFFSET(일반인력_투자현황,0,19,ROWS(일반인력_투자현황),1)) ))) | W20: =IF(ISBLANK($D20), "", IF(VLOOKUP($D20,참여인력_개요,11,FALSE)="관리인력", "", IF(N20="핵심운용인력", SUMPRODUCT((OFFSET(핵심인력_투자현황,0,0,ROWS(핵심인력_투자현황),1)=$D20)*1, OFFSET(핵심인력_투자현황,0,25,ROWS(핵심인력_투자현황),1)), SUMPRODUCT((OFFSET(일반인력_투자현황,0,0,ROWS(일반인력_투자현황),1)=$D20)*1, OFFSET(일반인력_투자현황,0,24,ROWS(일반인력_투자현황),1)) ))) | X20: =IF(ISBLANK($D20), "", IF(VLOOKUP($D20,참여인력_개요,11,FALSE)="관리인력", "", IF(N20="핵심운용인력", SUMPRODUCT((OFFSET(핵심인력_투자현황,0,0,ROWS(핵심인력_투자현황),1)=$D20)*1, OFFSET(핵심인력_투자현황,0,26,ROWS(핵심인력_투자현황),1)), SUMPRODUCT((OFFSET(일반인력_투자현황,0,0,ROWS(일반인력_투자현황),1)=$D20)*1, OFFSET(일반인력_투자현황,0,25,ROWS(일반인력_투자현황),1)) ))) | Y20: =IF(ISBLANK($D20), "", IF(VLOOKUP($D20,참여인력_개요,11,FALSE)="관리인력", "", IF(N20="핵심운용인력", SUMPRODUCT((OFFSET(핵심인력_투자현황,0,0,ROWS(핵심인력_투자현황),1)=$D20)*1, OFFSET(핵심인력_투자현황,0,16,ROWS(핵심인력_투자현황),1), OFFSET(핵심인력_투자현황,0,18,ROWS(핵심인력_투자현황),1))/U20, SUMPRODUCT((OFFSET(일반인력_투자현황,0,0,ROWS(일반인력_투자현황),1)=$D20)*1, OFFSET(일반인력_투자현황,0,15,ROWS(일반인력_투자현황),1), OFFSET(일반인력_투자현황,0,17,ROWS(일반인력_투자현황),1))/U20 ))) | Z20: =IF(ISBLANK($D20), "",IF(VLOOKUP($D20,참여인력_개요,11,FALSE)="관리인력", "", IF(N20="핵심운용인력", IF(SUMPRODUCT( (OFFSET(핵심인력_투자현황,0,0,ROWS(핵심인력_투자현황),1)=$D20)*1, OFFSET(핵심인력_투자현황,0,16,ROWS(핵심인력_투자현황),1), (OFFSET(핵심인력_투자현황,0,17,ROWS(핵심인력_투자현황),1)="회수료")*1 ) = 0, "N/A", SUMPRODUCT( (OFFSET(핵심인력_투자현황,0,0,ROWS(핵심인력_투자현황),1)=$D20)*1, OFFSET(핵심인력_투자현황,0,16,ROWS(핵심인력_투자현황),1), (OFFSET(핵심인력_투자현황,0,17,ROWS(핵심인력_투자현황),1)="회수료")*1, OFFSET(핵심인력_투자현황,0,18,ROWS(핵심인력_투자현황),1) ) / SUMPRODUCT( (OFFSET(핵심인력_투자현황,0,0,ROWS(핵심인력_투자현황),1)=$D20)*1, OFFSET(핵심인력_투자현황,0,16,ROWS(핵심인력_투자현황),1), (OFFSET(핵심인력_투자현황,0,17,ROWS(핵심인력_투자현황),1)="회수료")*1 ) ), IF(SUMPRODUCT( (OFFSET(일반인력_투자현황,0,0,ROWS(일반인력_투자현황),1)=$D20)*1, OFFSET(일반인력_투자현황,0,15,ROWS(일반인력_투자현황),1), (OFFSET(일반인력_투자현황,0,16,ROWS(일반인력_투자현황),1)="회수료")*1 ) = 0, "N/A", SUMPRODUCT( (OFFSET(일반인력_투자현황,0,0,ROWS(일반인력_투자현황),1)=$D20)*1, OFFSET(일반인력_투자현황,0,15,ROWS(일반인력_투자현황),1), (OFFSET(일반인력_투자현황,0,16,ROWS(일반인력_투자현황),1)="회수료")*1, OFFSET(일반인력_투자현황,0,17,ROWS(일반인력_투자현황),1) ) / SUMPRODUCT( (OFFSET(일반인력_투자현황,0,0,ROWS(일반인력_투자현황),1)=$D20)*1, OFFSET(일반인력_투자현황,0,15,ROWS(일반인력_투자현황),1), (OFFSET(일반인력_투자현황,0,16,ROWS(일반인력_투자현황),1)="회수료")*1 ) ) ))) | AA20: =IF(ISBLANK($D20), "", IF(VLOOKUP($D20,참여인력_개요,11,FALSE)="관리인력", "", SUMPRODUCT( (OFFSET(제안사_투자현황,0,22,ROWS(제안사_투자현황),1)=$D20)*1, (OFFSET(제안사_투자현황,0,10,ROWS(제안사_투자현황),1)<>"회수료")*1 ) )) | AB20: =IF(ISBLANK($D20), "", IF(VLOOKUP($D20,참여인력_개요,11,FALSE)="관리인력", "", SUMPRODUCT( (OFFSET(제안사_투자현황,0,22,ROWS(제안사_투자현황),1)=$D20)*1, (OFFSET(제안사_투자현황,0,10,ROWS(제안사_투자현황),1)<>"회수료")*1, OFFSET(제안사_투자현황,0,19,ROWS(제안사_투자현황),1) ) ) ) | AC20: =IF(ISBLANK($D20), "", IF(VLOOKUP($D20,참여인력_개요,11,FALSE)="관리인력", "", SUMPRODUCT( (OFFSET(제안사_투자현황,0,22,ROWS(제안사_투자현황),1)=$D20)*1, (OFFSET(제안사_투자현황,0,10,ROWS(제안사_투자현황),1)<>"회수료")*1, OFFSET(제안사_투자현황,0,20,ROWS(제안사_투자현황),1) ) ) )
R21: =IF(ISBLANK($D21), "", IF(N21="핵심운용인력", SUMPRODUCT((OFFSET(핵심인력_경력,0,0,ROWS(핵심인력_경력),1)=$D21)*1, OFFSET(핵심인력_경력,0,9,ROWS(핵심인력_경력),1), (OFFSET(핵심인력_경력,0,10,ROWS(핵심인력_경력),1)="A")*1)+SUMPRODUCT((OFFSET(핵심인력_경력,0,0,ROWS(핵심인력_경력),1)=$D21)*1, OFFSET(핵심인력_경력,0,9,ROWS(핵심인력_경력),1), (OFFSET(핵심인력_경력,0,10,ROWS(핵심인력_경력),1)="B")*1)*0.7, SUMPRODUCT((OFFSET(일반인력_경력,0,0,ROWS(일반인력_경력),1)=$D21)*1, OFFSET(일반인력_경력,0,9,ROWS(일반인력_경력),1), (OFFSET(일반인력_경력,0,10,ROWS(일반인력_경력),1)="A")*1)+SUMPRODUCT((OFFSET(일반인력_경력,0,0,ROWS(일반인력_경력),1)=$D21)*1, OFFSET(일반인력_경력,0,9,ROWS(일반인력_경력),1), (OFFSET(일반인력_경력,0,10,ROWS(일반인력_경력),1)="B")*1)*0.7 ) ) | S21: =IF(ISBLANK($D21), "", IF(VLOOKUP($D21,참여인력_개요,11,FALSE)="관리인력", "", IF(N21="핵심운용인력", SUMPRODUCT((OFFSET(핵심인력_투자현황,0,0,ROWS(핵심인력_투자현황),1)=$D21)*1, ISTEXT(OFFSET(핵심인력_투자현황,0,10,ROWS(핵심인력_투자현황),1))*1), SUMPRODUCT((OFFSET(일반인력_투자현황,0,0,ROWS(일반인력_투자현황),1)=$D21)*1, ISTEXT(OFFSET(일반인력_투자현황,0,10,ROWS(일반인력_투자현황),1))*1)) ) ) | T21: =IF(ISBLANK($D21), "", IF(VLOOKUP($D21,참여인력_개요,11,FALSE)="관리인력", "", IF(N21="핵심운용인력", SUMPRODUCT((OFFSET(핵심인력_투자현황,0,0,ROWS(핵심인력_투자현황),1)=$D21)*1, (OFFSET(핵심인력_투자현황,0,17,ROWS(핵심인력_투자현황),1)="회수료")*1), SUMPRODUCT((OFFSET(일반인력_투자현황,0,0,ROWS(일반인력_투자현황),1)=$D21)*1, (OFFSET(일반인력_투자현황,0,16,ROWS(일반인력_투자현황),1)="회수료")*1)))) | U21: =IF(ISBLANK($D21), "", IF(VLOOKUP($D21,참여인력_개요,11,FALSE)="관리인력", "", IF(N21="핵심운용인력", SUMPRODUCT((OFFSET(핵심인력_투자현황,0,0,ROWS(핵심인력_투자현황),1)=$D21)*1, OFFSET(핵심인력_투자현황,0,16,ROWS(핵심인력_투자현황),1)), SUMPRODUCT((OFFSET(일반인력_투자현황,0,0,ROWS(일반인력_투자현황),1)=$D21)*1, OFFSET(일반인력_투자현황,0,15,ROWS(일반인력_투자현황),1)) ))) | V21: =IF(ISBLANK($D21), "", IF(VLOOKUP($D21,참여인력_개요,11,FALSE)="관리인력", "", IF(N21="핵심운용인력", SUMPRODUCT((OFFSET(핵심인력_투자현황,0,0,ROWS(핵심인력_투자현황),1)=$D21)*1, OFFSET(핵심인력_투자현황,0,20,ROWS(핵심인력_투자현황),1)), SUMPRODUCT((OFFSET(일반인력_투자현황,0,0,ROWS(일반인력_투자현황),1)=$D21)*1, OFFSET(일반인력_투자현황,0,19,ROWS(일반인력_투자현황),1)) ))) | W21: =IF(ISBLANK($D21), "", IF(VLOOKUP($D21,참여인력_개요,11,FALSE)="관리인력", "", IF(N21="핵심운용인력", SUMPRODUCT((OFFSET(핵심인력_투자현황,0,0,ROWS(핵심인력_투자현황),1)=$D21)*1, OFFSET(핵심인력_투자현황,0,25,ROWS(핵심인력_투자현황),1)), SUMPRODUCT((OFFSET(일반인력_투자현황,0,0,ROWS(일반인력_투자현황),1)=$D21)*1, OFFSET(일반인력_투자현황,0,24,ROWS(일반인력_투자현황),1)) ))) | X21: =IF(ISBLANK($D21), "", IF(VLOOKUP($D21,참여인력_개요,11,FALSE)="관리인력", "", IF(N21="핵심운용인력", SUMPRODUCT((OFFSET(핵심인력_투자현황,0,0,ROWS(핵심인력_투자현황),1)=$D21)*1, OFFSET(핵심인력_투자현황,0,26,ROWS(핵심인력_투자현황),1)), SUMPRODUCT((OFFSET(일반인력_투자현황,0,0,ROWS(일반인력_투자현황),1)=$D21)*1, OFFSET(일반인력_투자현황,0,25,ROWS(일반인력_투자현황),1)) ))) | Y21: =IF(ISBLANK($D21), "", IF(VLOOKUP($D21,참여인력_개요,11,FALSE)="관리인력", "", IF(N21="핵심운용인력", SUMPRODUCT((OFFSET(핵심인력_투자현황,0,0,ROWS(핵심인력_투자현황),1)=$D21)*1, OFFSET(핵심인력_투자현황,0,16,ROWS(핵심인력_투자현황),1), OFFSET(핵심인력_투자현황,0,18,ROWS(핵심인력_투자현황),1))/U21, SUMPRODUCT((OFFSET(일반인력_투자현황,0,0,ROWS(일반인력_투자현황),1)=$D21)*1, OFFSET(일반인력_투자현황,0,15,ROWS(일반인력_투자현황),1), OFFSET(일반인력_투자현황,0,17,ROWS(일반인력_투자현황),1))/U21 ))) | Z21: =IF(ISBLANK($D21), "",IF(VLOOKUP($D21,참여인력_개요,11,FALSE)="관리인력", "", IF(N21="핵심운용인력", IF(SUMPRODUCT( (OFFSET(핵심인력_투자현황,0,0,ROWS(핵심인력_투자현황),1)=$D21)*1, OFFSET(핵심인력_투자현황,0,16,ROWS(핵심인력_투자현황),1), (OFFSET(핵심인력_투자현황,0,17,ROWS(핵심인력_투자현황),1)="회수료")*1 ) = 0, "N/A", SUMPRODUCT( (OFFSET(핵심인력_투자현황,0,0,ROWS(핵심인력_투자현황),1)=$D21)*1, OFFSET(핵심인력_투자현황,0,16,ROWS(핵심인력_투자현황),1), (OFFSET(핵심인력_투자현황,0,17,ROWS(핵심인력_투자현황),1)="회수료")*1, OFFSET(핵심인력_투자현황,0,18,ROWS(핵심인력_투자현황),1) ) / SUMPRODUCT( (OFFSET(핵심인력_투자현황,0,0,ROWS(핵심인력_투자현황),1)=$D21)*1, OFFSET(핵심인력_투자현황,0,16,ROWS(핵심인력_투자현황),1), (OFFSET(핵심인력_투자현황,0,17,ROWS(핵심인력_투자현황),1)="회수료")*1 ) ), IF(SUMPRODUCT( (OFFSET(일반인력_투자현황,0,0,ROWS(일반인력_투자현황),1)=$D21)*1, OFFSET(일반인력_투자현황,0,15,ROWS(일반인력_투자현황),1), (OFFSET(일반인력_투자현황,0,16,ROWS(일반인력_투자현황),1)="회수료")*1 ) = 0, "N/A", SUMPRODUCT( (OFFSET(일반인력_투자현황,0,0,ROWS(일반인력_투자현황),1)=$D21)*1, OFFSET(일반인력_투자현황,0,15,ROWS(일반인력_투자현황),1), (OFFSET(일반인력_투자현황,0,16,ROWS(일반인력_투자현황),1)="회수료")*1, OFFSET(일반인력_투자현황,0,17,ROWS(일반인력_투자현황),1) ) / SUMPRODUCT( (OFFSET(일반인력_투자현황,0,0,ROWS(일반인력_투자현황),1)=$D21)*1, OFFSET(일반인력_투자현황,0,15,ROWS(일반인력_투자현황),1), (OFFSET(일반인력_투자현황,0,16,ROWS(일반인력_투자현황),1)="회수료")*1 ) ) ))) | AA21: =IF(ISBLANK($D21), "", IF(VLOOKUP($D21,참여인력_개요,11,FALSE)="관리인력", "", SUMPRODUCT( (OFFSET(제안사_투자현황,0,22,ROWS(제안사_투자현황),1)=$D21)*1, (OFFSET(제안사_투자현황,0,10,ROWS(제안사_투자현황),1)<>"회수료")*1 ) )) | AB21: =IF(ISBLANK($D21), "", IF(VLOOKUP($D21,참여인력_개요,11,FALSE)="관리인력", "", SUMPRODUCT( (OFFSET(제안사_투자현황,0,22,ROWS(제안사_투자현황),1)=$D21)*1, (OFFSET(제안사_투자현황,0,10,ROWS(제안사_투자현황),1)<>"회수료")*1, OFFSET(제안사_투자현황,0,19,ROWS(제안사_투자현황),1) ) ) ) | AC21: =IF(ISBLANK($D21), "", IF(VLOOKUP($D21,참여인력_개요,11,FALSE)="관리인력", "", SUMPRODUCT( (OFFSET(제안사_투자현황,0,22,ROWS(제안사_투자현황),1)=$D21)*1, (OFFSET(제안사_투자현황,0,10,ROWS(제안사_투자현황),1)<>"회수료")*1, OFFSET(제안사_투자현황,0,20,ROWS(제안사_투자현황),1) ) ) )
R22: =IF(ISBLANK($D22), "", IF(N22="핵심운용인력", SUMPRODUCT((OFFSET(핵심인력_경력,0,0,ROWS(핵심인력_경력),1)=$D22)*1, OFFSET(핵심인력_경력,0,9,ROWS(핵심인력_경력),1), (OFFSET(핵심인력_경력,0,10,ROWS(핵심인력_경력),1)="A")*1)+SUMPRODUCT((OFFSET(핵심인력_경력,0,0,ROWS(핵심인력_경력),1)=$D22)*1, OFFSET(핵심인력_경력,0,9,ROWS(핵심인력_경력),1), (OFFSET(핵심인력_경력,0,10,ROWS(핵심인력_경력),1)="B")*1)*0.7, SUMPRODUCT((OFFSET(일반인력_경력,0,0,ROWS(일반인력_경력),1)=$D22)*1, OFFSET(일반인력_경력,0,9,ROWS(일반인력_경력),1), (OFFSET(일반인력_경력,0,10,ROWS(일반인력_경력),1)="A")*1)+SUMPRODUCT((OFFSET(일반인력_경력,0,0,ROWS(일반인력_경력),1)=$D22)*1, OFFSET(일반인력_경력,0,9,ROWS(일반인력_경력),1), (OFFSET(일반인력_경력,0,10,ROWS(일반인력_경력),1)="B")*1)*0.7 ) ) | S22: =IF(ISBLANK($D22), "", IF(VLOOKUP($D22,참여인력_개요,11,FALSE)="관리인력", "", IF(N22="핵심운용인력", SUMPRODUCT((OFFSET(핵심인력_투자현황,0,0,ROWS(핵심인력_투자현황),1)=$D22)*1, ISTEXT(OFFSET(핵심인력_투자현황,0,10,ROWS(핵심인력_투자현황),1))*1), SUMPRODUCT((OFFSET(일반인력_투자현황,0,0,ROWS(일반인력_투자현황),1)=$D22)*1, ISTEXT(OFFSET(일반인력_투자현황,0,10,ROWS(일반인력_투자현황),1))*1)) ) ) | T22: =IF(ISBLANK($D22), "", IF(VLOOKUP($D22,참여인력_개요,11,FALSE)="관리인력", "", IF(N22="핵심운용인력", SUMPRODUCT((OFFSET(핵심인력_투자현황,0,0,ROWS(핵심인력_투자현황),1)=$D22)*1, (OFFSET(핵심인력_투자현황,0,17,ROWS(핵심인력_투자현황),1)="회수료")*1), SUMPRODUCT((OFFSET(일반인력_투자현황,0,0,ROWS(일반인력_투자현황),1)=$D22)*1, (OFFSET(일반인력_투자현황,0,16,ROWS(일반인력_투자현황),1)="회수료")*1)))) | U22: =IF(ISBLANK($D22), "", IF(VLOOKUP($D22,참여인력_개요,11,FALSE)="관리인력", "", IF(N22="핵심운용인력", SUMPRODUCT((OFFSET(핵심인력_투자현황,0,0,ROWS(핵심인력_투자현황),1)=$D22)*1, OFFSET(핵심인력_투자현황,0,16,ROWS(핵심인력_투자현황),1)), SUMPRODUCT((OFFSET(일반인력_투자현황,0,0,ROWS(일반인력_투자현황),1)=$D22)*1, OFFSET(일반인력_투자현황,0,15,ROWS(일반인력_투자현황),1)) ))) | V22: =IF(ISBLANK($D22), "", IF(VLOOKUP($D22,참여인력_개요,11,FALSE)="관리인력", "", IF(N22="핵심운용인력", SUMPRODUCT((OFFSET(핵심인력_투자현황,0,0,ROWS(핵심인력_투자현황),1)=$D22)*1, OFFSET(핵심인력_투자현황,0,20,ROWS(핵심인력_투자현황),1)), SUMPRODUCT((OFFSET(일반인력_투자현황,0,0,ROWS(일반인력_투자현황),1)=$D22)*1, OFFSET(일반인력_투자현황,0,19,ROWS(일반인력_투자현황),1)) ))) | W22: =IF(ISBLANK($D22), "", IF(VLOOKUP($D22,참여인력_개요,11,FALSE)="관리인력", "", IF(N22="핵심운용인력", SUMPRODUCT((OFFSET(핵심인력_투자현황,0,0,ROWS(핵심인력_투자현황),1)=$D22)*1, OFFSET(핵심인력_투자현황,0,25,ROWS(핵심인력_투자현황),1)), SUMPRODUCT((OFFSET(일반인력_투자현황,0,0,ROWS(일반인력_투자현황),1)=$D22)*1, OFFSET(일반인력_투자현황,0,24,ROWS(일반인력_투자현황),1)) ))) | X22: =IF(ISBLANK($D22), "", IF(VLOOKUP($D22,참여인력_개요,11,FALSE)="관리인력", "", IF(N22="핵심운용인력", SUMPRODUCT((OFFSET(핵심인력_투자현황,0,0,ROWS(핵심인력_투자현황),1)=$D22)*1, OFFSET(핵심인력_투자현황,0,26,ROWS(핵심인력_투자현황),1)), SUMPRODUCT((OFFSET(일반인력_투자현황,0,0,ROWS(일반인력_투자현황),1)=$D22)*1, OFFSET(일반인력_투자현황,0,25,ROWS(일반인력_투자현황),1)) ))) | Y22: =IF(ISBLANK($D22), "", IF(VLOOKUP($D22,참여인력_개요,11,FALSE)="관리인력", "", IF(N22="핵심운용인력", SUMPRODUCT((OFFSET(핵심인력_투자현황,0,0,ROWS(핵심인력_투자현황),1)=$D22)*1, OFFSET(핵심인력_투자현황,0,16,ROWS(핵심인력_투자현황),1), OFFSET(핵심인력_투자현황,0,18,ROWS(핵심인력_투자현황),1))/U22, SUMPRODUCT((OFFSET(일반인력_투자현황,0,0,ROWS(일반인력_투자현황),1)=$D22)*1, OFFSET(일반인력_투자현황,0,15,ROWS(일반인력_투자현황),1), OFFSET(일반인력_투자현황,0,17,ROWS(일반인력_투자현황),1))/U22 ))) | Z22: =IF(ISBLANK($D22), "",IF(VLOOKUP($D22,참여인력_개요,11,FALSE)="관리인력", "", IF(N22="핵심운용인력", IF(SUMPRODUCT( (OFFSET(핵심인력_투자현황,0,0,ROWS(핵심인력_투자현황),1)=$D22)*1, OFFSET(핵심인력_투자현황,0,16,ROWS(핵심인력_투자현황),1), (OFFSET(핵심인력_투자현황,0,17,ROWS(핵심인력_투자현황),1)="회수료")*1 ) = 0, "N/A", SUMPRODUCT( (OFFSET(핵심인력_투자현황,0,0,ROWS(핵심인력_투자현황),1)=$D22)*1, OFFSET(핵심인력_투자현황,0,16,ROWS(핵심인력_투자현황),1), (OFFSET(핵심인력_투자현황,0,17,ROWS(핵심인력_투자현황),1)="회수료")*1, OFFSET(핵심인력_투자현황,0,18,ROWS(핵심인력_투자현황),1) ) / SUMPRODUCT( (OFFSET(핵심인력_투자현황,0,0,ROWS(핵심인력_투자현황),1)=$D22)*1, OFFSET(핵심인력_투자현황,0,16,ROWS(핵심인력_투자현황),1), (OFFSET(핵심인력_투자현황,0,17,ROWS(핵심인력_투자현황),1)="회수료")*1 ) ), IF(SUMPRODUCT( (OFFSET(일반인력_투자현황,0,0,ROWS(일반인력_투자현황),1)=$D22)*1, OFFSET(일반인력_투자현황,0,15,ROWS(일반인력_투자현황),1), (OFFSET(일반인력_투자현황,0,16,ROWS(일반인력_투자현황),1)="회수료")*1 ) = 0, "N/A", SUMPRODUCT( (OFFSET(일반인력_투자현황,0,0,ROWS(일반인력_투자현황),1)=$D22)*1, OFFSET(일반인력_투자현황,0,15,ROWS(일반인력_투자현황),1), (OFFSET(일반인력_투자현황,0,16,ROWS(일반인력_투자현황),1)="회수료")*1, OFFSET(일반인력_투자현황,0,17,ROWS(일반인력_투자현황),1) ) / SUMPRODUCT( (OFFSET(일반인력_투자현황,0,0,ROWS(일반인력_투자현황),1)=$D22)*1, OFFSET(일반인력_투자현황,0,15,ROWS(일반인력_투자현황),1), (OFFSET(일반인력_투자현황,0,16,ROWS(일반인력_투자현황),1)="회수료")*1 ) ) ))) | AA22: =IF(ISBLANK($D22), "", IF(VLOOKUP($D22,참여인력_개요,11,FALSE)="관리인력", "", SUMPRODUCT( (OFFSET(제안사_투자현황,0,22,ROWS(제안사_투자현황),1)=$D22)*1, (OFFSET(제안사_투자현황,0,10,ROWS(제안사_투자현황),1)<>"회수료")*1 ) )) | AB22: =IF(ISBLANK($D22), "", IF(VLOOKUP($D22,참여인력_개요,11,FALSE)="관리인력", "", SUMPRODUCT( (OFFSET(제안사_투자현황,0,22,ROWS(제안사_투자현황),1)=$D22)*1, (OFFSET(제안사_투자현황,0,10,ROWS(제안사_투자현황),1)<>"회수료")*1, OFFSET(제안사_투자현황,0,19,ROWS(제안사_투자현황),1) ) ) ) | AC22: =IF(ISBLANK($D22), "", IF(VLOOKUP($D22,참여인력_개요,11,FALSE)="관리인력", "", SUMPRODUCT( (OFFSET(제안사_투자현황,0,22,ROWS(제안사_투자현황),1)=$D22)*1, (OFFSET(제안사_투자현황,0,10,ROWS(제안사_투자현황),1)<>"회수료")*1, OFFSET(제안사_투자현황,0,20,ROWS(제안사_투자현황),1) ) ) )
R23: =IF(ISBLANK($D23), "", IF(N23="핵심운용인력", SUMPRODUCT((OFFSET(핵심인력_경력,0,0,ROWS(핵심인력_경력),1)=$D23)*1, OFFSET(핵심인력_경력,0,9,ROWS(핵심인력_경력),1), (OFFSET(핵심인력_경력,0,10,ROWS(핵심인력_경력),1)="A")*1)+SUMPRODUCT((OFFSET(핵심인력_경력,0,0,ROWS(핵심인력_경력),1)=$D23)*1, OFFSET(핵심인력_경력,0,9,ROWS(핵심인력_경력),1), (OFFSET(핵심인력_경력,0,10,ROWS(핵심인력_경력),1)="B")*1)*0.7, SUMPRODUCT((OFFSET(일반인력_경력,0,0,ROWS(일반인력_경력),1)=$D23)*1, OFFSET(일반인력_경력,0,9,ROWS(일반인력_경력),1), (OFFSET(일반인력_경력,0,10,ROWS(일반인력_경력),1)="A")*1)+SUMPRODUCT((OFFSET(일반인력_경력,0,0,ROWS(일반인력_경력),1)=$D23)*1, OFFSET(일반인력_경력,0,9,ROWS(일반인력_경력),1), (OFFSET(일반인력_경력,0,10,ROWS(일반인력_경력),1)="B")*1)*0.7 ) ) | S23: =IF(ISBLANK($D23), "", IF(VLOOKUP($D23,참여인력_개요,11,FALSE)="관리인력", "", IF(N23="핵심운용인력", SUMPRODUCT((OFFSET(핵심인력_투자현황,0,0,ROWS(핵심인력_투자현황),1)=$D23)*1, ISTEXT(OFFSET(핵심인력_투자현황,0,10,ROWS(핵심인력_투자현황),1))*1), SUMPRODUCT((OFFSET(일반인력_투자현황,0,0,ROWS(일반인력_투자현황),1)=$D23)*1, ISTEXT(OFFSET(일반인력_투자현황,0,10,ROWS(일반인력_투자현황),1))*1)) ) ) | T23: =IF(ISBLANK($D23), "", IF(VLOOKUP($D23,참여인력_개요,11,FALSE)="관리인력", "", IF(N23="핵심운용인력", SUMPRODUCT((OFFSET(핵심인력_투자현황,0,0,ROWS(핵심인력_투자현황),1)=$D23)*1, (OFFSET(핵심인력_투자현황,0,17,ROWS(핵심인력_투자현황),1)="회수료")*1), SUMPRODUCT((OFFSET(일반인력_투자현황,0,0,ROWS(일반인력_투자현황),1)=$D23)*1, (OFFSET(일반인력_투자현황,0,16,ROWS(일반인력_투자현황),1)="회수료")*1)))) | U23: =IF(ISBLANK($D23), "", IF(VLOOKUP($D23,참여인력_개요,11,FALSE)="관리인력", "", IF(N23="핵심운용인력", SUMPRODUCT((OFFSET(핵심인력_투자현황,0,0,ROWS(핵심인력_투자현황),1)=$D23)*1, OFFSET(핵심인력_투자현황,0,16,ROWS(핵심인력_투자현황),1)), SUMPRODUCT((OFFSET(일반인력_투자현황,0,0,ROWS(일반인력_투자현황),1)=$D23)*1, OFFSET(일반인력_투자현황,0,15,ROWS(일반인력_투자현황),1)) ))) | V23: =IF(ISBLANK($D23), "", IF(VLOOKUP($D23,참여인력_개요,11,FALSE)="관리인력", "", IF(N23="핵심운용인력", SUMPRODUCT((OFFSET(핵심인력_투자현황,0,0,ROWS(핵심인력_투자현황),1)=$D23)*1, OFFSET(핵심인력_투자현황,0,20,ROWS(핵심인력_투자현황),1)), SUMPRODUCT((OFFSET(일반인력_투자현황,0,0,ROWS(일반인력_투자현황),1)=$D23)*1, OFFSET(일반인력_투자현황,0,19,ROWS(일반인력_투자현황),1)) ))) | W23: =IF(ISBLANK($D23), "", IF(VLOOKUP($D23,참여인력_개요,11,FALSE)="관리인력", "", IF(N23="핵심운용인력", SUMPRODUCT((OFFSET(핵심인력_투자현황,0,0,ROWS(핵심인력_투자현황),1)=$D23)*1, OFFSET(핵심인력_투자현황,0,25,ROWS(핵심인력_투자현황),1)), SUMPRODUCT((OFFSET(일반인력_투자현황,0,0,ROWS(일반인력_투자현황),1)=$D23)*1, OFFSET(일반인력_투자현황,0,24,ROWS(일반인력_투자현황),1)) ))) | X23: =IF(ISBLANK($D23), "", IF(VLOOKUP($D23,참여인력_개요,11,FALSE)="관리인력", "", IF(N23="핵심운용인력", SUMPRODUCT((OFFSET(핵심인력_투자현황,0,0,ROWS(핵심인력_투자현황),1)=$D23)*1, OFFSET(핵심인력_투자현황,0,26,ROWS(핵심인력_투자현황),1)), SUMPRODUCT((OFFSET(일반인력_투자현황,0,0,ROWS(일반인력_투자현황),1)=$D23)*1, OFFSET(일반인력_투자현황,0,25,ROWS(일반인력_투자현황),1)) ))) | Y23: =IF(ISBLANK($D23), "", IF(VLOOKUP($D23,참여인력_개요,11,FALSE)="관리인력", "", IF(N23="핵심운용인력", SUMPRODUCT((OFFSET(핵심인력_투자현황,0,0,ROWS(핵심인력_투자현황),1)=$D23)*1, OFFSET(핵심인력_투자현황,0,16,ROWS(핵심인력_투자현황),1), OFFSET(핵심인력_투자현황,0,18,ROWS(핵심인력_투자현황),1))/U23, SUMPRODUCT((OFFSET(일반인력_투자현황,0,0,ROWS(일반인력_투자현황),1)=$D23)*1, OFFSET(일반인력_투자현황,0,15,ROWS(일반인력_투자현황),1), OFFSET(일반인력_투자현황,0,17,ROWS(일반인력_투자현황),1))/U23 ))) | Z23: =IF(ISBLANK($D23), "",IF(VLOOKUP($D23,참여인력_개요,11,FALSE)="관리인력", "", IF(N23="핵심운용인력", IF(SUMPRODUCT( (OFFSET(핵심인력_투자현황,0,0,ROWS(핵심인력_투자현황),1)=$D23)*1, OFFSET(핵심인력_투자현황,0,16,ROWS(핵심인력_투자현황),1), (OFFSET(핵심인력_투자현황,0,17,ROWS(핵심인력_투자현황),1)="회수료")*1 ) = 0, "N/A", SUMPRODUCT( (OFFSET(핵심인력_투자현황,0,0,ROWS(핵심인력_투자현황),1)=$D23)*1, OFFSET(핵심인력_투자현황,0,16,ROWS(핵심인력_투자현황),1), (OFFSET(핵심인력_투자현황,0,17,ROWS(핵심인력_투자현황),1)="회수료")*1, OFFSET(핵심인력_투자현황,0,18,ROWS(핵심인력_투자현황),1) ) / SUMPRODUCT( (OFFSET(핵심인력_투자현황,0,0,ROWS(핵심인력_투자현황),1)=$D23)*1, OFFSET(핵심인력_투자현황,0,16,ROWS(핵심인력_투자현황),1), (OFFSET(핵심인력_투자현황,0,17,ROWS(핵심인력_투자현황),1)="회수료")*1 ) ), IF(SUMPRODUCT( (OFFSET(일반인력_투자현황,0,0,ROWS(일반인력_투자현황),1)=$D23)*1, OFFSET(일반인력_투자현황,0,15,ROWS(일반인력_투자현황),1), (OFFSET(일반인력_투자현황,0,16,ROWS(일반인력_투자현황),1)="회수료")*1 ) = 0, "N/A", SUMPRODUCT( (OFFSET(일반인력_투자현황,0,0,ROWS(일반인력_투자현황),1)=$D23)*1, OFFSET(일반인력_투자현황,0,15,ROWS(일반인력_투자현황),1), (OFFSET(일반인력_투자현황,0,16,ROWS(일반인력_투자현황),1)="회수료")*1, OFFSET(일반인력_투자현황,0,17,ROWS(일반인력_투자현황),1) ) / SUMPRODUCT( (OFFSET(일반인력_투자현황,0,0,ROWS(일반인력_투자현황),1)=$D23)*1, OFFSET(일반인력_투자현황,0,15,ROWS(일반인력_투자현황),1), (OFFSET(일반인력_투자현황,0,16,ROWS(일반인력_투자현황),1)="회수료")*1 ) ) ))) | AA23: =IF(ISBLANK($D23), "", IF(VLOOKUP($D23,참여인력_개요,11,FALSE)="관리인력", "", SUMPRODUCT( (OFFSET(제안사_투자현황,0,22,ROWS(제안사_투자현황),1)=$D23)*1, (OFFSET(제안사_투자현황,0,10,ROWS(제안사_투자현황),1)<>"회수료")*1 ) )) | AB23: =IF(ISBLANK($D23), "", IF(VLOOKUP($D23,참여인력_개요,11,FALSE)="관리인력", "", SUMPRODUCT( (OFFSET(제안사_투자현황,0,22,ROWS(제안사_투자현황),1)=$D23)*1, (OFFSET(제안사_투자현황,0,10,ROWS(제안사_투자현황),1)<>"회수료")*1, OFFSET(제안사_투자현황,0,19,ROWS(제안사_투자현황),1) ) ) ) | AC23: =IF(ISBLANK($D23), "", IF(VLOOKUP($D23,참여인력_개요,11,FALSE)="관리인력", "", SUMPRODUCT( (OFFSET(제안사_투자현황,0,22,ROWS(제안사_투자현황),1)=$D23)*1, (OFFSET(제안사_투자현황,0,10,ROWS(제안사_투자현황),1)<>"회수료")*1, OFFSET(제안사_투자현황,0,20,ROWS(제안사_투자현황),1) ) ) )
R24: =IF(ISBLANK($D24), "", IF(N24="핵심운용인력", SUMPRODUCT((OFFSET(핵심인력_경력,0,0,ROWS(핵심인력_경력),1)=$D24)*1, OFFSET(핵심인력_경력,0,9,ROWS(핵심인력_경력),1), (OFFSET(핵심인력_경력,0,10,ROWS(핵심인력_경력),1)="A")*1)+SUMPRODUCT((OFFSET(핵심인력_경력,0,0,ROWS(핵심인력_경력),1)=$D24)*1, OFFSET(핵심인력_경력,0,9,ROWS(핵심인력_경력),1), (OFFSET(핵심인력_경력,0,10,ROWS(핵심인력_경력),1)="B")*1)*0.7, SUMPRODUCT((OFFSET(일반인력_경력,0,0,ROWS(일반인력_경력),1)=$D24)*1, OFFSET(일반인력_경력,0,9,ROWS(일반인력_경력),1), (OFFSET(일반인력_경력,0,10,ROWS(일반인력_경력),1)="A")*1)+SUMPRODUCT((OFFSET(일반인력_경력,0,0,ROWS(일반인력_경력),1)=$D24)*1, OFFSET(일반인력_경력,0,9,ROWS(일반인력_경력),1), (OFFSET(일반인력_경력,0,10,ROWS(일반인력_경력),1)="B")*1)*0.7 ) ) | S24: =IF(ISBLANK($D24), "", IF(VLOOKUP($D24,참여인력_개요,11,FALSE)="관리인력", "", IF(N24="핵심운용인력", SUMPRODUCT((OFFSET(핵심인력_투자현황,0,0,ROWS(핵심인력_투자현황),1)=$D24)*1, ISTEXT(OFFSET(핵심인력_투자현황,0,10,ROWS(핵심인력_투자현황),1))*1), SUMPRODUCT((OFFSET(일반인력_투자현황,0,0,ROWS(일반인력_투자현황),1)=$D24)*1, ISTEXT(OFFSET(일반인력_투자현황,0,10,ROWS(일반인력_투자현황),1))*1)) ) ) | T24: =IF(ISBLANK($D24), "", IF(VLOOKUP($D24,참여인력_개요,11,FALSE)="관리인력", "", IF(N24="핵심운용인력", SUMPRODUCT((OFFSET(핵심인력_투자현황,0,0,ROWS(핵심인력_투자현황),1)=$D24)*1, (OFFSET(핵심인력_투자현황,0,17,ROWS(핵심인력_투자현황),1)="회수료")*1), SUMPRODUCT((OFFSET(일반인력_투자현황,0,0,ROWS(일반인력_투자현황),1)=$D24)*1, (OFFSET(일반인력_투자현황,0,16,ROWS(일반인력_투자현황),1)="회수료")*1)))) | U24: =IF(ISBLANK($D24), "", IF(VLOOKUP($D24,참여인력_개요,11,FALSE)="관리인력", "", IF(N24="핵심운용인력", SUMPRODUCT((OFFSET(핵심인력_투자현황,0,0,ROWS(핵심인력_투자현황),1)=$D24)*1, OFFSET(핵심인력_투자현황,0,16,ROWS(핵심인력_투자현황),1)), SUMPRODUCT((OFFSET(일반인력_투자현황,0,0,ROWS(일반인력_투자현황),1)=$D24)*1, OFFSET(일반인력_투자현황,0,15,ROWS(일반인력_투자현황),1)) ))) | V24: =IF(ISBLANK($D24), "", IF(VLOOKUP($D24,참여인력_개요,11,FALSE)="관리인력", "", IF(N24="핵심운용인력", SUMPRODUCT((OFFSET(핵심인력_투자현황,0,0,ROWS(핵심인력_투자현황),1)=$D24)*1, OFFSET(핵심인력_투자현황,0,20,ROWS(핵심인력_투자현황),1)), SUMPRODUCT((OFFSET(일반인력_투자현황,0,0,ROWS(일반인력_투자현황),1)=$D24)*1, OFFSET(일반인력_투자현황,0,19,ROWS(일반인력_투자현황),1)) ))) | W24: =IF(ISBLANK($D24), "", IF(VLOOKUP($D24,참여인력_개요,11,FALSE)="관리인력", "", IF(N24="핵심운용인력", SUMPRODUCT((OFFSET(핵심인력_투자현황,0,0,ROWS(핵심인력_투자현황),1)=$D24)*1, OFFSET(핵심인력_투자현황,0,25,ROWS(핵심인력_투자현황),1)), SUMPRODUCT((OFFSET(일반인력_투자현황,0,0,ROWS(일반인력_투자현황),1)=$D24)*1, OFFSET(일반인력_투자현황,0,24,ROWS(일반인력_투자현황),1)) ))) | X24: =IF(ISBLANK($D24), "", IF(VLOOKUP($D24,참여인력_개요,11,FALSE)="관리인력", "", IF(N24="핵심운용인력", SUMPRODUCT((OFFSET(핵심인력_투자현황,0,0,ROWS(핵심인력_투자현황),1)=$D24)*1, OFFSET(핵심인력_투자현황,0,26,ROWS(핵심인력_투자현황),1)), SUMPRODUCT((OFFSET(일반인력_투자현황,0,0,ROWS(일반인력_투자현황),1)=$D24)*1, OFFSET(일반인력_투자현황,0,25,ROWS(일반인력_투자현황),1)) ))) | Y24: =IF(ISBLANK($D24), "", IF(VLOOKUP($D24,참여인력_개요,11,FALSE)="관리인력", "", IF(N24="핵심운용인력", SUMPRODUCT((OFFSET(핵심인력_투자현황,0,0,ROWS(핵심인력_투자현황),1)=$D24)*1, OFFSET(핵심인력_투자현황,0,16,ROWS(핵심인력_투자현황),1), OFFSET(핵심인력_투자현황,0,18,ROWS(핵심인력_투자현황),1))/U24, SUMPRODUCT((OFFSET(일반인력_투자현황,0,0,ROWS(일반인력_투자현황),1)=$D24)*1, OFFSET(일반인력_투자현황,0,15,ROWS(일반인력_투자현황),1), OFFSET(일반인력_투자현황,0,17,ROWS(일반인력_투자현황),1))/U24 ))) | Z24: =IF(ISBLANK($D24), "",IF(VLOOKUP($D24,참여인력_개요,11,FALSE)="관리인력", "", IF(N24="핵심운용인력", IF(SUMPRODUCT( (OFFSET(핵심인력_투자현황,0,0,ROWS(핵심인력_투자현황),1)=$D24)*1, OFFSET(핵심인력_투자현황,0,16,ROWS(핵심인력_투자현황),1), (OFFSET(핵심인력_투자현황,0,17,ROWS(핵심인력_투자현황),1)="회수료")*1 ) = 0, "N/A", SUMPRODUCT( (OFFSET(핵심인력_투자현황,0,0,ROWS(핵심인력_투자현황),1)=$D24)*1, OFFSET(핵심인력_투자현황,0,16,ROWS(핵심인력_투자현황),1), (OFFSET(핵심인력_투자현황,0,17,ROWS(핵심인력_투자현황),1)="회수료")*1, OFFSET(핵심인력_투자현황,0,18,ROWS(핵심인력_투자현황),1) ) / SUMPRODUCT( (OFFSET(핵심인력_투자현황,0,0,ROWS(핵심인력_투자현황),1)=$D24)*1, OFFSET(핵심인력_투자현황,0,16,ROWS(핵심인력_투자현황),1), (OFFSET(핵심인력_투자현황,0,17,ROWS(핵심인력_투자현황),1)="회수료")*1 ) ), IF(SUMPRODUCT( (OFFSET(일반인력_투자현황,0,0,ROWS(일반인력_투자현황),1)=$D24)*1, OFFSET(일반인력_투자현황,0,15,ROWS(일반인력_투자현황),1), (OFFSET(일반인력_투자현황,0,16,ROWS(일반인력_투자현황),1)="회수료")*1 ) = 0, "N/A", SUMPRODUCT( (OFFSET(일반인력_투자현황,0,0,ROWS(일반인력_투자현황),1)=$D24)*1, OFFSET(일반인력_투자현황,0,15,ROWS(일반인력_투자현황),1), (OFFSET(일반인력_투자현황,0,16,ROWS(일반인력_투자현황),1)="회수료")*1, OFFSET(일반인력_투자현황,0,17,ROWS(일반인력_투자현황),1) ) / SUMPRODUCT( (OFFSET(일반인력_투자현황,0,0,ROWS(일반인력_투자현황),1)=$D24)*1, OFFSET(일반인력_투자현황,0,15,ROWS(일반인력_투자현황),1), (OFFSET(일반인력_투자현황,0,16,ROWS(일반인력_투자현황),1)="회수료")*1 ) ) ))) | AA24: =IF(ISBLANK($D24), "", IF(VLOOKUP($D24,참여인력_개요,11,FALSE)="관리인력", "", SUMPRODUCT( (OFFSET(제안사_투자현황,0,22,ROWS(제안사_투자현황),1)=$D24)*1, (OFFSET(제안사_투자현황,0,10,ROWS(제안사_투자현황),1)<>"회수료")*1 ) )) | AB24: =IF(ISBLANK($D24), "", IF(VLOOKUP($D24,참여인력_개요,11,FALSE)="관리인력", "", SUMPRODUCT( (OFFSET(제안사_투자현황,0,22,ROWS(제안사_투자현황),1)=$D24)*1, (OFFSET(제안사_투자현황,0,10,ROWS(제안사_투자현황),1)<>"회수료")*1, OFFSET(제안사_투자현황,0,19,ROWS(제안사_투자현황),1) ) ) ) | AC24: =IF(ISBLANK($D24), "", IF(VLOOKUP($D24,참여인력_개요,11,FALSE)="관리인력", "", SUMPRODUCT( (OFFSET(제안사_투자현황,0,22,ROWS(제안사_투자현황),1)=$D24)*1, (OFFSET(제안사_투자현황,0,10,ROWS(제안사_투자현황),1)<>"회수료")*1, OFFSET(제안사_투자현황,0,20,ROWS(제안사_투자현황),1) ) ) )
R25: =IF(ISBLANK($D25), "", IF(N25="핵심운용인력", SUMPRODUCT((OFFSET(핵심인력_경력,0,0,ROWS(핵심인력_경력),1)=$D25)*1, OFFSET(핵심인력_경력,0,9,ROWS(핵심인력_경력),1), (OFFSET(핵심인력_경력,0,10,ROWS(핵심인력_경력),1)="A")*1)+SUMPRODUCT((OFFSET(핵심인력_경력,0,0,ROWS(핵심인력_경력),1)=$D25)*1, OFFSET(핵심인력_경력,0,9,ROWS(핵심인력_경력),1), (OFFSET(핵심인력_경력,0,10,ROWS(핵심인력_경력),1)="B")*1)*0.7, SUMPRODUCT((OFFSET(일반인력_경력,0,0,ROWS(일반인력_경력),1)=$D25)*1, OFFSET(일반인력_경력,0,9,ROWS(일반인력_경력),1), (OFFSET(일반인력_경력,0,10,ROWS(일반인력_경력),1)="A")*1)+SUMPRODUCT((OFFSET(일반인력_경력,0,0,ROWS(일반인력_경력),1)=$D25)*1, OFFSET(일반인력_경력,0,9,ROWS(일반인력_경력),1), (OFFSET(일반인력_경력,0,10,ROWS(일반인력_경력),1)="B")*1)*0.7 ) ) | S25: =IF(ISBLANK($D25), "", IF(VLOOKUP($D25,참여인력_개요,11,FALSE)="관리인력", "", IF(N25="핵심운용인력", SUMPRODUCT((OFFSET(핵심인력_투자현황,0,0,ROWS(핵심인력_투자현황),1)=$D25)*1, ISTEXT(OFFSET(핵심인력_투자현황,0,10,ROWS(핵심인력_투자현황),1))*1), SUMPRODUCT((OFFSET(일반인력_투자현황,0,0,ROWS(일반인력_투자현황),1)=$D25)*1, ISTEXT(OFFSET(일반인력_투자현황,0,10,ROWS(일반인력_투자현황),1))*1)) ) ) | T25: =IF(ISBLANK($D25), "", IF(VLOOKUP($D25,참여인력_개요,11,FALSE)="관리인력", "", IF(N25="핵심운용인력", SUMPRODUCT((OFFSET(핵심인력_투자현황,0,0,ROWS(핵심인력_투자현황),1)=$D25)*1, (OFFSET(핵심인력_투자현황,0,17,ROWS(핵심인력_투자현황),1)="회수료")*1), SUMPRODUCT((OFFSET(일반인력_투자현황,0,0,ROWS(일반인력_투자현황),1)=$D25)*1, (OFFSET(일반인력_투자현황,0,16,ROWS(일반인력_투자현황),1)="회수료")*1)))) | U25: =IF(ISBLANK($D25), "", IF(VLOOKUP($D25,참여인력_개요,11,FALSE)="관리인력", "", IF(N25="핵심운용인력", SUMPRODUCT((OFFSET(핵심인력_투자현황,0,0,ROWS(핵심인력_투자현황),1)=$D25)*1, OFFSET(핵심인력_투자현황,0,16,ROWS(핵심인력_투자현황),1)), SUMPRODUCT((OFFSET(일반인력_투자현황,0,0,ROWS(일반인력_투자현황),1)=$D25)*1, OFFSET(일반인력_투자현황,0,15,ROWS(일반인력_투자현황),1)) ))) | V25: =IF(ISBLANK($D25), "", IF(VLOOKUP($D25,참여인력_개요,11,FALSE)="관리인력", "", IF(N25="핵심운용인력", SUMPRODUCT((OFFSET(핵심인력_투자현황,0,0,ROWS(핵심인력_투자현황),1)=$D25)*1, OFFSET(핵심인력_투자현황,0,20,ROWS(핵심인력_투자현황),1)), SUMPRODUCT((OFFSET(일반인력_투자현황,0,0,ROWS(일반인력_투자현황),1)=$D25)*1, OFFSET(일반인력_투자현황,0,19,ROWS(일반인력_투자현황),1)) ))) | W25: =IF(ISBLANK($D25), "", IF(VLOOKUP($D25,참여인력_개요,11,FALSE)="관리인력", "", IF(N25="핵심운용인력", SUMPRODUCT((OFFSET(핵심인력_투자현황,0,0,ROWS(핵심인력_투자현황),1)=$D25)*1, OFFSET(핵심인력_투자현황,0,25,ROWS(핵심인력_투자현황),1)), SUMPRODUCT((OFFSET(일반인력_투자현황,0,0,ROWS(일반인력_투자현황),1)=$D25)*1, OFFSET(일반인력_투자현황,0,24,ROWS(일반인력_투자현황),1)) ))) | X25: =IF(ISBLANK($D25), "", IF(VLOOKUP($D25,참여인력_개요,11,FALSE)="관리인력", "", IF(N25="핵심운용인력", SUMPRODUCT((OFFSET(핵심인력_투자현황,0,0,ROWS(핵심인력_투자현황),1)=$D25)*1, OFFSET(핵심인력_투자현황,0,26,ROWS(핵심인력_투자현황),1)), SUMPRODUCT((OFFSET(일반인력_투자현황,0,0,ROWS(일반인력_투자현황),1)=$D25)*1, OFFSET(일반인력_투자현황,0,25,ROWS(일반인력_투자현황),1)) ))) | Y25: =IF(ISBLANK($D25), "", IF(VLOOKUP($D25,참여인력_개요,11,FALSE)="관리인력", "", IF(N25="핵심운용인력", SUMPRODUCT((OFFSET(핵심인력_투자현황,0,0,ROWS(핵심인력_투자현황),1)=$D25)*1, OFFSET(핵심인력_투자현황,0,16,ROWS(핵심인력_투자현황),1), OFFSET(핵심인력_투자현황,0,18,ROWS(핵심인력_투자현황),1))/U25, SUMPRODUCT((OFFSET(일반인력_투자현황,0,0,ROWS(일반인력_투자현황),1)=$D25)*1, OFFSET(일반인력_투자현황,0,15,ROWS(일반인력_투자현황),1), OFFSET(일반인력_투자현황,0,17,ROWS(일반인력_투자현황),1))/U25 ))) | Z25: =IF(ISBLANK($D25), "",IF(VLOOKUP($D25,참여인력_개요,11,FALSE)="관리인력", "", IF(N25="핵심운용인력", IF(SUMPRODUCT( (OFFSET(핵심인력_투자현황,0,0,ROWS(핵심인력_투자현황),1)=$D25)*1, OFFSET(핵심인력_투자현황,0,16,ROWS(핵심인력_투자현황),1), (OFFSET(핵심인력_투자현황,0,17,ROWS(핵심인력_투자현황),1)="회수료")*1 ) = 0, "N/A", SUMPRODUCT( (OFFSET(핵심인력_투자현황,0,0,ROWS(핵심인력_투자현황),1)=$D25)*1, OFFSET(핵심인력_투자현황,0,16,ROWS(핵심인력_투자현황),1), (OFFSET(핵심인력_투자현황,0,17,ROWS(핵심인력_투자현황),1)="회수료")*1, OFFSET(핵심인력_투자현황,0,18,ROWS(핵심인력_투자현황),1) ) / SUMPRODUCT( (OFFSET(핵심인력_투자현황,0,0,ROWS(핵심인력_투자현황),1)=$D25)*1, OFFSET(핵심인력_투자현황,0,16,ROWS(핵심인력_투자현황),1), (OFFSET(핵심인력_투자현황,0,17,ROWS(핵심인력_투자현황),1)="회수료")*1 ) ), IF(SUMPRODUCT( (OFFSET(일반인력_투자현황,0,0,ROWS(일반인력_투자현황),1)=$D25)*1, OFFSET(일반인력_투자현황,0,15,ROWS(일반인력_투자현황),1), (OFFSET(일반인력_투자현황,0,16,ROWS(일반인력_투자현황),1)="회수료")*1 ) = 0, "N/A", SUMPRODUCT( (OFFSET(일반인력_투자현황,0,0,ROWS(일반인력_투자현황),1)=$D25)*1, OFFSET(일반인력_투자현황,0,15,ROWS(일반인력_투자현황),1), (OFFSET(일반인력_투자현황,0,16,ROWS(일반인력_투자현황),1)="회수료")*1, OFFSET(일반인력_투자현황,0,17,ROWS(일반인력_투자현황),1) ) / SUMPRODUCT( (OFFSET(일반인력_투자현황,0,0,ROWS(일반인력_투자현황),1)=$D25)*1, OFFSET(일반인력_투자현황,0,15,ROWS(일반인력_투자현황),1), (OFFSET(일반인력_투자현황,0,16,ROWS(일반인력_투자현황),1)="회수료")*1 ) ) ))) | AA25: =IF(ISBLANK($D25), "", IF(VLOOKUP($D25,참여인력_개요,11,FALSE)="관리인력", "", SUMPRODUCT( (OFFSET(제안사_투자현황,0,22,ROWS(제안사_투자현황),1)=$D25)*1, (OFFSET(제안사_투자현황,0,10,ROWS(제안사_투자현황),1)<>"회수료")*1 ) )) | AB25: =IF(ISBLANK($D25), "", IF(VLOOKUP($D25,참여인력_개요,11,FALSE)="관리인력", "", SUMPRODUCT( (OFFSET(제안사_투자현황,0,22,ROWS(제안사_투자현황),1)=$D25)*1, (OFFSET(제안사_투자현황,0,10,ROWS(제안사_투자현황),1)<>"회수료")*1, OFFSET(제안사_투자현황,0,19,ROWS(제안사_투자현황),1) ) ) ) | AC25: =IF(ISBLANK($D25), "", IF(VLOOKUP($D25,참여인력_개요,11,FALSE)="관리인력", "", SUMPRODUCT( (OFFSET(제안사_투자현황,0,22,ROWS(제안사_투자현황),1)=$D25)*1, (OFFSET(제안사_투자현황,0,10,ROWS(제안사_투자현황),1)<>"회수료")*1, OFFSET(제안사_투자현황,0,20,ROWS(제안사_투자현황),1) ) ) )
R26: =IF(ISBLANK($D26), "", IF(N26="핵심운용인력", SUMPRODUCT((OFFSET(핵심인력_경력,0,0,ROWS(핵심인력_경력),1)=$D26)*1, OFFSET(핵심인력_경력,0,9,ROWS(핵심인력_경력),1), (OFFSET(핵심인력_경력,0,10,ROWS(핵심인력_경력),1)="A")*1)+SUMPRODUCT((OFFSET(핵심인력_경력,0,0,ROWS(핵심인력_경력),1)=$D26)*1, OFFSET(핵심인력_경력,0,9,ROWS(핵심인력_경력),1), (OFFSET(핵심인력_경력,0,10,ROWS(핵심인력_경력),1)="B")*1)*0.7, SUMPRODUCT((OFFSET(일반인력_경력,0,0,ROWS(일반인력_경력),1)=$D26)*1, OFFSET(일반인력_경력,0,9,ROWS(일반인력_경력),1), (OFFSET(일반인력_경력,0,10,ROWS(일반인력_경력),1)="A")*1)+SUMPRODUCT((OFFSET(일반인력_경력,0,0,ROWS(일반인력_경력),1)=$D26)*1, OFFSET(일반인력_경력,0,9,ROWS(일반인력_경력),1), (OFFSET(일반인력_경력,0,10,ROWS(일반인력_경력),1)="B")*1)*0.7 ) ) | S26: =IF(ISBLANK($D26), "", IF(VLOOKUP($D26,참여인력_개요,11,FALSE)="관리인력", "", IF(N26="핵심운용인력", SUMPRODUCT((OFFSET(핵심인력_투자현황,0,0,ROWS(핵심인력_투자현황),1)=$D26)*1, ISTEXT(OFFSET(핵심인력_투자현황,0,10,ROWS(핵심인력_투자현황),1))*1), SUMPRODUCT((OFFSET(일반인력_투자현황,0,0,ROWS(일반인력_투자현황),1)=$D26)*1, ISTEXT(OFFSET(일반인력_투자현황,0,10,ROWS(일반인력_투자현황),1))*1)) ) ) | T26: =IF(ISBLANK($D26), "", IF(VLOOKUP($D26,참여인력_개요,11,FALSE)="관리인력", "", IF(N26="핵심운용인력", SUMPRODUCT((OFFSET(핵심인력_투자현황,0,0,ROWS(핵심인력_투자현황),1)=$D26)*1, (OFFSET(핵심인력_투자현황,0,17,ROWS(핵심인력_투자현황),1)="회수료")*1), SUMPRODUCT((OFFSET(일반인력_투자현황,0,0,ROWS(일반인력_투자현황),1)=$D26)*1, (OFFSET(일반인력_투자현황,0,16,ROWS(일반인력_투자현황),1)="회수료")*1)))) | U26: =IF(ISBLANK($D26), "", IF(VLOOKUP($D26,참여인력_개요,11,FALSE)="관리인력", "", IF(N26="핵심운용인력", SUMPRODUCT((OFFSET(핵심인력_투자현황,0,0,ROWS(핵심인력_투자현황),1)=$D26)*1, OFFSET(핵심인력_투자현황,0,16,ROWS(핵심인력_투자현황),1)), SUMPRODUCT((OFFSET(일반인력_투자현황,0,0,ROWS(일반인력_투자현황),1)=$D26)*1, OFFSET(일반인력_투자현황,0,15,ROWS(일반인력_투자현황),1)) ))) | V26: =IF(ISBLANK($D26), "", IF(VLOOKUP($D26,참여인력_개요,11,FALSE)="관리인력", "", IF(N26="핵심운용인력", SUMPRODUCT((OFFSET(핵심인력_투자현황,0,0,ROWS(핵심인력_투자현황),1)=$D26)*1, OFFSET(핵심인력_투자현황,0,20,ROWS(핵심인력_투자현황),1)), SUMPRODUCT((OFFSET(일반인력_투자현황,0,0,ROWS(일반인력_투자현황),1)=$D26)*1, OFFSET(일반인력_투자현황,0,19,ROWS(일반인력_투자현황),1)) ))) | W26: =IF(ISBLANK($D26), "", IF(VLOOKUP($D26,참여인력_개요,11,FALSE)="관리인력", "", IF(N26="핵심운용인력", SUMPRODUCT((OFFSET(핵심인력_투자현황,0,0,ROWS(핵심인력_투자현황),1)=$D26)*1, OFFSET(핵심인력_투자현황,0,25,ROWS(핵심인력_투자현황),1)), SUMPRODUCT((OFFSET(일반인력_투자현황,0,0,ROWS(일반인력_투자현황),1)=$D26)*1, OFFSET(일반인력_투자현황,0,24,ROWS(일반인력_투자현황),1)) ))) | X26: =IF(ISBLANK($D26), "", IF(VLOOKUP($D26,참여인력_개요,11,FALSE)="관리인력", "", IF(N26="핵심운용인력", SUMPRODUCT((OFFSET(핵심인력_투자현황,0,0,ROWS(핵심인력_투자현황),1)=$D26)*1, OFFSET(핵심인력_투자현황,0,26,ROWS(핵심인력_투자현황),1)), SUMPRODUCT((OFFSET(일반인력_투자현황,0,0,ROWS(일반인력_투자현황),1)=$D26)*1, OFFSET(일반인력_투자현황,0,25,ROWS(일반인력_투자현황),1)) ))) | Y26: =IF(ISBLANK($D26), "", IF(VLOOKUP($D26,참여인력_개요,11,FALSE)="관리인력", "", IF(N26="핵심운용인력", SUMPRODUCT((OFFSET(핵심인력_투자현황,0,0,ROWS(핵심인력_투자현황),1)=$D26)*1, OFFSET(핵심인력_투자현황,0,16,ROWS(핵심인력_투자현황),1), OFFSET(핵심인력_투자현황,0,18,ROWS(핵심인력_투자현황),1))/U26, SUMPRODUCT((OFFSET(일반인력_투자현황,0,0,ROWS(일반인력_투자현황),1)=$D26)*1, OFFSET(일반인력_투자현황,0,15,ROWS(일반인력_투자현황),1), OFFSET(일반인력_투자현황,0,17,ROWS(일반인력_투자현황),1))/U26 ))) | Z26: =IF(ISBLANK($D26), "",IF(VLOOKUP($D26,참여인력_개요,11,FALSE)="관리인력", "", IF(N26="핵심운용인력", IF(SUMPRODUCT( (OFFSET(핵심인력_투자현황,0,0,ROWS(핵심인력_투자현황),1)=$D26)*1, OFFSET(핵심인력_투자현황,0,16,ROWS(핵심인력_투자현황),1), (OFFSET(핵심인력_투자현황,0,17,ROWS(핵심인력_투자현황),1)="회수료")*1 ) = 0, "N/A", SUMPRODUCT( (OFFSET(핵심인력_투자현황,0,0,ROWS(핵심인력_투자현황),1)=$D26)*1, OFFSET(핵심인력_투자현황,0,16,ROWS(핵심인력_투자현황),1), (OFFSET(핵심인력_투자현황,0,17,ROWS(핵심인력_투자현황),1)="회수료")*1, OFFSET(핵심인력_투자현황,0,18,ROWS(핵심인력_투자현황),1) ) / SUMPRODUCT( (OFFSET(핵심인력_투자현황,0,0,ROWS(핵심인력_투자현황),1)=$D26)*1, OFFSET(핵심인력_투자현황,0,16,ROWS(핵심인력_투자현황),1), (OFFSET(핵심인력_투자현황,0,17,ROWS(핵심인력_투자현황),1)="회수료")*1 ) ), IF(SUMPRODUCT( (OFFSET(일반인력_투자현황,0,0,ROWS(일반인력_투자현황),1)=$D26)*1, OFFSET(일반인력_투자현황,0,15,ROWS(일반인력_투자현황),1), (OFFSET(일반인력_투자현황,0,16,ROWS(일반인력_투자현황),1)="회수료")*1 ) = 0, "N/A", SUMPRODUCT( (OFFSET(일반인력_투자현황,0,0,ROWS(일반인력_투자현황),1)=$D26)*1, OFFSET(일반인력_투자현황,0,15,ROWS(일반인력_투자현황),1), (OFFSET(일반인력_투자현황,0,16,ROWS(일반인력_투자현황),1)="회수료")*1, OFFSET(일반인력_투자현황,0,17,ROWS(일반인력_투자현황),1) ) / SUMPRODUCT( (OFFSET(일반인력_투자현황,0,0,ROWS(일반인력_투자현황),1)=$D26)*1, OFFSET(일반인력_투자현황,0,15,ROWS(일반인력_투자현황),1), (OFFSET(일반인력_투자현황,0,16,ROWS(일반인력_투자현황),1)="회수료")*1 ) ) ))) | AA26: =IF(ISBLANK($D26), "", IF(VLOOKUP($D26,참여인력_개요,11,FALSE)="관리인력", "", SUMPRODUCT( (OFFSET(제안사_투자현황,0,22,ROWS(제안사_투자현황),1)=$D26)*1, (OFFSET(제안사_투자현황,0,10,ROWS(제안사_투자현황),1)<>"회수료")*1 ) )) | AB26: =IF(ISBLANK($D26), "", IF(VLOOKUP($D26,참여인력_개요,11,FALSE)="관리인력", "", SUMPRODUCT( (OFFSET(제안사_투자현황,0,22,ROWS(제안사_투자현황),1)=$D26)*1, (OFFSET(제안사_투자현황,0,10,ROWS(제안사_투자현황),1)<>"회수료")*1, OFFSET(제안사_투자현황,0,19,ROWS(제안사_투자현황),1) ) ) ) | AC26: =IF(ISBLANK($D26), "", IF(VLOOKUP($D26,참여인력_개요,11,FALSE)="관리인력", "", SUMPRODUCT( (OFFSET(제안사_투자현황,0,22,ROWS(제안사_투자현황),1)=$D26)*1, (OFFSET(제안사_투자현황,0,10,ROWS(제안사_투자현황),1)<>"회수료")*1, OFFSET(제안사_투자현황,0,20,ROWS(제안사_투자현황),1) ) ) )
R27: =IF(ISBLANK($D27), "", IF(N27="핵심운용인력", SUMPRODUCT((OFFSET(핵심인력_경력,0,0,ROWS(핵심인력_경력),1)=$D27)*1, OFFSET(핵심인력_경력,0,9,ROWS(핵심인력_경력),1), (OFFSET(핵심인력_경력,0,10,ROWS(핵심인력_경력),1)="A")*1)+SUMPRODUCT((OFFSET(핵심인력_경력,0,0,ROWS(핵심인력_경력),1)=$D27)*1, OFFSET(핵심인력_경력,0,9,ROWS(핵심인력_경력),1), (OFFSET(핵심인력_경력,0,10,ROWS(핵심인력_경력),1)="B")*1)*0.7, SUMPRODUCT((OFFSET(일반인력_경력,0,0,ROWS(일반인력_경력),1)=$D27)*1, OFFSET(일반인력_경력,0,9,ROWS(일반인력_경력),1), (OFFSET(일반인력_경력,0,10,ROWS(일반인력_경력),1)="A")*1)+SUMPRODUCT((OFFSET(일반인력_경력,0,0,ROWS(일반인력_경력),1)=$D27)*1, OFFSET(일반인력_경력,0,9,ROWS(일반인력_경력),1), (OFFSET(일반인력_경력,0,10,ROWS(일반인력_경력),1)="B")*1)*0.7 ) ) | S27: =IF(ISBLANK($D27), "", IF(VLOOKUP($D27,참여인력_개요,11,FALSE)="관리인력", "", IF(N27="핵심운용인력", SUMPRODUCT((OFFSET(핵심인력_투자현황,0,0,ROWS(핵심인력_투자현황),1)=$D27)*1, ISTEXT(OFFSET(핵심인력_투자현황,0,10,ROWS(핵심인력_투자현황),1))*1), SUMPRODUCT((OFFSET(일반인력_투자현황,0,0,ROWS(일반인력_투자현황),1)=$D27)*1, ISTEXT(OFFSET(일반인력_투자현황,0,10,ROWS(일반인력_투자현황),1))*1)) ) ) | T27: =IF(ISBLANK($D27), "", IF(VLOOKUP($D27,참여인력_개요,11,FALSE)="관리인력", "", IF(N27="핵심운용인력", SUMPRODUCT((OFFSET(핵심인력_투자현황,0,0,ROWS(핵심인력_투자현황),1)=$D27)*1, (OFFSET(핵심인력_투자현황,0,17,ROWS(핵심인력_투자현황),1)="회수료")*1), SUMPRODUCT((OFFSET(일반인력_투자현황,0,0,ROWS(일반인력_투자현황),1)=$D27)*1, (OFFSET(일반인력_투자현황,0,16,ROWS(일반인력_투자현황),1)="회수료")*1)))) | U27: =IF(ISBLANK($D27), "", IF(VLOOKUP($D27,참여인력_개요,11,FALSE)="관리인력", "", IF(N27="핵심운용인력", SUMPRODUCT((OFFSET(핵심인력_투자현황,0,0,ROWS(핵심인력_투자현황),1)=$D27)*1, OFFSET(핵심인력_투자현황,0,16,ROWS(핵심인력_투자현황),1)), SUMPRODUCT((OFFSET(일반인력_투자현황,0,0,ROWS(일반인력_투자현황),1)=$D27)*1, OFFSET(일반인력_투자현황,0,15,ROWS(일반인력_투자현황),1)) ))) | V27: =IF(ISBLANK($D27), "", IF(VLOOKUP($D27,참여인력_개요,11,FALSE)="관리인력", "", IF(N27="핵심운용인력", SUMPRODUCT((OFFSET(핵심인력_투자현황,0,0,ROWS(핵심인력_투자현황),1)=$D27)*1, OFFSET(핵심인력_투자현황,0,20,ROWS(핵심인력_투자현황),1)), SUMPRODUCT((OFFSET(일반인력_투자현황,0,0,ROWS(일반인력_투자현황),1)=$D27)*1, OFFSET(일반인력_투자현황,0,19,ROWS(일반인력_투자현황),1)) ))) | W27: =IF(ISBLANK($D27), "", IF(VLOOKUP($D27,참여인력_개요,11,FALSE)="관리인력", "", IF(N27="핵심운용인력", SUMPRODUCT((OFFSET(핵심인력_투자현황,0,0,ROWS(핵심인력_투자현황),1)=$D27)*1, OFFSET(핵심인력_투자현황,0,25,ROWS(핵심인력_투자현황),1)), SUMPRODUCT((OFFSET(일반인력_투자현황,0,0,ROWS(일반인력_투자현황),1)=$D27)*1, OFFSET(일반인력_투자현황,0,24,ROWS(일반인력_투자현황),1)) ))) | X27: =IF(ISBLANK($D27), "", IF(VLOOKUP($D27,참여인력_개요,11,FALSE)="관리인력", "", IF(N27="핵심운용인력", SUMPRODUCT((OFFSET(핵심인력_투자현황,0,0,ROWS(핵심인력_투자현황),1)=$D27)*1, OFFSET(핵심인력_투자현황,0,26,ROWS(핵심인력_투자현황),1)), SUMPRODUCT((OFFSET(일반인력_투자현황,0,0,ROWS(일반인력_투자현황),1)=$D27)*1, OFFSET(일반인력_투자현황,0,25,ROWS(일반인력_투자현황),1)) ))) | Y27: =IF(ISBLANK($D27), "", IF(VLOOKUP($D27,참여인력_개요,11,FALSE)="관리인력", "", IF(N27="핵심운용인력", SUMPRODUCT((OFFSET(핵심인력_투자현황,0,0,ROWS(핵심인력_투자현황),1)=$D27)*1, OFFSET(핵심인력_투자현황,0,16,ROWS(핵심인력_투자현황),1), OFFSET(핵심인력_투자현황,0,18,ROWS(핵심인력_투자현황),1))/U27, SUMPRODUCT((OFFSET(일반인력_투자현황,0,0,ROWS(일반인력_투자현황),1)=$D27)*1, OFFSET(일반인력_투자현황,0,15,ROWS(일반인력_투자현황),1), OFFSET(일반인력_투자현황,0,17,ROWS(일반인력_투자현황),1))/U27 ))) | Z27: =IF(ISBLANK($D27), "",IF(VLOOKUP($D27,참여인력_개요,11,FALSE)="관리인력", "", IF(N27="핵심운용인력", IF(SUMPRODUCT( (OFFSET(핵심인력_투자현황,0,0,ROWS(핵심인력_투자현황),1)=$D27)*1, OFFSET(핵심인력_투자현황,0,16,ROWS(핵심인력_투자현황),1), (OFFSET(핵심인력_투자현황,0,17,ROWS(핵심인력_투자현황),1)="회수료")*1 ) = 0, "N/A", SUMPRODUCT( (OFFSET(핵심인력_투자현황,0,0,ROWS(핵심인력_투자현황),1)=$D27)*1, OFFSET(핵심인력_투자현황,0,16,ROWS(핵심인력_투자현황),1), (OFFSET(핵심인력_투자현황,0,17,ROWS(핵심인력_투자현황),1)="회수료")*1, OFFSET(핵심인력_투자현황,0,18,ROWS(핵심인력_투자현황),1) ) / SUMPRODUCT( (OFFSET(핵심인력_투자현황,0,0,ROWS(핵심인력_투자현황),1)=$D27)*1, OFFSET(핵심인력_투자현황,0,16,ROWS(핵심인력_투자현황),1), (OFFSET(핵심인력_투자현황,0,17,ROWS(핵심인력_투자현황),1)="회수료")*1 ) ), IF(SUMPRODUCT( (OFFSET(일반인력_투자현황,0,0,ROWS(일반인력_투자현황),1)=$D27)*1, OFFSET(일반인력_투자현황,0,15,ROWS(일반인력_투자현황),1), (OFFSET(일반인력_투자현황,0,16,ROWS(일반인력_투자현황),1)="회수료")*1 ) = 0, "N/A", SUMPRODUCT( (OFFSET(일반인력_투자현황,0,0,ROWS(일반인력_투자현황),1)=$D27)*1, OFFSET(일반인력_투자현황,0,15,ROWS(일반인력_투자현황),1), (OFFSET(일반인력_투자현황,0,16,ROWS(일반인력_투자현황),1)="회수료")*1, OFFSET(일반인력_투자현황,0,17,ROWS(일반인력_투자현황),1) ) / SUMPRODUCT( (OFFSET(일반인력_투자현황,0,0,ROWS(일반인력_투자현황),1)=$D27)*1, OFFSET(일반인력_투자현황,0,15,ROWS(일반인력_투자현황),1), (OFFSET(일반인력_투자현황,0,16,ROWS(일반인력_투자현황),1)="회수료")*1 ) ) ))) | AA27: =IF(ISBLANK($D27), "", IF(VLOOKUP($D27,참여인력_개요,11,FALSE)="관리인력", "", SUMPRODUCT( (OFFSET(제안사_투자현황,0,22,ROWS(제안사_투자현황),1)=$D27)*1, (OFFSET(제안사_투자현황,0,10,ROWS(제안사_투자현황),1)<>"회수료")*1 ) )) | AB27: =IF(ISBLANK($D27), "", IF(VLOOKUP($D27,참여인력_개요,11,FALSE)="관리인력", "", SUMPRODUCT( (OFFSET(제안사_투자현황,0,22,ROWS(제안사_투자현황),1)=$D27)*1, (OFFSET(제안사_투자현황,0,10,ROWS(제안사_투자현황),1)<>"회수료")*1, OFFSET(제안사_투자현황,0,19,ROWS(제안사_투자현황),1) ) ) ) | AC27: =IF(ISBLANK($D27), "", IF(VLOOKUP($D27,참여인력_개요,11,FALSE)="관리인력", "", SUMPRODUCT( (OFFSET(제안사_투자현황,0,22,ROWS(제안사_투자현황),1)=$D27)*1, (OFFSET(제안사_투자현황,0,10,ROWS(제안사_투자현황),1)<>"회수료")*1, OFFSET(제안사_투자현황,0,20,ROWS(제안사_투자현황),1) ) ) )
... R200: =IF(ISBLANK($D200), "", IF(N200="핵심운용인력", SUMPRODUCT((OFFSET(핵심인력_경력,0,0,ROWS(핵심인력_경력),1)=$D200)*1, OFFSET(핵심인력_경력,0,9,ROWS(핵심인력_경력),1), (OFFSET(핵심인력_경력,0,10,ROWS(핵심인력_경력),1)="A")*1)+SUMPRODUCT((OFFSET(핵심인력_경력,0,0,ROWS(핵심인력_경력),1)=$D200)*1, OFFSET(핵심인력_경력,0,9,ROWS(핵심인력_경력),1), (OFFSET(핵심인력_경력,0,10,ROWS(핵심인력_경력),1)="B")*1)*0.7, SUMPRODUCT((OFFSET(일반인력_경력,0,0,ROWS(일반인력_경력),1)=$D200)*1, OFFSET(일반인력_경력,0,9,ROWS(일반인력_경력),1), (OFFSET(일반인력_경력,0,10,ROWS(일반인력_경력),1)="A")*1)+SUMPRODUCT((OFFSET(일반인력_경력,0,0,ROWS(일반인력_경력),1)=$D200)*1, OFFSET(일반인력_경력,0,9,ROWS(일반인력_경력),1), (OFFSET(일반인력_경력,0,10,ROWS(일반인력_경력),1)="B")*1)*0.7 ) ) | S200: =IF(ISBLANK($D200), "", IF(VLOOKUP($D200,참여인력_개요,11,FALSE)="관리인력", "", IF(N200="핵심운용인력", SUMPRODUCT((OFFSET(핵심인력_투자현황,0,0,ROWS(핵심인력_투자현황),1)=$D200)*1, ISTEXT(OFFSET(핵심인력_투자현황,0,10,ROWS(핵심인력_투자현황),1))*1), SUMPRODUCT((OFFSET(일반인력_투자현황,0,0,ROWS(일반인력_투자현황),1)=$D200)*1, ISTEXT(OFFSET(일반인력_투자현황,0,10,ROWS(일반인력_투자현황),1))*1)) ) ) | T200: =IF(ISBLANK($D200), "", IF(VLOOKUP($D200,참여인력_개요,11,FALSE)="관리인력", "", IF(N200="핵심운용인력", SUMPRODUCT((OFFSET(핵심인력_투자현황,0,0,ROWS(핵심인력_투자현황),1)=$D200)*1, (OFFSET(핵심인력_투자현황,0,17,ROWS(핵심인력_투자현황),1)="회수료")*1), SUMPRODUCT((OFFSET(일반인력_투자현황,0,0,ROWS(일반인력_투자현황),1)=$D200)*1, (OFFSET(일반인력_투자현황,0,16,ROWS(일반인력_투자현황),1)="회수료")*1)))) | U200: =IF(ISBLANK($D200), "", IF(VLOOKUP($D200,참여인력_개요,11,FALSE)="관리인력", "", IF(N200="핵심운용인력", SUMPRODUCT((OFFSET(핵심인력_투자현황,0,0,ROWS(핵심인력_투자현황),1)=$D200)*1, OFFSET(핵심인력_투자현황,0,16,ROWS(핵심인력_투자현황),1)), SUMPRODUCT((OFFSET(일반인력_투자현황,0,0,ROWS(일반인력_투자현황),1)=$D200)*1, OFFSET(일반인력_투자현황,0,15,ROWS(일반인력_투자현황),1)) ))) | V200: =IF(ISBLANK($D200), "", IF(VLOOKUP($D200,참여인력_개요,11,FALSE)="관리인력", "", IF(N200="핵심운용인력", SUMPRODUCT((OFFSET(핵심인력_투자현황,0,0,ROWS(핵심인력_투자현황),1)=$D200)*1, OFFSET(핵심인력_투자현황,0,20,ROWS(핵심인력_투자현황),1)), SUMPRODUCT((OFFSET(일반인력_투자현황,0,0,ROWS(일반인력_투자현황),1)=$D200)*1, OFFSET(일반인력_투자현황,0,19,ROWS(일반인력_투자현황),1)) ))) | W200: =IF(ISBLANK($D200), "", IF(VLOOKUP($D200,참여인력_개요,11,FALSE)="관리인력", "", IF(N200="핵심운용인력", SUMPRODUCT((OFFSET(핵심인력_투자현황,0,0,ROWS(핵심인력_투자현황),1)=$D200)*1, OFFSET(핵심인력_투자현황,0,25,ROWS(핵심인력_투자현황),1)), SUMPRODUCT((OFFSET(일반인력_투자현황,0,0,ROWS(일반인력_투자현황),1)=$D200)*1, OFFSET(일반인력_투자현황,0,24,ROWS(일반인력_투자현황),1)) ))) | X200: =IF(ISBLANK($D200), "", IF(VLOOKUP($D200,참여인력_개요,11,FALSE)="관리인력", "", IF(N200="핵심운용인력", SUMPRODUCT((OFFSET(핵심인력_투자현황,0,0,ROWS(핵심인력_투자현황),1)=$D200)*1, OFFSET(핵심인력_투자현황,0,26,ROWS(핵심인력_투자현황),1)), SUMPRODUCT((OFFSET(일반인력_투자현황,0,0,ROWS(일반인력_투자현황),1)=$D200)*1, OFFSET(일반인력_투자현황,0,25,ROWS(일반인력_투자현황),1)) ))) | Y200: =IF(ISBLANK($D200), "", IF(VLOOKUP($D200,참여인력_개요,11,FALSE)="관리인력", "", IF(N200="핵심운용인력", SUMPRODUCT((OFFSET(핵심인력_투자현황,0,0,ROWS(핵심인력_투자현황),1)=$D200)*1, OFFSET(핵심인력_투자현황,0,16,ROWS(핵심인력_투자현황),1), OFFSET(핵심인력_투자현황,0,18,ROWS(핵심인력_투자현황),1))/U200, SUMPRODUCT((OFFSET(일반인력_투자현황,0,0,ROWS(일반인력_투자현황),1)=$D200)*1, OFFSET(일반인력_투자현황,0,15,ROWS(일반인력_투자현황),1), OFFSET(일반인력_투자현황,0,17,ROWS(일반인력_투자현황),1))/U200 ))) | Z200: =IF(ISBLANK($D200), "",IF(VLOOKUP($D200,참여인력_개요,11,FALSE)="관리인력", "", IF(N200="핵심운용인력", IF(SUMPRODUCT( (OFFSET(핵심인력_투자현황,0,0,ROWS(핵심인력_투자현황),1)=$D200)*1, OFFSET(핵심인력_투자현황,0,16,ROWS(핵심인력_투자현황),1), (OFFSET(핵심인력_투자현황,0,17,ROWS(핵심인력_투자현황),1)="회수료")*1 ) = 0, "N/A", SUMPRODUCT( (OFFSET(핵심인력_투자현황,0,0,ROWS(핵심인력_투자현황),1)=$D200)*1, OFFSET(핵심인력_투자현황,0,16,ROWS(핵심인력_투자현황),1), (OFFSET(핵심인력_투자현황,0,17,ROWS(핵심인력_투자현황),1)="회수료")*1, OFFSET(핵심인력_투자현황,0,18,ROWS(핵심인력_투자현황),1) ) / SUMPRODUCT( (OFFSET(핵심인력_투자현황,0,0,ROWS(핵심인력_투자현황),1)=$D200)*1, OFFSET(핵심인력_투자현황,0,16,ROWS(핵심인력_투자현황),1), (OFFSET(핵심인력_투자현황,0,17,ROWS(핵심인력_투자현황),1)="회수료")*1 ) ), IF(SUMPRODUCT( (OFFSET(일반인력_투자현황,0,0,ROWS(일반인력_투자현황),1)=$D200)*1, OFFSET(일반인력_투자현황,0,15,ROWS(일반인력_투자현황),1), (OFFSET(일반인력_투자현황,0,16,ROWS(일반인력_투자현황),1)="회수료")*1 ) = 0, "N/A", SUMPRODUCT( (OFFSET(일반인력_투자현황,0,0,ROWS(일반인력_투자현황),1)=$D200)*1, OFFSET(일반인력_투자현황,0,15,ROWS(일반인력_투자현황),1), (OFFSET(일반인력_투자현황,0,16,ROWS(일반인력_투자현황),1)="회수료")*1, OFFSET(일반인력_투자현황,0,17,ROWS(일반인력_투자현황),1) ) / SUMPRODUCT( (OFFSET(일반인력_투자현황,0,0,ROWS(일반인력_투자현황),1)=$D200)*1, OFFSET(일반인력_투자현황,0,15,ROWS(일반인력_투자현황),1), (OFFSET(일반인력_투자현황,0,16,ROWS(일반인력_투자현황),1)="회수료")*1 ) ) ))) | AA200: =IF(ISBLANK($D200), "", IF(VLOOKUP($D200,참여인력_개요,11,FALSE)="관리인력", "", SUMPRODUCT( (OFFSET(제안사_투자현황,0,22,ROWS(제안사_투자현황),1)=$D200)*1, (OFFSET(제안사_투자현황,0,10,ROWS(제안사_투자현황),1)<>"회수료")*1 ) )) | AB200: =IF(ISBLANK($D200), "", IF(VLOOKUP($D200,참여인력_개요,11,FALSE)="관리인력", "", SUMPRODUCT( (OFFSET(제안사_투자현황,0,22,ROWS(제안사_투자현황),1)=$D200)*1, (OFFSET(제안사_투자현황,0,10,ROWS(제안사_투자현황),1)<>"회수료")*1, OFFSET(제안사_투자현황,0,19,ROWS(제안사_투자현황),1) ) ) ) | AC200: =IF(ISBLANK($D200), "", IF(VLOOKUP($D200,참여인력_개요,11,FALSE)="관리인력", "", SUMPRODUCT( (OFFSET(제안사_투자현황,0,22,ROWS(제안사_투자현황),1)=$D200)*1, (OFFSET(제안사_투자현황,0,10,ROWS(제안사_투자현황),1)<>"회수료")*1, OFFSET(제안사_투자현황,0,20,ROWS(제안사_투자현황),1) ) ) )

Sheet 3.2.1.핵심운용인력 투자현황
A1: RFPID | B1: GPID | C1: FundMgrID | D1: LineNum | E1: FundMgrName | F1: BirthYMDS | G1: CompanyName | H1: WorkBegYMD | I1: WorkEndYMD | J1: JobTypeDesc | K1: IsFinder | L1: IsPostInvestMgr | M1: IsExitMgr | N1: FinancialResource | O1: InvtComName | R1: MainIndustryDesc | S1: InvestYMD | T1: TujaTypeDesc | U1: InvestAmt | V1: IsCollectedDesc | W1: PropInvtComIRR | X1: CollectYMD | Y1: CollectAmt | Z1: CollectBV | AA1: CollectMethodDesc | AC1: IsMarketableDesc | AD1: AmtBal | AE1: AmtBalValue | AF1: AmtBalValueDesc | AI1: OtherRemark | AJ1: CurrentFundMgrName | AK1: CurrentFundMgrBuName | AL1: CurrentFundMgrTelNo | AM1: InvComDate | AN1: StartComConf | AO1: StartInvYMD | AP1: StartComConf
E3: 핵심 운용인력 | G3: 담당 기간 및 역할 | N3: 투자 | X3: 회수투자자산 | AC3: 미회수투자자산 | AG3: 손상차손 인식여부 | AI3: 기타사항 | AJ3: 검증사 | AM3: 피투자기업 설립일 | AO3: 설립 ~ 투자 | AP3: 주요 제품 및 서비스 | AQ3: 투자펀드 내역(펀드계정일 경우) | AS3: 투자원금 검증
A4: 모집단위ID | B4: 운용사ID | C4: 운용인력ID | D4: 순번 | E4: 성명 | F4: 생년월일 | G4: 재직회사명 | H4: 시작일 | I4: 종료일 | J4: 직무구분 | K4: 발굴및 투자검토 | L4: 사후 관리 | M4: 회수 | N4: 투자계정구분 | O4: 피투자기업명 | P4: 피투자기업 법인유형 | Q4: 기업규모 | R4: 피투자기업 주요산업분야 | S4: 투자일 | T4: 투자형태 | U4: 투자금액 | V4: 회수여부 | W4: 투자 수익률 (IRR) | X4: 최종회수일 | Y4: 회수총액 | Z4: 투자원금 | AA4: 회수방법 | AB4: 투자기간 | AC4: 시장성유무 | AD4: 투자원금 | AE4: 가치 | AF4: 가치산출근거 | AG4: 손상차손 인식여부 | AH4: 투자원금 | AJ4: 사명 | AL4: 연락처 | AQ4: 펀드명 | AR4: 법적유형
E5: 0 | F5: 1 | G5: 2 | H5: 3 | I5: 4 | J5: 5 | K5: 6 | L5: 7 | M5: 8 | N5: 9 | O5: 10 | P5: 11 | Q5: 12 | R5: 13 | S5: 14 | T5: 15 | U5: 16 | V5: 17 | W5: 18 | X5: 19 | Y5: 20 | Z5: 21 | AA5: 22 | AB5: 23 | AC5: 24 | AD5: 25 | AE5: 26 | AF5: 27 | AG5: 28 | AH5: 29 | AI5: 30 | AJ5: 31 | AK5: 32 | AL5: 33 | AM5: 34 | AN5: 35 | AO5: 36 | AP5: 37 | AQ5: 38 | AR5: 39
E11: 이00 | F11: =IF(ISBLANK($E11), "", VLOOKUP($E11,참여인력_개요,2,FALSE)) -> 25569 | G11: 가인베스트먼트㈜ | H11: 39448 | I11: 40179 | J11: 의사결정 | K11: YES | L11: NO | M11: NO | N11: 펀드계정 | O11: A투자조합 | P11: 기타 | Q11: 중소(벤처) | R11: 기타금융투자업 | S11: 40179 | T11: 보통주 | U11: 1000 | V11: 회수료 | W11: 0.146 | X11: 41640 | Y11: 1146 | Z11: 1000 | AA11: 코스닥 | AB11: =IF(ISBLANK(X11),"",DATEDIF(S11,X11,"d")/365) -> 4.0027397 | AC11: YES | AG11: 해당사항 없음 | AJ11: 가인베스트먼트㈜ | AL11: 0000-0000 | AM11: 36330 | AO11: =IF((S11-AM11)/365>0,(S11-AM11)/365,"") -> 10.545205 | AQ11: 펀드1호 | AS11: =U11=Z11+AD11+AH11 -> TRUE
E12: 이00 | F12: =IF(ISBLANK($E12), "", VLOOKUP($E12,참여인력_개요,2,FALSE)) -> 25569 | G12: 다인베스트먼트㈜ | H12: 39448 | I12: 39082 | J12: 투자실무 | K12: NO | L12: YES | M12: NO | N12: 펀드계정 | O12: B기업 | P12: 국내설립법인 또는 해외현지법인 | Q12: 중견 | R12: 통신/IT서비스 | S12: 40544 | T12: 우선주 | U12: 510 | V12: 미회수 | X12: 42005 | Y12: 100 | Z12: 0 | AA12: 기타 | AB12: =IF(ISBLANK(X12),"",DATEDIF(S12,X12,"d")/365) -> 4.0027397 | AC12: YES | AD12: 510 | AE12: 510 | AG12: 해당사항 없음 | AJ12: 나인베스트먼트㈜ | AL12: 0000-0000 | AM12: 37622 | AO12: =IF((S12-AM12)/365>0,(S12-AM12)/365,"") -> 8.0054795 | AQ12: 펀드2호 | AS12: =U12=Z12+AD12+AH12 -> TRUE
E13: 이00 | F13: =IF(ISBLANK($E13), "", VLOOKUP($E13,참여인력_개요,2,FALSE)) -> 25569 | G13: 다인베스트먼트㈜ | H13: 39448 | I13: 37986 | J13: 투자실무 | K13: NO | L13: NO | M13: YES | N13: 펀드계정 | O13: C기업 | P13: 프로젝트 투자시 특수목적법인 | Q13: 기타 | R13: 통신/IT서비스 | S13: 39814 | T13: 우선주 | U13: 390 | V13: 회수료 | W13: 0.146 | X13: 42005 | Y13: 200 | Z13: 150 | AA13: 상환 | AB13: =IF(ISBLANK(X13),"",DATEDIF(S13,X13,"d")/365) -> 6.0027397 | AC13: YES | AD13: 240 | AE13: 300 | AF13: 000주*@000원=000백만원(10.02.23종가기준) | AG13: 해당사항 없음 | AJ13: 다인베스트먼트㈜ | AL13: 0000-0000 | AM13: 37987 | AO13: =IF((S13-AM13)/365>0,(S13-AM13)/365,"") -> 5.0054795 | AQ13: 펀드3호 | AS13: =U13=Z13+AD13+AH13 -> TRUE
E14: 정00 | F14: =IF(ISBLANK($E14), "", VLOOKUP($E14,참여인력_개요,2,FALSE)) -> 31705 | G14: 다인베스트먼트㈜ | H14: 39448 | I14: 37986 | J14: 투자실무 | K14: NO | L14: NO | M14: YES | N14: 펀드계정 | O14: C기업 | P14: 외국법인 | Q14: 기타 | R14: 통신/IT서비스 | S14: 39814 | T14: 보통주 | U14: 390 | V14: 회수료 | W14: 0.146 | X14: 42370 | Y14: 200 | Z14: 150 | AA14: 상환 | AB14: =IF(ISBLANK(X14),"",DATEDIF(S14,X14,"d")/365) -> 7.0027397 | AC14: YES | AD14: 240 | AE14: 300 | AF14: 000주*@000원=000백만원(10.02.23종가기준) | AG14: 해당사항 없음 | AJ14: 다인베스트먼트㈜ | AL14: 0000-0000 | AM14: 37623 | AO14: =IF((S14-AM14)/365>0,(S14-AM14)/365,"") -> 6.0027397 | AQ14: 펀드4호 | AS14: =U14=Z14+AD14+AH14 -> TRUE
F15: =IF(ISBLANK($E15), "", VLOOKUP($E15,참여인력_개요,2,FALSE)) | AB15: =IF(ISBLANK(X15),"",DATEDIF(S15,X15,"d")/365) | AO15: =IF((S15-AM15)/365>0,(S15-AM15)/365,"") | AS15: =U15=Z15+AD15+AH15 -> TRUE
F16: =IF(ISBLANK($E16), "", VLOOKUP($E16,참여인력_개요,2,FALSE)) | AB16: =IF(ISBLANK(X16),"",DATEDIF(S16,X16,"d")/365) | AO16: =IF((S16-AM16)/365>0,(S16-AM16)/365,"") | AS16: =U16=Z16+AD16+AH16 -> TRUE
F17: =IF(ISBLANK($E17), "", VLOOKUP($E17,참여인력_개요,2,FALSE)) | AB17: =IF(ISBLANK(X17),"",DATEDIF(S17,X17,"d")/365) | AO17: =IF((S17-AM17)/365>0,(S17-AM17)/365,"") | AS17: =U17=Z17+AD17+AH17 -> TRUE
F18: =IF(ISBLANK($E18), "", VLOOKUP($E18,참여인력_개요,2,FALSE)) | AB18: =IF(ISBLANK(X18),"",DATEDIF(S18,X18,"d")/365) | AO18: =IF((S18-AM18)/365>0,(S18-AM18)/365,"") | AS18: =U18=Z18+AD18+AH18 -> TRUE
F19: =IF(ISBLANK($E19), "", VLOOKUP($E19,참여인력_개요,2,FALSE)) | AB19: =IF(ISBLANK(X19),"",DATEDIF(S19,X19,"d")/365) | AO19: =IF((S19-AM19)/365>0,(S19-AM19)/365,"") | AS19: =U19=Z19+AD19+AH19 -> TRUE
F20: =IF(ISBLANK($E20), "", VLOOKUP($E20,참여인력_개요,2,FALSE)) | AB20: =IF(ISBLANK(X20),"",DATEDIF(S20,X20,"d")/365) | AO20: =IF((S20-AM20)/365>0,(S20-AM20)/365,"") | AS20: =U20=Z20+AD20+AH20 -> TRUE
F21: =IF(ISBLANK($E21), "", VLOOKUP($E21,참여인력_개요,2,FALSE)) | AB21: =IF(ISBLANK(X21),"",DATEDIF(S21,X21,"d")/365) | AO21: =IF((S21-AM21)/365>0,(S21-AM21)/365,"") | AS21: =U21=Z21+AD21+AH21 -> TRUE
F22: =IF(ISBLANK($E22), "", VLOOKUP($E22,참여인력_개요,2,FALSE)) | AB22: =IF(ISBLANK(X22),"",DATEDIF(S22,X22,"d")/365) | AO22: =IF((S22-AM22)/365>0,(S22-AM22)/365,"") | AS22: =U22=Z22+AD22+AH22 -> TRUE
F23: =IF(ISBLANK($E23), "", VLOOKUP($E23,참여인력_개요,2,FALSE)) | AB23: =IF(ISBLANK(X23),"",DATEDIF(S23,X23,"d")/365) | AO23: =IF((S23-AM23)/365>0,(S23-AM23)/365,"") | AS23: =U23=Z23+AD23+AH23 -> TRUE
F24: =IF(ISBLANK($E24), "", VLOOKUP($E24,참여인력_개요,2,FALSE)) | AB24: =IF(ISBLANK(X24),"",DATEDIF(S24,X24,"d")/365) | AO24: =IF((S24-AM24)/365>0,(S24-AM24)/365,"") | AS24: =U24=Z24+AD24+AH24 -> TRUE
F25: =IF(ISBLANK($E25), "", VLOOKUP($E25,참여인력_개요,2,FALSE)) | AB25: =IF(ISBLANK(X25),"",DATEDIF(S25,X25,"d")/365) | AO25: =IF((S25-AM25)/365>0,(S25-AM25)/365,"") | AS25: =U25=Z25+AD25+AH25 -> TRUE
F26: =IF(ISBLANK($E26), "", VLOOKUP($E26,참여인력_개요,2,FALSE)) | AB26: =IF(ISBLANK(X26),"",DATEDIF(S26,X26,"d")/365) | AO26: =IF((S26-AM26)/365>0,(S26-AM26)/365,"") | AS26: =U26=Z26+AD26+AH26 -> TRUE
... F500: =IF(ISBLANK($E500), "", VLOOKUP($E500,참여인력_개요,2,FALSE)) | AB500: =IF(ISBLANK(X500),"",DATEDIF(S500,X500,"d")/365) | AO500: =IF((S500-AM500)/365>0,(S500-AM500)/365,"") | AS500: =U500=Z500+AD500+AH500 -> TRUE

Sheet 3.2.2.핵심운용인력 시스템반도체설계 투자현황
A1: RFPID | B1: GPID | C1: FundMgrID | D1: LineNum | E1: FundMgrName | F1: BirthYMDS | G1: CompanyName | H1: WorkBegYMD | I1: WorkEndYMD | J1: JobTypeDesc | K1: IsFinder | L1: IsPostInvestMgr | M1: IsExitMgr | N1: FinancialResource | O1: InvtComName | R1: MainIndustryDesc | S1: InvestYMD | T1: TujaTypeDesc | U1: InvestAmt | V1: IsCollectedDesc | W1: PropInvtComIRR | X1: CollectYMD | Y1: CollectAmt | Z1: CollectBV | AA1: CollectMethodDesc | AC1: IsMarketableDesc | AD1: AmtBal | AE1: AmtBalValue | AF1: AmtBalValueDesc | AI1: OtherRemark | AJ1: CurrentFundMgrName | AK1: CurrentFundMgrBuName | AL1: CurrentFundMgrTelNo | AM1: InvComDate | AN1: StartComConf | AO1: StartInvYMD | AP1: StartComConf
E3: 핵심 운용인력 | G3: 담당 기간 및 역할 | N3: 투자 | X3: 회수투자자산 | AC3: 미회수투자자산 | AG3: 손상차손 인식여부 | AI3: 기타사항 | AJ3: 검증사 | AM3: 피투자기업 설립일 | AO3: 설립 ~ 투자 | AP3: 주요 제품 및 서비스 | AR3: 팹리스/IP기업해당 시 기재 | AU3: 시스템반도체 /파워반도체 관련 설계기업에 해당하는지 근거 기재 (상세하게 서술) | AV3: 투자건발굴, Value-up 및 회수방법 (기술) | AW3: 투자펀드 내역(펀드계정일 경우) | AY3: 투자원금 검증
A4: 모집단위ID | B4: 운용사ID | C4: 운용인력ID | D4: 순번 | E4: 성명 | F4: 생년월일 | G4: 재직회사명 | H4: 시작일 | I4: 종료일 | J4: 직무구분 | K4: 발굴및 투자검토 | L4: 사후 관리 | M4: 회수 | N4: 투자계정구분 | O4: 피투자기업명 | P4: 피투자기업 법인유형 | Q4: 기업규모 | R4: 피투자기업 주요산업분야 | S4: 투자일 | T4: 투자형태 | U4: 투자금액 | V4: 회수여부 | W4: 투자 수익률 (IRR) | X4: 최종회수일 | Y4: 회수총액 | Z4: 투자원금 | AA4: 회수방법 | AB4: 투자기간 | AC4: 시장성유무 | AD4: 투자원금 | AE4: 가치 | AF4: 가치산출근거 | AG4: 손상차손 인식여부 | AH4: 투자원금 | AJ4: 사명 | AL4: 연락처 | AQ4: 유형 | AR4: 반도체 Chip Netlist 추출 시 구성요소로서 포함 여부(FPGA 경우 Nestlist 가능한 경우도 포함) | AS4: 설계인력 보유 및 해당부서 유무 (Behavior Level, RTL 디자인, Gate Level 등 디자인 설계) | AT4: 설계 Tool(EDA)를 사용하여 설계하는 지 여부 | AW4: 펀드명 | AX4: 법적유형
AR5: (상세하게 서술)
E11: 이00 | F11: =IF(ISBLANK($E11), "", VLOOKUP($E11,참여인력_개요,2,FALSE)) -> 25569 | G11: 가인베스트먼트㈜ | H11: 39448 | I11: 40179 | J11: 의사결정 | K11: YES | L11: NO | M11: NO | N11: 펀드계정 | O11: A기업 | P11: 국내설립법인 또는 해외현지법인 | Q11: 중소(벤처) | R11: 반도체 | S11: 40179 | T11: 보통주 | U11: 1000 | V11: 회수료 | W11: 0.146 | X11: 41640 | Y11: 1146 | Z11: 1000 | AA11: 코스닥 | AB11: =IF(ISBLANK(X11),"",DATEDIF(S11,X11,"d")/365) -> 4.0027397 | AC11: YES | AG11: 해당사항 없음 | AJ11: 가인베스트먼트㈜ | AL11: 0000-0000 | AM11: 36330 | AO11: =IF((S11-AM11)/365>0,(S11-AM11)/365,"") -> 10.545205 | AQ11: IP기업 | AU11: ex)투자당시 A기업은 IP기업으로서, ㅇㅇ부서에서 설계인원 ㅇ명이 AA tool등을 통해 Decorder를 RTL 디자인 레벨로 설계하여 BB회사에서 칩 설계 후 생산 | AW11: 펀드1호 | AY11: =U11=Z11+AD11+AH11 -> TRUE
E12: 이00 | F12: =IF(ISBLANK($E12), "", VLOOKUP($E12,참여인력_개요,2,FALSE)) -> 25569 | G12: 다인베스트먼트㈜ | H12: 39448 | I12: 39082 | J12: 투자실무 | K12: NO | L12: YES | M12: NO | N12: 펀드계정 | O12: B기업 | P12: 국내설립법인 또는 해외현지법인 | Q12: 중소(벤처) | R12: 반도체 | S12: 40544 | T12: 우선주 | U12: 510 | V12: 미회수 | X12: 42005 | Y12: 100 | Z12: 0 | AA12: 기타 | AB12: =IF(ISBLANK(X12),"",DATEDIF(S12,X12,"d")/365) -> 4.0027397 | AC12: YES | AD12: 510 | AE12: 510 | AG12: 해당사항 없음 | AJ12: 나인베스트먼트㈜ | AL12: 0000-0000 | AM12: 37622 | AO12: =IF((S12-AM12)/365>0,(S12-AM12)/365,"") -> 8.0054795 | AQ12: 팹리스 | AU12: ex)투자당시 B기업은 팹리스 기업으로서, ㅇㅇ부서에서 설계인원 ㅇ명이 SS tool등을 통해 DDI 설계 Gate Level로 설계하여 Netlist 구성 후 xx 파운더리에서 위탁생산 | AW12: 펀드2호 | AY12: =U12=Z12+AD12+AH12 -> TRUE
F13: =IF(ISBLANK($E13), "", VLOOKUP($E13,참여인력_개요,2,FALSE)) | AB13: =IF(ISBLANK(X13),"",DATEDIF(S13,X13,"d")/365) | AO13: =IF((S13-AM13)/365>0,(S13-AM13)/365,"") | AQ13: 디자인하우스 | AU13: ex)투자당시 C기업은 디자인하우스로서, 설계인원 ㅇ명이 SS tool등을 통해 Physical design을 설계하며, xx 파운더리와 연계하여 진행 중 | AW13: 펀드3호 | AY13: =U13=Z13+AD13+AH13 -> TRUE
F14: =IF(ISBLANK($E14), "", VLOOKUP($E14,참여인력_개요,2,FALSE)) | AB14: =IF(ISBLANK(X14),"",DATEDIF(S14,X14,"d")/365) | AO14: =IF((S14-AM14)/365>0,(S14-AM14)/365,"") | AQ14: 파워반도체 | AU14: ex)투자당시 D기업은 파워반도체 관련 기업으로, SiC 기반 트랜지스터 생산 | AW14: 펀드4호 | AY14: =U14=Z14+AD14+AH14 -> TRUE
F15: =IF(ISBLANK($E15), "", VLOOKUP($E15,참여인력_개요,2,FALSE)) | AB15: =IF(ISBLANK(X15),"",DATEDIF(S15,X15,"d")/365) | AO15: =IF((S15-AM15)/365>0,(S15-AM15)/365,"") | AW15: 펀드5호 | AY15: =U15=Z15+AD15+AH15 -> TRUE
F16: =IF(ISBLANK($E16), "", VLOOKUP($E16,참여인력_개요,2,FALSE)) | AB16: =IF(ISBLANK(X16),"",DATEDIF(S16,X16,"d")/365) | AO16: =IF((S16-AM16)/365>0,(S16-AM16)/365,"") | AW16: 펀드6호 | AY16: =U16=Z16+AD16+AH16 -> TRUE
F17: =IF(ISBLANK($E17), "", VLOOKUP($E17,참여인력_개요,2,FALSE)) | AB17: =IF(ISBLANK(X17),"",DATEDIF(S17,X17,"d")/365) | AO17: =IF((S17-AM17)/365>0,(S17-AM17)/365,"") | AW17: 펀드7호 | AY17: =U17=Z17+AD17+AH17 -> TRUE
F18: =IF(ISBLANK($E18), "", VLOOKUP($E18,참여인력_개요,2,FALSE)) | AB18: =IF(ISBLANK(X18),"",DATEDIF(S18,X18,"d")/365) | AO18: =IF((S18-AM18)/365>0,(S18-AM18)/365,"") | AW18: 펀드8호 | AY18: =U18=Z18+AD18+AH18 -> TRUE
F19: =IF(ISBLANK($E19), "", VLOOKUP($E19,참여인력_개요,2,FALSE)) | AB19: =IF(ISBLANK(X19),"",DATEDIF(S19,X19,"d")/365) | AO19: =IF((S19-AM19)/365>0,(S19-AM19)/365,"") | AW19: 펀드9호 | AY19: =U19=Z19+AD19+AH19 -> TRUE
F20: =IF(ISBLANK($E20), "", VLOOKUP($E20,참여인력_개요,2,FALSE)) | AB20: =IF(ISBLANK(X20),"",DATEDIF(S20,X20,"d")/365) | AO20: =IF((S20-AM20)/365>0,(S20-AM20)/365,"") | AW20: 펀드10호 | AY20: =U20=Z20+AD20+AH20 -> TRUE
F21: =IF(ISBLANK($E21), "", VLOOKUP($E21,참여인력_개요,2,FALSE)) | AB21: =IF(ISBLANK(X21),"",DATEDIF(S21,X21,"d")/365) | AO21: =IF((S21-AM21)/365>0,(S21-AM21)/365,"") | AW21: 펀드11호 | AY21: =U21=Z21+AD21+AH21 -> TRUE
F22: =IF(ISBLANK($E22), "", VLOOKUP($E22,참여인력_개요,2,FALSE)) | AB22: =IF(ISBLANK(X22),"",DATEDIF(S22,X22,"d")/365) | AO22: =IF((S22-AM22)/365>0,(S22-AM22)/365,"") | AW22: 펀드12호 | AY22: =U22=Z22+AD22+AH22 -> TRUE
F23: =IF(ISBLANK($E23), "", VLOOKUP($E23,참여인력_개요,2,FALSE)) | AB23: =IF(ISBLANK(X23),"",DATEDIF(S23,X23,"d")/365) | AO23: =IF((S23-AM23)/365>0,(S23-AM23)/365,"") | AW23: 펀드13호 | AY23: =U23=Z23+AD23+AH23 -> TRUE
F24: =IF(ISBLANK($E24), "", VLOOKUP($E24,참여인력_개요,2,FALSE)) | AB24: =IF(ISBLANK(X24),"",DATEDIF(S24,X24,"d")/365) | AO24: =IF((S24-AM24)/365>0,(S24-AM24)/365,"") | AW24: 펀드14호 | AY24: =U24=Z24+AD24+AH24 -> TRUE
F25: =IF(ISBLANK($E25), "", VLOOKUP($E25,참여인력_개요,2,FALSE)) | AB25: =IF(ISBLANK(X25),"",DATEDIF(S25,X25,"d")/365) | AO25: =IF((S25-AM25)/365>0,(S25-AM25)/365,"") | AW25: 펀드15호 | AY25: =U25=Z25+AD25+AH25 -> TRUE
F26: =IF(ISBLANK($E26), "", VLOOKUP($E26,참여인력_개요,2,FALSE)) | AB26: =IF(ISBLANK(X26),"",DATEDIF(S26,X26,"d")/365) | AO26: =IF((S26-AM26)/365>0,(S26-AM26)/365,"") | AW26: 펀드16호 | AY26: =U26=Z26+AD26+AH26 -> TRUE
... F110: =IF(ISBLANK($E110), "", VLOOKUP($E110,참여인력_개요,2,FALSE)) | AB110: =IF(ISBLANK(X110),"",DATEDIF(S110,X110,"d")/365) | AO110: =IF((S110-AM110)/365>0,(S110-AM110)/365,"") | AW110: 펀드100호 | AY110: =U110=Z110+AD110+AH110 -> TRUE
F111: =IF(ISBLANK($E111), "", VLOOKUP($E111,참여인력_개요,2,FALSE)) | AB111: =IF(ISBLANK(X111),"",DATEDIF(S111,X111,"d")/365) | AO111: =IF((S111-AM111)/365>0,(S111-AM111)/365,"") | AY111: =U111=Z111+AD111+AH111 -> TRUE
F112: =IF(ISBLANK($E112), "", VLOOKUP($E112,참여인력_개요,2,FALSE)) | AB112: =IF(ISBLANK(X112),"",DATEDIF(S112,X112,"d")/365) | AO112: =IF((S112-AM112)/365>0,(S112-AM112)/365,"") | AY112: =U112=Z112+AD112+AH112 -> TRUE
F113: =IF(ISBLANK($E113), "", VLOOKUP($E113,참여인력_개요,2,FALSE)) | AB113: =IF(ISBLANK(X113),"",DATEDIF(S113,X113,"d")/365) | AO113: =IF((S113-AM113)/365>0,(S113-AM113)/365,"") | AY113: =U113=Z113+AD113+AH113 -> TRUE
F114: =IF(ISBLANK($E114), "", VLOOKUP($E114,참여인력_개요,2,FALSE)) | AB114: =IF(ISBLANK(X114),"",DATEDIF(S114,X114,"d")/365) | AO114: =IF((S114-AM114)/365>0,(S114-AM114)/365,"") | AY114: =U114=Z114+AD114+AH114 -> TRUE
F115: =IF(ISBLANK($E115), "", VLOOKUP($E115,참여인력_개요,2,FALSE)) | AB115: =IF(ISBLANK(X115),"",DATEDIF(S115,X115,"d")/365) | AO115: =IF((S115-AM115)/365>0,(S115-AM115)/365,"") | AY115: =U115=Z115+AD115+AH115 -> TRUE
F116: =IF(ISBLANK($E116), "", VLOOKUP($E116,참여인력_개요,2,FALSE)) | AB116: =IF(ISBLANK(X116),"",DATEDIF(S116,X116,"d")/365) | AO116: =IF((S116-AM116)/365>0,(S116-AM116)/365,"") | AY116: =U116=Z116+AD116+AH116 -> TRUE
F117: =IF(ISBLANK($E117), "", VLOOKUP($E117,참여인력_개요,2,FALSE)) | AB117: =IF(ISBLANK(X117),"",DATEDIF(S117,X117,"d")/365) | AO117: =IF((S117-AM117)/365>0,(S117-AM117)/365,"") | AY117: =U117=Z117+AD117+AH117 -> TRUE
F118: =IF(ISBLANK($E118), "", VLOOKUP($E118,참여인력_개요,2,FALSE)) | AB118: =IF(ISBLANK(X118),"",DATEDIF(S118,X118,"d")/365) | AO118: =IF((S118-AM118)/365>0,(S118-AM118)/365,"") | AY118: =U118=Z118+AD118+AH118 -> TRUE
F119: =IF(ISBLANK($E119), "", VLOOKUP($E119,참여인력_개요,2,FALSE)) | AB119: =IF(ISBLANK(X119),"",DATEDIF(S119,X119,"d")/365) | AO119: =IF((S119-AM119)/365>0,(S119-AM119)/365,"") | AY119: =U119=Z119+AD119+AH119 -> TRUE
F120: =IF(ISBLANK($E120), "", VLOOKUP($E120,참여인력_개요,2,FALSE)) | AB120: =IF(ISBLANK(X120),"",DATEDIF(S120,X120,"d")/365) | AO120: =IF((S120-AM120)/365>0,(S120-AM120)/365,"") | AY120: =U120=Z120+AD120+AH120 -> TRUE
F121: =IF(ISBLANK($E121), "", VLOOKUP($E121,참여인력_개요,2,FALSE)) | AB121: =IF(ISBLANK(X121),"",DATEDIF(S121,X121,"d")/365) | AO121: =IF((S121-AM121)/365>0,(S121-AM121)/365,"") | AY121: =U121=Z121+AD121+AH121 -> TRUE
F122: =IF(ISBLANK($E122), "", VLOOKUP($E122,참여인력_개요,2,FALSE)) | AB122: =IF(ISBLANK(X122),"",DATEDIF(S122,X122,"d")/365) | AO122: =IF((S122-AM122)/365>0,(S122-AM122)/365,"") | AY122: =U122=Z122+AD122+AH122 -> TRUE
... F498: =IF(ISBLANK($E498), "", VLOOKUP($E498,참여인력_개요,2,FALSE)) | AB498: =IF(ISBLANK(X498),"",DATEDIF(S498,X498,"d")/365) | AO498: =IF((S498-AM498)/365>0,(S498-AM498)/365,"") | AY498: =U498=Z498+AD498+AH498 -> TRUE

Sheet 3.2.3.일반운용인력 투자현황
A1: RFPID | B1: GPID | C1: FundMgrID | D1: LineNum | E1: FundMgrName | F1: BirthYMDS | G1: CompanyName | H1: WorkBegYMD | I1: WorkEndYMD | J1: JobTypeDesc | K1: IsFinder | L1: IsPostInvestMgr | M1: IsExitMgr | N1: FinancialResource | O1: InvtComName | Q1: MainIndustryDesc | R1: InvestYMD | S1: TujaTypeDesc | T1: InvestAmt | U1: IsCollectedDesc | V1: PropInvtComIRR | W1: CollectYMD | X1: CollectAmt | Y1: CollectBV | Z1: CollectMethodDesc | AB1: IsMarketableDesc | AC1: AmtBal | AD1: AmtBalValue | AE1: AmtBalValueDesc | AG1: OtherRemark | AH1: CurrentFundMgrName | AI1: CurrentFundMgrBuName | AJ1: CurrentFundMgrTelNo | AK1: InvComDate | AL1: StartComConf | AM1: StartInvYMD | AN1: StartComConf
E3: 일반 운용인력 | G3: 담당 기간 및 역할 | N3: 투자 | W3: 회수투자자산 | AB3: 미회수투자자산 | AF3: 손상차손 인식여부 | AG3: 손상차손 원금 | AH3: 검증사 | AK3: 피투자기업 설립일 | AM3: 설립 ~ 투자 | AN3: 주요 제품 및 서비스 | AO3: 투자펀드 내역(펀드계정일 경우) | AQ3: 투자원금 검증
A4: 모집단위ID | B4: 운용사ID | C4: 운용인력ID | D4: 순번 | E4: 성명 | F4: 생년월일 | G4: 재직회사명 | H4: 시작일 | I4: 종료일 | J4: 직무구분 | K4: 발굴및 투자검토 | L4: 사후 관리 | M4: 회수 | N4: 투자계정구분 | O4: 피투자기업명 | P4: 피투자기업 법인유형 | Q4: 피투자기업 주요산업분야 | R4: 투자일 | S4: 투자형태 | T4: 투자금액 | U4: 회수여부 | V4: 투자 수익률 (IRR) | W4: 최종회수일 | X4: 회수총액 | Y4: 투자원금 | Z4: 회수방법 | AA4: 투자기간 | AB4: 시장성유무 | AC4: 투자원금 | AD4: 가치 | AE4: 가치산출근거 | AH4: 사명 | AJ4: 연락처 | AO4: 펀드명 | AP4: 법적유형
E5: 0 | F5: 1 | G5: 2 | H5: 3 | I5: 4 | J5: 5 | K5: 6 | L5: 7 | M5: 8 | N5: 9 | O5: 10 | P5: 11 | Q5: 12 | R5: 13 | S5: 14 | T5: 15 | U5: 16 | V5: 17 | W5: 18 | X5: 19 | Y5: 20 | Z5: 21 | AA5: 22 | AB5: 23 | AC5: 24 | AD5: 25 | AE5: 26 | AF5: 27 | AG5: 28 | AH5: 29 | AI5: 30 | AJ5: 31 | AK5: 32 | AL5: 33 | AM5: 34 | AN5: 35 | AO5: 36 | AP5: 37
E11: 박00 | F11: =IF(ISBLANK($E11), "", VLOOKUP($E11,참여인력_개요,2,FALSE)) -> 28773 | G11: 마인베스트먼트㈜ | H11: 39630 | I11: 40179 | J11: 투자실무 | K11: YES | L11: NO | M11: NO | N11: 펀드계정 | O11: A기업 | P11: 국내설립법인 또는 해외현지법인 | Q11: 전자/반도체 | R11: 40179 | S11: CB | T11: 500 | U11: 회수료 | V11: 0.12 | W11: 43101 | X11: 400 | Y11: 500 | Z11: 코스닥 | AA11: =IF(ISBLANK(W11),"",DATEDIF(R11,W11,"d")/365) -> 8.0054795 | AB11: YES | AF11: 해당사항 없음 | AH11: 가인베스트먼트㈜ | AJ11: 0000-0000 | AK11: 36330 | AM11: =IF((R11-AK11)/365>0,(R11-AK11)/365,"") -> 10.545205 | AO11: 펀드1호 | AQ11: =T11=Y11+AC11+AG11 -> TRUE
E12: 최00 | F12: =IF(ISBLANK($E12), "", VLOOKUP($E12,참여인력_개요,2,FALSE)) -> 27677 | G12: 바인베스트먼트㈜ | H12: 38169 | I12: 37986 | J12: 투자실무 | K12: NO | L12: NO | M12: YES | N12: 펀드계정 | O12: C기업 | P12: 외국법인 | Q12: 통신/IT서비스 | R12: 42005 | S12: 기타 주식연계채권 | T12: 700 | U12: 회수료 | V12: 0.08 | W12: 43466 | X12: 300 | Y12: 300 | Z12: 상환 | AA12: =IF(ISBLANK(W12),"",DATEDIF(R12,W12,"d")/365) -> 4.0027397 | AB12: YES | AC12: 400 | AD12: 300 | AE12: 000주*@000원=000백만원(10.02.23종가기준) | AF12: 해당사항 없음 | AH12: 다인베스트먼트㈜ | AJ12: 0000-0000 | AK12: 40544 | AM12: =IF((R12-AK12)/365>0,(R12-AK12)/365,"") -> 4.0027397 | AO12: 펀드2호 | AQ12: =T12=Y12+AC12+AG12 -> TRUE
F13: =IF(ISBLANK($E13), "", VLOOKUP($E13,참여인력_개요,2,FALSE)) | AA13: =IF(ISBLANK(W13),"",DATEDIF(R13,W13,"d")/365) | AM13: =IF((R13-AK13)/365>0,(R13-AK13)/365,"") | AQ13: =T13=Y13+AC13+AG13 -> TRUE
F14: =IF(ISBLANK($E14), "", VLOOKUP($E14,참여인력_개요,2,FALSE)) | AA14: =IF(ISBLANK(W14),"",DATEDIF(R14,W14,"d")/365) | AM14: =IF((R14-AK14)/365>0,(R14-AK14)/365,"") | AQ14: =T14=Y14+AC14+AG14 -> TRUE
F15: =IF(ISBLANK($E15), "", VLOOKUP($E15,참여인력_개요,2,FALSE)) | AA15: =IF(ISBLANK(W15),"",DATEDIF(R15,W15,"d")/365) | AM15: =IF((R15-AK15)/365>0,(R15-AK15)/365,"") | AQ15: =T15=Y15+AC15+AG15 -> TRUE
F16: =IF(ISBLANK($E16), "", VLOOKUP($E16,참여인력_개요,2,FALSE)) | AA16: =IF(ISBLANK(W16),"",DATEDIF(R16,W16,"d")/365) | AM16: =IF((R16-AK16)/365>0,(R16-AK16)/365,"") | AQ16: =T16=Y16+AC16+AG16 -> TRUE
F17: =IF(ISBLANK($E17), "", VLOOKUP($E17,참여인력_개요,2,FALSE)) | AA17: =IF(ISBLANK(W17),"",DATEDIF(R17,W17,"d")/365) | AM17: =IF((R17-AK17)/365>0,(R17-AK17)/365,"") | AQ17: =T17=Y17+AC17+AG17 -> TRUE
F18: =IF(ISBLANK($E18), "", VLOOKUP($E18,참여인력_개요,2,FALSE)) | AA18: =IF(ISBLANK(W18),"",DATEDIF(R18,W18,"d")/365) | AM18: =IF((R18-AK18)/365>0,(R18-AK18)/365,"") | AQ18: =T18=Y18+AC18+AG18 -> TRUE
F19: =IF(ISBLANK($E19), "", VLOOKUP($E19,참여인력_개요,2,FALSE)) | AA19: =IF(ISBLANK(W19),"",DATEDIF(R19,W19,"d")/365) | AM19: =IF((R19-AK19)/365>0,(R19-AK19)/365,"") | AQ19: =T19=Y19+AC19+AG19 -> TRUE
F20: =IF(ISBLANK($E20), "", VLOOKUP($E20,참여인력_개요,2,FALSE)) | AA20: =IF(ISBLANK(W20),"",DATEDIF(R20,W20,"d")/365) | AM20: =IF((R20-AK20)/365>0,(R20-AK20)/365,"") | AQ20: =T20=Y20+AC20+AG20 -> TRUE
F21: =IF(ISBLANK($E21), "", VLOOKUP($E21,참여인력_개요,2,FALSE)) | AA21: =IF(ISBLANK(W21),"",DATEDIF(R21,W21,"d")/365) | AM21: =IF((R21-AK21)/365>0,(R21-AK21)/365,"") | AQ21: =T21=Y21+AC21+AG21 -> TRUE
F22: =IF(ISBLANK($E22), "", VLOOKUP($E22,참여인력_개요,2,FALSE)) | AA22: =IF(ISBLANK(W22),"",DATEDIF(R22,W22,"d")/365) | AM22: =IF((R22-AK22)/365>0,(R22-AK22)/365,"") | AQ22: =T22=Y22+AC22+AG22 -> TRUE
F23: =IF(ISBLANK($E23), "", VLOOKUP($E23,참여인력_개요,2,FALSE)) | AA23: =IF(ISBLANK(W23),"",DATEDIF(R23,W23,"d")/365) | AM23: =IF((R23-AK23)/365>0,(R23-AK23)/365,"") | AQ23: =T23=Y23+AC23+AG23 -> TRUE
F24: =IF(ISBLANK($E24), "", VLOOKUP($E24,참여인력_개요,2,FALSE)) | AA24: =IF(ISBLANK(W24),"",DATEDIF(R24,W24,"d")/365) | AM24: =IF((R24-AK24)/365>0,(R24-AK24)/365,"") | AQ24: =T24=Y24+AC24+AG24 -> TRUE
... F500: =IF(ISBLANK($E500), "", VLOOKUP($E500,참여인력_개요,2,FALSE)) | AA500: =IF(ISBLANK(W500),"",DATEDIF(R500,W500,"d")/365) | AM500: =IF((R500-AK500)/365>0,(R500-AK500)/365,"") | AQ500: =T500=Y500+AC500+AG500 -> TRUE

Sheet 3.3.참여인력 학력
A1: RFPID | B1: GPID | C1: FundMgrID | D1: LineNum | E1: FundMgrName | F1: BirthYMDS | G1: GraduationYMD | H1: SchoolName | I1: SchoolMajor | J1: SchoolDegree | K1: SchoolCountry
E3: 참여인력 | G3: 학력사항
A4: 모집단위ID | B4: 운용사ID | C4: 운용인력ID | D4: 순번 | E4: 성명 | F4: 생년월일 | G4: 졸업일/수료일 | H4: 졸업/수료 학교명 | I4: 학과(전공)명 | J4: 학위명 | K4: 취득국명
E11: 이00 | F11: =IF(ISBLANK($E11),"",VLOOKUP($E11,참여인력_개요,2,FALSE)) -> 25569 | G11: 36892 | H11: 00대학교 | I11: 경영학 | J11: 학사 | K11: 대한민국
E12: 이00 | F12: =IF(ISBLANK($E12),"",VLOOKUP($E12,참여인력_개요,2,FALSE)) -> 25569 | G12: 35065 | H12: 00고등학교 | K12: 대한민국
F13: =IF(ISBLANK($E13),"",VLOOKUP($E13,참여인력_개요,2,FALSE))
F14: =IF(ISBLANK($E14),"",VLOOKUP($E14,참여인력_개요,2,FALSE))
F15: =IF(ISBLANK($E15),"",VLOOKUP($E15,참여인력_개요,2,FALSE))
F16: =IF(ISBLANK($E16),"",VLOOKUP($E16,참여인력_개요,2,FALSE))
F17: =IF(ISBLANK($E17),"",VLOOKUP($E17,참여인력_개요,2,FALSE))
F18: =IF(ISBLANK($E18),"",VLOOKUP($E18,참여인력_개요,2,FALSE))
F19: =IF(ISBLANK($E19),"",VLOOKUP($E19,참여인력_개요,2,FALSE))
F20: =IF(ISBLANK($E20),"",VLOOKUP($E20,참여인력_개요,2,FALSE))
F21: =IF(ISBLANK($E21),"",VLOOKUP($E21,참여인력_개요,2,FALSE))
F22: =IF(ISBLANK($E22),"",VLOOKUP($E22,참여인력_개요,2,FALSE))
F23: =IF(ISBLANK($E23),"",VLOOKUP($E23,참여인력_개요,2,FALSE))
F24: =IF(ISBLANK($E24),"",VLOOKUP($E24,참여인력_개요,2,FALSE))
... F500: =IF(ISBLANK($E500),"",VLOOKUP($E500,참여인력_개요,2,FALSE))

Sheet 3.4.1.핵심운용인력 경력
A1: RFPID | B1: GPID | C1: FundMgrID | D1: LineNum | E1: FundMgrName | F1: BirthYMDS | H1: CompanyName | I1: BuName | J1: JobTitleName | K1: JobDesc | L1: WorkBegYMD | M1: WorkEndYMD | N1: WorkYears | O1: IsInvestCareer
E3: 핵심운용인력 | G3: 재직회사 및 담당업무 | L3: 담당기간 | O3: 투자관련 경력구분
A4: 모집단위ID | B4: 운용사ID | C4: 운용인력ID | D4: 순번 | E4: 성명 | F4: 생년월일 | G4: 재직회사 법인유형 | H4: 회사명 | I4: 부서명 | J4: 직위 | K4: 담당업무 | L4: 시작일 | M4: 종료일 | N4: 기간(년수) | P4: 담당기간 검증
E5: 0 | F5: 1 | G5: 2 | H5: 3 | I5: 4 | J5: 5 | K5: 6 | L5: 7 | M5: 8 | N5: 9 | O5: 10
E11: 이00 | F11: =IF(ISBLANK($E11),"",VLOOKUP($E11,참여인력_개요,2,FALSE)) -> 25569 | G11: 국내설립법인 | H11: 가인베스트먼트 | I11: 투자1본부 | J11: 팀장 | K11: 투자심사 | L11: 39448 | M11: =제안서작성기준일 -> 44347 | N11: =DATEDIF(L11,M11,"d")/365 -> 13.421918 | O11: A | P11: =IF(E11<>E12,"TRUE",IF(AND(LEN(E11)>0,E11=E12),IF(L11>M12,"TRUE","FALSE"),"")) -> TRUE
E12: 이00 | F12: =IF(ISBLANK($E12),"",VLOOKUP($E12,참여인력_개요,2,FALSE)) -> 25569 | G12: 국내설립법인 | H12: 나회계법인 | I12: 금융본부 | J12: 팀장 | K12: FAS | L12: 38353 | M12: 39447 | N12: =DATEDIF(L12,M12,"d")/365 -> 2.9972603 | O12: B | P12: =IF(E12<>E13,"TRUE",IF(AND(LEN(E12)>0,E12=E13),IF(L12>M13,"TRUE","FALSE"),"")) -> TRUE
E13: 이00 | F13: =IF(ISBLANK($E13),"",VLOOKUP($E13,참여인력_개요,2,FALSE)) -> 25569 | G13: 해외현지법인 | H13: 다인베스트먼트 | I13: 투자2본부 | J13: 팀장 | K13: 투자심사 | L13: 37622 | M13: 38352 | N13: =DATEDIF(L13,M13,"d")/365 -> 2 | O13: A | P13: =IF(E13<>E14,"TRUE",IF(AND(LEN(E13)>0,E13=E14),IF(L13>M14,"TRUE","FALSE"),"")) -> TRUE
